Workbook

Sheet CHARTS
E1: CHARTS
C20: REVENUE | I20: EXPENDITURE
C36: REVENUE
C53: EXPENDITURE

Sheet F. PERFORMANCE
B1: EKITI STATE OF NIGERIA
B2: STATEMENT OF FINANCIAL PERFORMANCE
B3: FOR THE YEAR ENDED 31ST DECEMBER, 2018
B5: ACTUAL (2017) | D5: NOTES | E5: ACTUAL 2018 | F5: FINAL BUDGET 2018 | G5: INITIAL BUDGET 2018 | H5: VARIANCE ON FINAL BUDGET
B6: ₦ | E6: ₦ | F6: ₦ | G6: ₦ | H6: ₦
C7: REVENUE
B8: 2.5352826e+10 | C8: Government Share of FAAC | D8: 1 | E8: ='FAAC (1)'!E21 -> 3.8019909e+10 | F8: 3.6566274e+10 | G8: 3.2970738e+10 | H8: =F8-E8 -> -1.4536342e+09
B9: 9.0590863e+09 | C9: Government Share of VAT | D9: 2 | E9: =VAT!E21 -> 1.0214625e+10 | F9: 11000000000 | G9: 10500000000 | H9: =F9-E9 -> 7.8537507e+08
B10: 9.2604197e+09 | C10: Other Statutory Revenue | D10: 3 | E10: ='FAAC (2)'!I20 -> 6.009176e+09 | F10: 2.1983123e+10 | G10: 23000000000 | H10: =F10-E10 -> 1.5973947e+10
B11: 4.3231981e+09 | C11: Tax Revenue | D11: 5 | E11: =IGR!E17 -> 4.7998467e+09 | F11: 4.7619029e+09 | G11: 4.62499e+09 | H11: =F11-E11 -> -37943828
B12: 7.5786559e+09 | C12: Non-Tax Revenue | D12: 5 | E12: =IGR!E28 -> 7.1493081e+09 | F12: 8.322455e+09 | G12: 6.8009545e+09 | H12: =F12-E12 -> 1.1731469e+09
B13: 0 | C13: Investment Income | D13: 6 | E13: ='OTHER REV.'!D8 -> 0 | F13: 0 | G13: 0 | H13: 0
B14: 0 | C14: Interest Earned | D14: 6 | E14: ='OTHER REV.'!D9 -> 0 | F14: 0 | G14: 0 | H14: 0
B15: 8.4132522e+08 | C15: Other Revenue | D15: 6 | E15: ='OTHER REV.'!D14 -> 2.4672238e+08 | F15: 0 | G15: 0 | H15: =F15-E15 -> -2.4672238e+08
B16: 75676284 | C16: Aids & Grants | D16: 7 | E16: ='OTHER REV.'!D21 -> 54468950 | F16: 2.4836948e+09 | G16: 2.4836948e+09 | H16: =F16-E16 -> 2.4292259e+09
B17: 300000000 | C17: Transfer from other Govt. Entities | D17: 8 | E17: ='OTHER REV.'!D32 -> 225000000 | F17: 300000000 | G17: 0 | H17: =F17-E17 -> 75000000
B18: =SUM(B8:B17) -> 5.6791188e+10 | C18: TOTAL REVENUE (A) | E18: =SUM(E8:E17) -> 6.6719056e+10 | F18: =SUM(F8:F17) -> 8.541745e+10 | G18: =SUM(G8:G17) -> 8.0380377e+10 | H18: =SUM(H8:H17) -> 1.8698395e+10
C20: EXPENDITURES
B21: 1.7871354e+10 | C21: Salaries and Wages | D21: 9 | E21: ='SALARIES '!F102 -> 1.7238669e+10 | F21: 2.2914273e+10 | G21: 2.0172718e+10 | H21: =F21-E21 -> 5.6756038e+09
B22: 6.7204309e+08 | C22: Allowances (Non Regular) | D22: 9 | E22: ='SALARIES '!F110 -> 4.265111e+08 | F22: 8.1247964e+08 | G22: 8.1247964e+08 | H22: =F22-E22 -> 3.8596854e+08
B23: 1.2750549e+08 | C23: Social Contributions | D23: 9 | E23: ='SALARIES '!F116 -> 1.2239593e+08 | F23: 250000000 | G23: 200000000 | H23: =F23-E23 -> 1.2760407e+08
B24: =6258211906.92-B23 -> 6.1307064e+09 | C24: Social Benefits | D24: 10 | E24: ='SOCIAL BENIFITS'!D11 -> 7.4930947e+09 | F24: 6.1500481e+09 | G24: 4.1500481e+09 | H24: =F24-E24 -> -1.3430466e+09
B25: 2.3247063e+09 | C25: Overhead Cost | D25: 12 | E25: =OVERHEAD!F207 -> 2.5206058e+09 | F25: 3.6087429e+09 | G25: 3.0448929e+09 | H25: =F25-E25 -> 1.0881371e+09
B26: 7.1061077e+09 | C26: Transfer to Other Funds (ToF) | D26: 13 | E26: =TOF!F71 -> 1.2242456e+10 | F26: 1.218646e+10 | G26: 1.0809337e+10 | H26: =F26-E26 -> -55996545
B27: 1.4330751e+10 | C27: Subvention/Grants/Contributions | D27: 14 | E27: =SUBVENTION!F19 -> 1.4308929e+10 | F27: 1.6859087e+10 | G27: 1.5320087e+10 | H27: =F27-E27 -> 2.550158e+09
B28: 3.0945719e+08 | C28: Depreciation Charges | D28: 15 | E28: ='DEPRECIATION '!D14-0.01 -> 1.5630281e+09 | F28: 0 | G28: 0 | H28: =F28-E28 -> -1.5630281e+09
B29: 0 | C29: Amortisation Charges | D29: 16 | E29: ='DEPRECIATION '!D23 -> 0 | F29: 0 | G29: 0 | H29: =F29-E29 -> 0
B30: 0 | C30: Transfer to other GovT Entities | D30: 9 | E30: ='OTHER REV.'!D40 -> 0 | F30: 0 | G30: 0 | H30: =F30-E30 -> 0
B31: 75676284 | C31: Project Finance by Aids & Grants | D31: 7 | E31: ='OTHER REV.'!D21 -> 54468950 | F31: 0 | G31: 0 | H31: =F31-E31 -> -54468950
B32: =SUM(B21:B31) -> 4.8948307e+10 | C32: TOTAL EXPENDITURE (B) | E32: =SUM(E21:E31) -> 5.5970159e+10 | F32: =SUM(F21:F31) -> 6.278109e+10 | G32: =SUM(G21:G31) -> 5.4509562e+10 | H32: =SUM(H21:H31) -> 6.8109314e+09
B34: =B18-B32 -> 7.8428811e+09 | C34: Surplus/(Deficit) from Operating Activities C=(A-B) | E34: =E18-E32 -> 1.0748897e+10 | F34: =F18-F32 -> 2.263636e+10 | G34: =G18-G32 -> 2.5870815e+10 | H34: =H18-H32 -> 1.1887463e+10
C35: Less:
B36: 3.2803022e+09 | C36: Capital Expenditure | D36: 16 | E36: ='CAPITAL COST'!E38 -> 1.2787146e+09 | F36: ='CAPITAL COST'!F38 -> 3910500000 | G36: 3910500000 | H36: =F36-E36 -> 2.6317854e+09
C37: Gain/(Loss) on Disposal of Assets | E37: 0 | H37: =F37-E37 -> 0
B38: 7.0889803e+09 | C38: Public Debt Charges | D38: 11 | E38: ='SOCIAL BENIFITS'!D21 -> 5.132033e+09 | F38: 1.2022864e+10 | G38: =F38 -> 1.2022864e+10 | H38: =F38-E38 -> 6.890831e+09
B39: =SUM(B36:B38) -> 1.0369283e+10 | C39: Total Non-Operating Revenue/(Expenses) (D) | E39: =SUM(E36:E38) -> 6.4107476e+09 | F39: =SUM(F36:F38) -> 1.5933364e+10 | G39: =SUM(G36:G38) -> 1.5933364e+10 | H39: =F39-E39 -> 9.5226164e+09
H40: =F40-E40 -> 0
B41: =B34-B39 -> -2.5264014e+09 | C41: NET SURPLUS/(DEFICIT) FOR THE PERIOD (C-D) | E41: =E34-E39 -> 4.3381496e+09 | F41: =F34-F39 -> 6.7029965e+09 | G41: =G34-G39 -> 9.9374507e+09 | H41: =H34-H39 -> 2.3648469e+09
B43: The accounting policies and notes to the accounts form an integral part of these Financial Statements.

Sheet F. POSITION 
B1: EKITI STATE OF NIGERIA
B2: STATEMENT OF FINANCIAL POSITION
B3: AS AT 31ST DECEMBER, 2018
C5: NOTES | D5: 31/12/2018 | E5: 31/12/2018 | F5: 31/12/2017 | G5: 31/12/2017
D6: ₦ | E6: ₦ | F6: ₦ | G6: ₦
B7: CURRENT ASSETS
B8: Current Assets
B9: Cash and Cash Equivalent | C9: 17 | D9: ='CASH BAL '!E118 -> 1.1951238e+10 | F9: 1.1384069e+10
B10: Inventories | C10: 18 | D10: ='INVENTORIES '!D15 -> 0 | F10: 0
B11: Receivables | C11: 19 | D11: ='INVENTORIES '!D21 -> 4.0392038e+09 | F11: 4.0274114e+09
B12: Prepayments/Arrears of Revenue | C12: 20 | D12: 0 | F12: 0
B13: TOTAL CURRENT ASSETS (A) | E13: =SUM(D9:D12) -> 1.5990442e+10 | G13: =SUM(F9:F12) -> 1.541148e+10
B15: NON-CURRENT ASSETS
B16: Investment (Bond Sinking Fund Account Balance) | C16: 21 | D16: ='BOND SINKING '!D27 -> 1596112000 | F16: 2561428000 | I16: =E13+D16+D17+D18 -> 3.6474497e+10
B17: Property Plant and Equipment (NBV) | C17: 22 | D17: ='PPE '!H20 -> 1.7310869e+10 | F17: 3.0611034e+09
B18: Work in Progress (PPE) | C18: 23 | D18: =WIP!G10 -> 1577074209 | F18: 6.7024439e+09
B19: TOTAL NON-CURRENT ASSETS (B) | E19: =D16+D17+D18 -> 2.0484055e+10 | G19: =F16+F17+F18 -> 1.2324975e+10
B20: TOTAL ASSETS (C=A+B) | E20: =E19+E13 -> 3.6474497e+10 | G20: =G19+G13 -> 2.7736455e+10
B22: LIABILITIES
B23: Current Liabilities:
B24: Deposits | D24: 0 | F24: 0
B25: Unremitted Deductions | C25: 24 | D25: =ACCRUALS!D9 -> 1.9109307e+09 | F25: 1.2657507e+09
B26: Payables | C26: 25 | D26: =ACCRUALS!D17 -> 1.8358501e+10 | F26: 1.7836924e+10
B27: Accrued Expenses | C27: 26 | D27: =ACCRUALS!D24 -> 4.0477988e+09 | F27: 4.5426964e+09
B28: TOTAL CURRENT LIABILITIES (D) | E28: =D27+D26+D25 -> 2.4317231e+10 | G28: =F24+F25+F26+F27 -> 2.3645371e+10
B30: Non-Current Liabilities
B31: Long Term Borrowings: Foreign Loan | C31: 27 | D31: ='F LOANS REPYT '!C39 -> 3.003453e+10 | F31: 2.0748175e+10
B32: Long Term Borrowings: Domestic Loan | C32: 28 | D32: ='D LOANS REPYT '!J19 -> 5.8067393e+10 | F32: 6.6957961e+10
B33: TOTAL NON-CURRENT LIABILITIES (E) | E33: =D31+D32 -> 8.8101923e+10 | G33: =F31+F32 -> 8.7706136e+10
B34: TOTAL LIABILITIES (F=D+E) | E34: =E33+E28 -> 1.1241915e+11 | G34: =G28+G33 -> 1.1135151e+11
B36: NET ASSETS (G=C-F) | E36: =E20-E34+1.27 -> -7.5944657e+10 | G36: =G20-G34 -> -8.3615052e+10
B38: NET ASSETS/EQUITY | K38: =E36-E42 -> -0.0024871826
B39: Reserves | D39: ='CHANGE IN EQUITY'!G19 -> -8.0282807e+10 | F39: -8.108865e+10
B40: Accumulated Surplus/(Deficit) | D40: ='CHANGE IN EQUITY'!F19 -> 4.3381496e+09 | F40: -2.5264014e+09
B41: Minority Interest | D41: 0 | F41: 0
B42: TOTAL NET ASSETS/EQUITY | E42: =D39+D40+D41 -> -7.5944657e+10 | G42: =F39+F40+F41 -> -8.3615052e+10
B45: The accounting policies and notes to the accounts form an integral part of these Financial Statements.

Sheet CASH FLOW
B1: EKITI STATE OF NIGERIA
B2: STATEMENT OF CASH FLOW
B3: FOR THE YEAR ENDED 31ST DECEMBER, 2018
C4: NOTES | D4: 2018 | F4: 2017
D5: ₦ | E5: ₦ | F5: ₦ | G5: ₦
B6: CASH FLOWS FROM OPERATING ACTIVITIES
B7: INFLOWS
B8: Government Share of FAAC | C8: 1 | D8: ='FAAC (1)'!E21 -> 3.8019909e+10 | F8: 2.5352826e+10
B9: Government Share of VAT | C9: 2 | D9: =VAT!E21 -> 1.0214625e+10 | F9: 9.0590863e+09
B10: Other Statutory Revenue | C10: 3 | D10: ='FAAC (2)'!I20 -> 6.009176e+09 | F10: 9.2604197e+09
B11: Tax Revenue | C11: 5 | D11: =IGR!E17 -> 4.7998467e+09 | F11: 4.3231981e+09
B12: Non-Tax Revenue | C12: 5 | D12: =IGR!E28 -> 7.1493081e+09 | F12: 7.5786559e+09
B13: Investment Income
B14: Interest Earned
B15: Other Revenue | C15: 6 | D15: ='OTHER REV.'!D14 -> 2.4672238e+08 | F15: 8.4132522e+08
B16: AID & Grants | C16: 7 | D16: ='OTHER REV.'!D21 -> 54468950 | F16: 75676284
B17: Transfer from other Government Entities | C17: 8 | D17: ='OTHER REV.'!D32 -> 225000000 | F17: 300000000
B18: TOTAL INFLOW FROM OPERATING ACTIVITIES (A) | E18: =D8+D9+D10+D11+D12+D15+D16+D17 -> 6.6719056e+10 | G18: =SUM(F8:F17) -> 5.6791188e+10
B20: OUTFLOWS
B21: Salaries and Wages | C21: 19 | D21: ='SALARIES (CASH)'!F105 -> 1.8450741e+10 | F21: 1.6869697e+10
B22: Allowances (Non Regular) | C22: 19 | D22: ='SALARIES (CASH)'!F112 -> 4.265111e+08 | F22: 6.7204309e+08
B23: Social Contributions | C23: 19 | D23: ='SALARIES (CASH)'!F118 -> 108000000 | F23: 63000000
B24: Social Benefits | C24: 20 | D24: ='SOCIAL BENIFITS (CASH)'!D12 -> 5.2719399e+09 | F24: =4785405022.31-63000000 -> 4.722405e+09
B25: Public Debt Charges | C25: 21 | D25: ='SOCIAL BENIFITS (CASH)'!D24 -> 5.3253118e+09 | F25: 7.0889803e+09
B26: Overhead Cost | C26: 22 | D26: ='OVERHEAD (CASH)'!F208 -> 2.6154563e+09 | F26: 2.2298558e+09
B27: Transfer to Other Funds | C27: 23 | D27: ='TOF (CASH)'!F73 -> 1.2356054e+10 | F27: 6.9925101e+09
B28: Subvention/Grants | C28: 24 | D28: ='SUBVENTION (CASH)'!F19 -> 1.4595378e+10 | F28: 1.4128843e+10
B29: Expenditure Financed by Aids & Grants | C29: 7 | D29: ='OTHER REV.'!D21 -> 54468950 | F29: 75676284
B30: Transfer to Other Governmnet Entities | F30: 0
B31: TOTAL OUTFLOW FROM OPERATING ACTIVITIES (B) | E31: =SUM(D21:D30) -> 5.9203861e+10 | G31: =SUM(F21:F30) -> 5.284301e+10
B32: NET CASH FLOW FROM OPERATING ACTIVITIES (C=A-B) | E32: =E18-E31 -> 7.5151945e+09 | G32: =G18-G31 -> 3.9481779e+09
B34: CASH FLOWS FROM INVESTING ACTIVITIES
B35: PURCHASE/CONSTRUCTION OF ASSETS:
B36: Administrative Sector | C36: 25 | D36: =-'CAPITAL (CASH)'!F135 -> -7.0253236e+08 | F36: -1.0697771e+09
B37: Economic Sector | C37: 25 | D37: =-'CAPITAL (CASH)'!F136 -> -8.3481379e+09 | F37: -1.0754937e+10
B38: Law and Justice Sector | C38: 25 | D38: =-'CAPITAL (CASH)'!F137 -> 0 | F38: 0
B39: Regional Sector | C39: 25 | D39: ='CAPITAL (CASH)'!F138 -> 0 | F39: -3.5162418e+08
B40: Social Service Sector | C40: 25 | D40: =-'CAPITAL (CASH)'!F139 -> -2.9154681e+09 | F40: -1.1769687e+09
B41: NET CASH FLOW FROM INVESTING ACTIVITIES | E41: =SUM(D36:D40) -> -1.1966138e+10 | G41: =SUM(F36:F40) -> -1.3353307e+10
B43: CASH FLOWS FROM FINANCING ACTIVITIES
B44: Proceeds from Foreign Loans | C44: 26 | D44: ='FOREIGN&LLOCAL LOAN'!E11 -> 9.7095511e+09 | F44: 4.0089261e+09
B45: Proceeds from Domestic Loans | C45: 27 | D45: ='FOREIGN&LLOCAL LOAN'!E18 -> 287500000 | F45: 8495000000
B46: Foreign Loans Repayments | C46: 28 | D46: =-'F LOANS REPYT '!F38 -> -4.2319634e+08 | F46: -6.0830646e+08
B47: Domestic Loans Repayment | C47: 29 | D47: =-'D LOANS REPYT '!G19 -> -6.8651262e+09 | F47: -4.6844489e+09
B48: NET CASH FLOW FROM FINANCING ACTIVITIES | E48: =SUM(D44:D47) -> 2.7087286e+09 | G48: =SUM(F44:F47) -> 7.2111708e+09
B50: NET CASH FLOW FROM ALL ACTIVITIES | E50: =E48+E41+E32 -> -1.7422153e+09 | G50: =G48+G41+G32 -> -2.1939581e+09
B52: CASH & ITS EQUIVALENT AS AT 1ST OF JANUARY | E52: 1.3693453e+10 | G52: 1.3578027e+10
B53: CASH & ITS EQUIVALENT AS AT 31ST DECEMBER | E53: =E52+E50 -> 1.1951238e+10 | G53: =G52+G50 -> 1.1384069e+10
E54: 1.3098337e+10
E55: =E54-E53 -> 1.1470994e+09
B56: The accounting policies and notes to the accounts form an integral part of these Financial Statements.

Sheet CHANGE IN EQUITY
B1: EKITI STATE OF NIGERIA
B2: STATEMENT OF CHANGE IN NET ASSETS/EQUITY
B3: FOR THE YEAR ENDED 31ST DECEMBER, 2018
C5: NOTES | D5: REVALUATION RESERVE | E5: TRANSLATION RESREVE | F5: ACCUMULATED SURPLUSES/DEFICITS | G5: TOTAL
D6: ₦ | E6: ₦ | F6: ₦ | G6: ₦
B7: Balance as at 31st December 2017 | G7: -8.3615052e+10
B8: Change in Accounting Policies | G8: =SUM(D8:F8) -> 0
B9: Restated Balance
B10: FIRS unremitted tax liability not recognised in 2017 closing balance | D10: -3.3655764e+08 | G10: =D10 -> -3.3655764e+08
B11: Reduction in the restated opening balance of Domestic Debt | D11: 2.3129416e+09 | G11: =D11 -> 2.3129416e+09
B12: Deficit on Revaluation of Investment (Bond Sinking Fund Account Balance) | C12: 35 | D12: ='BOND SINKING '!D26 -> -965316000 | G12: =D12 -> -965316000
B13: Additional Opening Cash Balance from MDAs | D13: 2.3093845e+09 | G13: =D13 -> 2.3093845e+09
B14: Net surplus/(deficit)for the Period | F14: ='F. PERFORMANCE'!E41 -> 4.3381496e+09
B15: Deficit on Revaluation of Property
B16: Investment Income not Recognised in the Statement of Financial Performance | D16: ='OTHER REV.'!D8 -> 0 | G16: =D16+E16+F16 -> 0
B17: Surplus on Revaluation of Investments
B18: Increase in Advances not Recognised in the Statement of Financial Performance | C18: 34 | D18: 11792418 | G18: =F18+E18+D18 -> 11792418
B19: Balance as at 31st December 2017 | F19: =F14 -> 4.3381496e+09 | G19: =SUM(G7:G18) -> -8.0282807e+10
E20: 1.3098337e+10
E21: =E20-#REF! -> #REF!
B23: The accounting policies and notes to the accounts form an integral part of these Financial Statements.

Sheet BUDGET&ACTUAL
B1: EKITI STATE OF NIGERIA
B2: STATEMENT OF COMPARISON OF BUDGET AND ACTUAL CASH
B3: FOR THE YEAR ENDED 31ST DECEMBER, 2018
C5: NOTES | D5: ACTUAL AMOUNT | E5: FINAL BUDGET | F5: INITIAL BUDGET | G5: VARIANCE ON FINAL BUDGET | H5: PERFORMANCE
D6: ₦ | E6: ₦ | F6: ₦ | G6: ₦ | H6: ₦
D7: A | E7: B | F7: C | G7: D=A-B | H7: A/B%
B8: OPENING BALANCE (A) | D8: =146938487.33+2309384537.52+11237130202.65 -> 1.3693453e+10 | E8: 7000000000 | F8: 7000000000 | G8: =E8-D8 -> -6.6934532e+09 | H8: =D8/E8% -> 195.62076
B9: RECEIPTS
B10: Government Share of FAAC | C10: 1 | D10: ='FAAC (1)'!E21 -> 3.8019909e+10 | E10: 3.6566274e+10 | F10: 3.2970738e+10 | G10: =E10-D10 -> -1.4536342e+09 | H10: =D10/E10% -> 103.97534
B11: Government Share of VAT | C11: 2 | D11: =VAT!C21 -> 1.0214625e+10 | E11: 11000000000 | F11: 10500000000 | G11: =E11-D11 -> 7.8537507e+08 | H11: =D11/E11% -> 92.860227
B12: Other Statutory Revenue | C12: 3 | D12: ='FAAC (2)'!I20 -> 6.009176e+09 | E12: 2.1983123e+10 | F12: =12000000000+2000000000+2000000000+7000000000 -> 23000000000 | G12: =E12-D12 -> 1.5973947e+10 | H12: =D12/E12% -> 27.335406
B13: Tax Revenue | C13: 5 | D13: =IGR!E17 -> 4.7998467e+09 | E13: =IGR!F17 -> 4.7619029e+09 | F13: =4624989954.21-0.38 -> 4.62499e+09 | G13: =E13-D13 -> -37943828 | H13: =D13/E13% -> 100.79682
B14: Non-Tax Revenue | C14: 5 | D14: =IGR!E28 -> 7.1493081e+09 | E14: =IGR!F28 -> 8.322455e+09 | F14: 6.8009545e+09 | G14: =E14-D14 -> 1.1731469e+09 | H14: =D14/E14% -> 85.903836
B15: Other Revenue | C15: 6 | D15: ='OTHER REV.'!D14 -> 2.4672238e+08 | E15: 0 | G15: =E15-D15 -> -2.4672238e+08 | H15: 0
B16: AID & Grants | C16: 7 | D16: ='OTHER REV.'!D21 -> 54468950 | E16: 2.4836948e+09 | F16: =1200000000+1283694816.87 -> 2.4836948e+09 | G16: =E16-D16 -> 2.4292259e+09 | H16: 0
B17: Transfer from other Government Entities | C17: 8 | D17: ='OTHER REV.'!D32 -> 225000000 | E17: ='OTHER REV.'!E31 -> 300000000 | G17: =E17-D17 -> 75000000 | H17: 0
B18: Proceeds from Foreign Loans | C18: 26 | D18: ='FOREIGN&LLOCAL LOAN'!E11 -> 9.7095511e+09 | E18: 1.3120622e+10 | F18: =3644179121.66+4586989085.28-0.44 -> 8.2311682e+09 | G18: =E18-D18 -> 3.4110713e+09 | H18: =D18/E18% -> 74.002215
B19: Proceeds from Domestic Loans | C19: 27 | D19: ='FOREIGN&LLOCAL LOAN'!E18 -> 287500000 | E19: 2000000000 | F19: 2000000000 | G19: =E19-D19 -> 1712500000 | H19: =D19/E19% -> 14.375
B20: Other Capital Receipts | E20: 1000000000 | F20: 1000000000 | G20: =E20-D20 -> 1000000000 | H20: 0
B21: TOTAL RECEIPTS (B) | D21: =SUM(D10:D20) -> 7.6716107e+10 | E21: =SUM(E10:E20) -> 1.0153807e+11 | F21: =SUM(F10:F20) -> 9.1611545e+10 | G21: =SUM(G10:G19) -> 2.3821966e+10 | H21: =D21/E21% -> 75.554031
B22: TOTAL FUND AVAILABLE C=(A+B) | D22: =D8+D21 -> 9.040956e+10 | E22: =E8+E21 -> 1.0853807e+11 | F22: =F8+F21 -> 9.8611545e+10 | G22: =G8+G21 -> 1.7128513e+10 | H22: =D22/E22% -> 83.297554
B23: PAYMENTS
B24: Salaries and Wages | C24: 19 | D24: ='SALARIES (CASH)'!F105 -> 1.8450741e+10 | E24: ='SALARIES '!G102 -> 2.2914273e+10 | F24: =20985197259.4-F25 -> 2.0172718e+10 | G24: =E24-D24 -> 4.4635317e+09 | H24: =D24/E24% -> 80.520736
B25: Allowances (Non Regular) | C25: 19 | D25: ='SALARIES (CASH)'!F112 -> 4.265111e+08 | E25: ='SALARIES '!G110 -> 8.1247964e+08 | F25: =22303040.79+203744932.94+584431670.76+2000000 -> 8.1247964e+08 | G25: =E25-D25 -> 3.8596854e+08 | H25: =D25/E25% -> 52.494989
B26: Social Contributions | C26: 19 | D26: ='SALARIES (CASH)'!F118 -> 108000000 | E26: ='SALARIES (CASH)'!G118 -> 250000000 | F26: =100000000+100000000 -> 200000000 | G26: =E26-D26 -> 142000000 | H26: =D26/E26% -> 43.2
B27: Social Benefits | C27: 20 | D27: ='SOCIAL BENIFITS (CASH)'!D12 -> 5.2719399e+09 | E27: ='SOCIAL BENIFITS'!E11 -> 6.1500481e+09 | F27: =3100000000+1000000000+50048060.09 -> 4.1500481e+09 | G27: =E27-D27 -> 878108160 | H27: =D27/E27% -> 85.72193
B28: Overhead Cost | C28: 22 | D28: ='OVERHEAD (CASH)'!F208 -> 2.6154563e+09 | E28: =OVERHEAD!G207 -> 3.6087429e+09 | F28: =50000000+2994892881.73 -> 3.0448929e+09 | G28: =E28-D28 -> 9.9328658e+08 | H28: =D28/E28% -> 72.475551
B29: Transfer to Other Fund | C29: 23 | D29: ='TOF (CASH)'!F73 -> 1.2356054e+10 | E29: 1.218646e+10 | F29: 1.0809337e+10 | G29: =E29-D29 -> -1.695942e+08 | H29: =D29/E29% -> 101.39166
B30: Subvention/Grants/Contributions | C30: 24 | D30: ='SUBVENTION (CASH)'!F19 -> 1.4595378e+10 | E30: =SUBVENTION!G19 -> 1.6859087e+10 | F30: =4128010058.12+10829583372.93+362493516.38 -> 1.5320087e+10 | G30: =E30-D30 -> 2.2637086e+09 | H30: =D30/E30% -> 86.572769
B31: Expenditure Financed by Aids & Grants | C31: 7 | D31: ='OTHER REV.'!D21 -> 54468950 | E31: 0 | G31: =E31-D31 -> -54468950 | H31: 0 | K31: =D33+D29 -> 2.4322192e+10
B32: Transfer to Other Governmnet Entities | C32: 9 | D32: ='OTHER REV.'!D40 -> 0 | E32: 0 | G32: =E32-D32 -> 0 | H32: 0
B33: Purchase/Construction of Assets | C33: 25 | D33: ='CAPITAL (CASH)'!F140 -> 1.1966138e+10 | E33: 3.3734119e+10 | F33: 3.2079119e+10 | G33: =E33-D33 -> 2.176798e+10 | H33: =D33/E33% -> 35.471916
B34: Public Debt Charges | C34: 21 | D34: ='SOCIAL BENIFITS (CASH)'!D24 -> 5.3253118e+09 | G34: 0 | H34: 0
B35: Foreign Loan Repayments | C35: 28 | D35: ='F LOANS REPYT '!F38 -> 4.2319634e+08 | E35: ='SOCIAL BENIFITS (CASH)'!E24 -> 1.2022864e+10 | F35: =550000000+11472863958.4 -> 1.2022864e+10 | G35: =E35-D34-D35-D36 -> -5.9077034e+08 | H35: =(D34+D35+D36)/E35% -> 104.91372
B36: Domestic Loan Repayments | C36: 29 | D36: ='D LOANS REPYT '!G19 -> 6.8651262e+09 | E36: 0 | G36: 0 | H36: 0
B37: TOTAL PAYMENTS | D37: =SUM(D24:D36) -> 7.8458322e+10 | E37: =SUM(E24:E36) -> 1.0853807e+11 | F37: =SUM(F24:F36) -> 9.8611545e+10 | G37: =SUM(G24:G36) -> 3.0079751e+10 | H37: =D37/E37% -> 72.286452
B38: NET RECEIPTS | D38: =D22-D37 -> 1.1951238e+10 | E38: =E22-E37 -> 0 | F38: =F22-F37 -> 0 | G38: =G22-G37 -> -1.2951238e+10 | H38: 0
B40: NOTE: The Statement of Comparison of Budget and Actual Amount above is prepared on Cash Basis same as Budget.
E43: =D30-5610758861.31 -> 8.9846195e+09

Sheet FAAC (1)
B1: EKITI STATE OF NIGERIA
B2: FINANCIAL STATEMENTS FOR THE YEAR ENDED 31ST DECEMBER, 2018
B3: NOTES TO THE FINANCIAL STATEMENTS
B4: NOTE 1: STATUTORY ALLOCATION (FAAC)
B6: MONTH | C6: 2018 | F6: 2017
C7: NET RECEIPT | D7: DEDUCTION AT SOURCE | E7: TOTAL | F7: NET RECEIPT | G7: DEDUCTION AT SOURCE | H7: TOTAL
C8: ₦ | D8: ₦ | E8: ₦ | F8: ₦ | G8: ₦ | H8: ₦
B9: JANUARY | C9: 2.0383187e+09 | D9: 9.6979522e+08 | E9: =D9+C9 -> 3.0081139e+09 | F9: 2.8097335e+08 | G9: 9.8389852e+08 | H9: =G9+F9 -> 1.2648719e+09
B10: FEBRUARY | C10: 1.966809e+09 | D10: 1.0155345e+09 | E10: =D10+C10 -> 2.9823435e+09 | F10: 5.3519341e+08 | G10: 1.0577384e+09 | H10: =G10+F10 -> 1.5929318e+09
B11: MARCH | C11: 2.1061572e+09 | D11: 9.7444449e+08 | E11: =D11+C11 -> 3.0806017e+09 | F11: 3.8961332e+08 | G11: 1.0166259e+09 | H11: =G11+F11 -> 1.4062392e+09
B12: APRIL | C12: 1.6852947e+09 | D12: 9.7444449e+08 | E12: =D12+C12 -> 2.6597392e+09 | F12: 6.1595855e+08 | G12: 1.0166259e+09 | H12: =G12+F12 -> 1.6325845e+09
B13: MAY | C13: 2.2890773e+09 | D13: 1.015557e+09 | E13: =D13+C13 -> 3.3046343e+09 | F13: 4.3056619e+08 | G13: 1.0577384e+09 | H13: =G13+F13 -> 1.4883046e+09
B14: JUNE | C14: 2.2399626e+09 | D14: 9.7444449e+08 | E14: =D14+C14 -> 3.2144071e+09 | F14: 7.4961034e+08 | G14: 1.0166259e+09 | H14: =G14+F14 -> 1.7662363e+09
B15: JULY | C15: 2.3704892e+09 | D15: 9.7444449e+08 | E15: =D15+C15 -> 3.3449337e+09 | F15: 2.2710102e+09 | G15: 1.0166259e+09 | H15: =G15+F15 -> 3.2876362e+09
B16: AUGUST | C16: 2.2082002e+09 | D16: 1.0188164e+09 | E16: =D16+C16 -> 3.2270166e+09 | F16: 1.1470889e+09 | G16: 1.0230179e+09 | H16: =G16+F16 -> 2.1701067e+09
B17: SEPTEMBER | C17: 2.3098862e+09 | D17: 9.7770389e+08 | E17: =D17+C17 -> 3.2875901e+09 | F17: 2.1348952e+09 | G17: 9.8190537e+08 | H17: =G17+F17 -> 3.1168006e+09
B18: OCTOBER | C18: 2.5691043e+09 | D18: 5.8050708e+08 | E18: =D18+C18 -> 3.1496114e+09 | F18: 1.3988687e+09 | G18: 9.6979522e+08 | H18: =G18+F18 -> 2.3686639e+09
B19: NOVEMBER | C19: 2.7796696e+09 | D19: 6.2161958e+08 | E19: =D19+C19 -> 3.4012892e+09 | F19: 1.2788215e+09 | G19: 1.0109077e+09 | H19: =G19+F19 -> 2.2897292e+09
B20: DECEMBER | C20: 2.7791209e+09 | D20: 5.8050708e+08 | E20: =D20+C20 -> 3.359628e+09 | F20: 1.9989263e+09 | G20: 9.6979522e+08 | H20: =G20+F20 -> 2.9687215e+09
B21: TOTAL | C21: =SUM(C9:C20) -> 2.734209e+10 | D21: =SUM(D9:D20) -> 1.0677819e+10 | E21: =SUM(E9:E20) -> 3.8019909e+10 | F21: =SUM(F9:F20) -> 1.3231526e+10 | G21: =SUM(G9:G20) -> 1.21213e+10 | H21: =SUM(H9:H20) -> 2.5352826e+10

Sheet VAT
B1: EKITI STATE OF NIGERIA
B2: FINANCIAL STATEMENTS FOR THE YEAR ENDED 31ST DECEMBER, 2018
B3: NOTES TO THE FINANCIAL STATEMENTS
B4: NOTE 2: VALUE ADDED TAX
B6: MONTH | C6: 2018 | F6: 2017
C7: NET RECEIPT | D7: DEDUCTION AT SOURCE | E7: TOTAL | F7: NET RECEIPT | G7: DEDUCTION AT SOURCE | H7: TOTAL
C8: ₦ | D8: ₦ | E8: ₦ | F8: ₦ | G8: ₦ | H8: ₦
B9: JANUARY | C9: 7.8061266e+08 | D9: 0 | E9: =D9+C9 -> 7.8061266e+08 | F9: 7.3517602e+08 | G9: 0 | H9: =F9+G9 -> 7.3517602e+08
B10: FEBRUARY | C10: 8.9573607e+08 | D10: 0 | E10: =D10+C10 -> 8.9573607e+08 | F10: 6.7653062e+08 | G10: 0 | H10: =F10+G10 -> 6.7653062e+08
B11: MARCH | C11: 8.3673786e+08 | D11: 0 | E11: =D11+C11 -> 8.3673786e+08 | F11: 6.5922643e+08 | G11: 0 | H11: =F11+G11 -> 6.5922643e+08
B12: APRIL | C12: 7.7982923e+08 | D12: 0 | E12: =D12+C12 -> 7.7982923e+08 | F12: 7.3909572e+08 | G12: 0 | H12: =F12+G12 -> 7.3909572e+08
B13: MAY | C13: 8.0836225e+08 | D13: 0 | E13: =D13+C13 -> 8.0836225e+08 | F13: 7.9113409e+08 | G13: 0 | H13: =F13+G13 -> 7.9113409e+08
B14: JUNE | C14: 8.9599773e+08 | D14: 0 | E14: =D14+C14 -> 8.9599773e+08 | F14: 7.4589355e+08 | G14: 0 | H14: =F14+G14 -> 7.4589355e+08
B15: JULY | C15: 8.1853888e+08 | D15: 0 | E15: =D15+C15 -> 8.1853888e+08 | F15: 7.7496289e+08 | G15: 0 | H15: =F15+G15 -> 7.7496289e+08
B16: AUGUST | C16: 7.4410907e+08 | D16: 0 | E16: =D16+C16 -> 7.4410907e+08 | F16: 7.5789703e+08 | G16: 0 | H16: =F16+G16 -> 7.5789703e+08
B17: SEPTEMBER | C17: 1.0840583e+09 | D17: 0 | E17: =D17+C17 -> 1.0840583e+09 | F17: 8.1147619e+08 | G17: 0 | H17: =F17+G17 -> 8.1147619e+08
B18: OCTOBER | C18: 7.5179523e+08 | D18: 0 | E18: =D18+C18 -> 7.5179523e+08 | F18: 7.6782498e+08 | G18: 0 | H18: =F18+G18 -> 7.6782498e+08
B19: NOVEMBER | C19: 9.7494262e+08 | D19: 0 | E19: =D19+C19 -> 9.7494262e+08 | F19: 8.4000674e+08 | G19: 0 | H19: =F19+G19 -> 8.4000674e+08
B20: DECEMBER | C20: 8.4390501e+08 | D20: 0 | E20: =D20+C20 -> 8.4390501e+08 | F20: 7.5986201e+08 | G20: 0 | H20: =F20+G20 -> 7.5986201e+08
B21: TOTAL | C21: =SUM(C9:C20) -> 1.0214625e+10 | D21: =SUM(D9:D20) -> 0 | E21: =SUM(E9:E20) -> 1.0214625e+10 | F21: =SUM(F9:F20) -> 9.0590863e+09 | G21: =SUM(G9:G20) -> 0 | H21: =SUM(H9:H20) -> 9.0590863e+09

Sheet FAAC (2)
A1: EKITI STATE OF NIGERIA
A2: FINANCIAL STATEMENTS FOR THE YEAR ENDED 31ST DECEMBER, 2018
A3: NOTES TO THE FINANCIAL STATEMENTS
A4: NOTE 3: OTHER STATUTORY ALLOCATION & TRANSFERS (FAAC)
A6: MONTH | B6: EXCESS CRUDE REFUND | C6: EXCHANGE RATE GAIN | D6: PARIS (NGF) REFUND | E6: FOREX EQUALIZATION | F6: RECOVERED EXCESS BANK CHARGES | G6: PARIS CLUB REFUND | H6: NNPC FUND | I6: TOTAL
B7: ₦ | C7: ₦ | D7: ₦ | E7: ₦ | F7: ₦ | G7: ₦ | H7: ₦ | I7: ₦
A8: JANUARY | B8: 0 | C8: 1.6864989e+08 | D8: 0 | E8: 0 | F8: 12214466 | G8: 0 | H8: 0 | I8: =SUM(B8:H8) -> 1.8086436e+08
A9: FEBRUARY | B9: 0 | C9: 0 | D9: 0 | E9: 0 | F9: 0 | G9: 0 | H9: 0 | I9: =SUM(B9:H9) -> 0
A10: MARCH | B10: 0 | C10: 0 | D10: 0 | E10: 0 | F10: 4123583.6 | G10: 0 | H10: 0 | I10: =SUM(B10:H10) -> 4123583.6
A11: APRIL | B11: 0 | C11: 0 | D11: 400000746 | E11: 3.4273806e+08 | F11: 0 | G11: 0 | H11: 0 | I11: =SUM(B11:H11) -> 7.4273881e+08
A12: MAY | B12: 0 | C12: 2639083.4 | D12: 0 | E12: 0 | F12: 0 | G12: 0 | H12: 61770917 | I12: =SUM(B12:H12) -> 64410000
A13: JUNE | B13: 0 | C13: 0 | D13: 0 | E13: 0 | F13: 0 | G13: 0 | H13: 0 | I13: =SUM(B13:H13) -> 0
A14: JULY | B14: 0 | C14: 0 | D14: 0 | E14: 1.3533972e+08 | F14: 46120017 | G14: 0 | H14: 0 | I14: =SUM(B14:H14) -> 1.8145973e+08
A15: AUGUST | B15: 0 | C15: 1.3718317e+08 | D15: 0 | E15: 0 | F15: 0 | G15: 0 | H15: 65775880 | I15: =SUM(B15:H15) -> 2.0295905e+08
A16: SEPTEMBER | B16: 0 | C16: 898372.7 | D16: 0 | E16: 0 | F16: 0 | G16: 0 | H16: 0 | I16: =SUM(B16:H16) -> 898372.7
A17: OCTOBER | B17: 1.1796865e+08 | C17: 1523671.8 | D17: 0 | E17: =14711738.67+141385779.29 -> 1.5609752e+08 | F17: 27738943 | G17: 0 | H17: 0 | I17: =SUM(B17:H17) -> 3.0332878e+08
A18: NOVEMBER | B18: 0 | C18: 4444980.7 | D18: 0 | E18: 0 | F18: 0 | G18: 0 | H18: 0 | I18: =SUM(B18:H18) -> 4444980.7
A19: DECEMBER | B19: 0 | C19: 5983272.5 | D19: 0 | E19: =115982770.89+267709861.47 -> 3.8369263e+08 | F19: 0 | G19: 3.9342724e+09 | H19: 0 | I19: =SUM(B19:H19) -> 4.3239483e+09
A20: TOTAL | B20: =SUM(B8:B19) -> 1.1796865e+08 | C20: =SUM(C8:C19) -> 3.2132244e+08 | D20: =SUM(D8:D19) -> 400000746 | E20: =SUM(E8:E19) -> 1.0178679e+09 | F20: =SUM(F8:F19) -> 90197009 | G20: =SUM(G8:G19) -> 3.9342724e+09 | H20: =SUM(H8:H19) -> 1.275468e+08 | I20: =SUM(I8:I19) -> 6.009176e+09

Sheet FAAC DEDUC 
B1: EKITI STATE OF NIGERIA
B2: FINANCIAL STATEMENTS FOR THE YEAR ENDED 31ST DECEMBER, 2018
B3: NOTES TO THE FINANCIAL STATEMENTS
B4: NOTE 4: FACILITIES REPAYMENT; DEDUCTION AT SOURCE (FAAC)
B6: MONTH | C6: CONTRACTUAL OBLIGATION | D6: FOREIGN LOAN | E6: NUWSR PROJECT | F6: BOND ISSUANCE PROGRAMME 2 | G6: RESTRUCTURING OF COMM. BANK LOAN | H6: FG BAIL OUT | I6: EXCESS CRUDE LOAN | J6: TOTAL
C7: ₦ | D7: ₦ | E7: ₦ | F7: ₦ | G7: ₦ | H7: ₦ | I7: ₦ | J7: ₦
B8: JANUARY | C8: 397196808 | D8: 45608595 | E8: 0 | F8: 1.02458e+08 | G8: 2.4815365e+08 | H8: 86405567 | I8: 89972596 | J8: =SUM(C8:I8) -> 9.6979522e+08
B9: FEBRUARY | C9: 397196808 | D9: 50235412 | E9: 41112500 | F9: 1.02458e+08 | G9: 2.4815365e+08 | H9: 86405567 | I9: 89972596 | J9: =SUM(C9:I9) -> 1.0155345e+09
B10: MARCH | C10: 397196808 | D10: 50257868 | E10: 0 | F10: 1.02458e+08 | G10: 2.4815365e+08 | H10: 86405567 | I10: 89972596 | J10: =SUM(C10:I10) -> 9.7444449e+08
B11: APRIL | C11: 397196808 | D11: 50257868 | E11: 0 | F11: 1.02458e+08 | G11: 2.4815365e+08 | H11: 86405567 | I11: 89972596 | J11: =SUM(C11:I11) -> 9.7444449e+08
B12: MAY | C12: 397196808 | D12: 50257868 | E12: 41112500 | F12: 1.02458e+08 | G12: 2.4815365e+08 | H12: 86405567 | I12: 89972596 | J12: =SUM(C12:I12) -> 1.015557e+09
B13: JUNE | C13: 397196808 | D13: 50257868 | E13: 0 | F13: 1.02458e+08 | G13: 2.4815365e+08 | H13: 86405567 | I13: 89972596 | J13: =SUM(C13:I13) -> 9.7444449e+08
B14: JULY | C14: 397196808 | D14: 50257868 | E14: 0 | F14: 1.02458e+08 | G14: 2.4815365e+08 | H14: 86405567 | I14: 89972596 | J14: =SUM(C14:I14) -> 9.7444449e+08
B15: AUGUST | C15: 397196808 | D15: 53517269 | E15: 41112500 | F15: 1.02458e+08 | G15: 2.4815365e+08 | H15: 86405567 | I15: 89972596 | J15: =SUM(C15:I15) -> 1.0188164e+09
B16: SEPTEMBER | C16: 397196808 | D16: 53517269 | E16: 0 | F16: 1.02458e+08 | G16: 2.4815365e+08 | H16: 86405567 | I16: 89972596 | J16: =SUM(C16:I16) -> 9.7770389e+08
B17: OCTOBER | C17: 0 | D17: 53517269 | E17: 0 | F17: 1.02458e+08 | G17: 2.4815365e+08 | H17: 86405567 | I17: 89972596 | J17: =SUM(C17:I17) -> 5.8050708e+08
B18: NOVEMBER | C18: 0 | D18: 53517269 | E18: 41112500 | F18: 1.02458e+08 | G18: 2.4815365e+08 | H18: 86405567 | I18: 89972596 | J18: =SUM(C18:I18) -> 6.2161958e+08
B19: DECEMBER | C19: 0 | D19: 53517269 | F19: 1.02458e+08 | G19: 2.4815365e+08 | H19: 86405567 | I19: 89972596 | J19: =SUM(C19:I19) -> 5.8050708e+08
B20: TOTAL | C20: =SUM(C8:C19) -> 3574771272 | D20: =SUM(D8:D19) -> 6.1471969e+08 | E20: =SUM(E8:E19) -> 164450000 | F20: =SUM(F8:F19) -> 1.229496e+09 | G20: =SUM(G8:G19) -> 2.9778438e+09 | H20: =SUM(H8:H19) -> 1.0368668e+09 | I20: =SUM(I8:I19) -> 1.0796711e+09 | J20: =SUM(J8:J19) -> 1.0677819e+10
G23: =C20+F20+G20+H20+I20+E20 -> 1.0063099e+10

Sheet IGR
B1: EKITI STATE OF NIGERIA
B2: FINANCIAL STATEMENTS FOR THE YEAR ENDED 31ST DECEMBER, 2018
B3: NOTES TO THE FINANCIAL STATEMENTS
B4: NOTE 5A: INTERNALY GENERATED REVENUE (IGR)
B6: ECONOMIC CODE | C6: HEAD | D6: DETAILS | E6: ACTUAL | F6: BUDGET | H6: VARIANCE
E7: ₦ | F7: ₦ | G7: X | H7: ₦
D8: TAX REVENUE
B9: 1201 | C9: 401 | D9: Taxes:
B10: 12010101 | D10: Pay AsYou Earn | E10: =4151774261.97+41632087.53 -> 4.1934063e+09 | F10: 3.9801989e+09 | G10: 3.7801989e+09 | H10: =F10-E10 -> -2.132074e+08
B11: 12010112 | D11: Direct Assessment | E11: 1.6358303e+08 | F11: 350000000 | G11: 350000000 | H11: =F11-E11 -> 1.8641697e+08
B12: 12010106 | D12: Development Levy | E12: =21941922.74 -> 21941923 | F12: 1.1021701e+08 | G12: 1.1021701e+08 | H12: =F12-E12 -> 88275089
B13: 12010106 | D13: Ekiti Comm Dev. Levy (TREASURY) | E13: 79337888 | F13: 0 | G13: 0 | H13: =F13-E13 -> -79337888
B14: 12010107 | D14: Capital Gains Tax | E14: 166803.8 | F14: 150000 | G14: 150000 | H14: =F14-E14 -> -16803.8
B15: 12010110 | D15: Withholding Tax | E15: 2.6182781e+08 | F15: 3.2133693e+08 | G15: 3.2133693e+08 | H15: =F15-E15 -> 59509116
D16: Tax Audit | E16: 79582915 | G16: 63087067 | H16: =F16-E16 -> -79582915
D17: TOTAL TAX REVENUE | E17: =SUM(E10:E16) -> 4.7998467e+09 | F17: =SUM(F10:F16) -> 4.7619029e+09 | H17: =SUM(H10:H16) -> -37943828
B18: 1202 | D18: NON TAX REVENUE
B19: 120204 | C19: 402 | D19: Fees and Fines | E19: ='NON TAX IGR'!E73 -> 1.0452646e+09 | F19: ='NON TAX IGR'!F73 -> 1.9516328e+09 | H19: =F19-E19 -> 9.063682e+08
B20: 120201 | C20: 403 | D20: Licences | E20: ='NON TAX IGR'!E81 -> 1.5826467e+08 | F20: ='NON TAX IGR'!F81 -> 1.5226723e+08 | H20: =F20-E20 -> -5997441.2
B21: 120207 | C21: 404 | D21: Earnings and Sales | E21: ='NON TAX IGR'!E115 -> 65996570 | F21: ='NON TAX IGR'!F115 -> 1.7026661e+08 | H21: =F21-E21 -> 1.0427004e+08
B22: 120208 | C22: 405 | D22: Rent on Govt. Properties | E22: ='NON TAX IGR'!E124 -> 1.1382591e+08 | F22: ='NON TAX IGR'!F124 -> 23483810 | H22: =F22-E22 -> -90342095
B23: 120211 | C23: 406 | D23: Government Investment (Dividend) | E23: ='NON TAX IGR'!E131 -> 57704170 | F23: ='NON TAX IGR'!F131 -> 73087067 | H23: =F23-E23 -> 15382898
B24: 120213 | C24: 407 | D24: Reimbursement | E24: 0 | F24: 0 | H24: =F24-E24 -> 0
B25: 120212 | C25: 408 | D25: Miscellaneous | E25: ='NON TAX IGR'!E138 -> 1297548 | F25: ='NON TAX IGR'!F138 -> 2588501.3 | H25: =F25-E25 -> 1290953.3
B26: 120206 | D26: Sales of unserviceable assets | E26: 0 | F26: 0 | H26: =F26-E26 -> 0
C27: 409 | D27: Parastatals | E27: ='NON TAX IGR'!E155 -> 5.7069546e+09 | F27: ='NON TAX IGR'!F155 -> 5.949129e+09 | H27: =F27-E27 -> 2.4217432e+08
D28: TOTAL NON-TAX REVENUE | E28: =SUM(E19:E27) -> 7.1493081e+09 | F28: =SUM(F19:F27) -> 8.322455e+09 | H28: =SUM(H19:H27) -> 1.1731469e+09
D29: TOTAL | E29: =E28+E17 -> 1.1949155e+10 | F29: =F28+F17 -> 1.3084358e+10 | H29: =H28+H17 -> 1.135203e+09

Sheet NON TAX IGR
A1: EKITI STATE OF NIGERIA
A2: FINANCIAL STATEMENTS FOR THE YEAR ENDED 31ST DECEMBER, 2018
A3: NOTES TO THE FINANCIAL STATEMENTS
A4: NOTE 5B: DETAILS OF NON-TAX REVENUE (IGR)
B5: ADMIN CODE | C5: MDAs | D5: FUNCTIONAL CODE | E5: ACTUAL | F5: BUDGET | G5: VARIANCE
E6: ₦ | F6: ₦ | G6: ₦
C7: 402 FINE AND FEES
B8: 011100100100 | C8: GOVERNOR OFFICE ( GAD ) | D8: 70111 | F8: 20385013 | G8: =F8-E8 -> 20385013
B9: 011100800100 | C9: STATE EMERGENCY MANAGEMENT AGENCY (SEMA) | D9: 70111 | G9: =F9-E9 -> 0
B10: 011110100100 | C10: BUREAU OF SPECIAL PROJECTS | D10: 70111 | E10: 2000 | G10: =F10-E10 -> -2000
B11: 011111300100 | C11: GOVERNMENT HOUSE PROTOCOL | D11: 70111 | F11: 1049301.8 | G11: =F11-E11 -> 1049301.8
B12: 011200300100 | C12: HOUSE OF ASSEMBLY | D12: 70111 | G12: =F12-E12 -> 0
B13: 011200400100 | C13: HOUSE OF ASSEMBLY SERVIE COMMISSION | D13: 70111 | F13: 417700.26 | G13: =F13-E13 -> 417700.26
B14: 011101000100 | C14: BUREAU OF PUBLIC PROCUREMENT (BPP) | D14: 70112 | G14: =F14-E14 -> 0
B15: 014000100100 | C15: STATE AUDITOR GENERAL OFFICE | D15: 70112 | E15: 220000 | F15: 727239.83 | G15: =F15-E15 -> 507239.83
B16: 014000100300 | C16: OFFICE OF THE AUDITOR GENERAL FOR LOCAL GOVERNMENT | D16: 70112 | F16: 6610601.1 | G16: =F16-E16 -> 6610601.1
B17: 022000100100 | C17: MINISTRY OF FINANCE AND ECONOMIC DEVELOPMENT | D17: 70112 | E17: 35000 | F17: 104425.06 | G17: =F17-E17 -> 69425.06
B18: 022000700100 | C18: OFFICE OF THE ACCOUNTANT GENERAL | D18: 70112 | E18: =16913665.62+82215447.1+7501000 -> 1.0663011e+08 | F18: 1000000 | G18: =F18-E18 -> -1.0563011e+08
B19: 022000800100 | C19: INTERNAL REVENUE SERVICE | D19: 70112 | E19: 1750000 | F19: 25000000 | G19: =F19-E19 -> 23250000
B20: 022000800300 | C20: EKITI STATE SIGNAGE AND ADVERTISEMENT (IRS) | D20: 70112 | E20: 901000 | F20: 18887432 | G20: =F20-E20 -> 17986432
B21: 011113200100 | C21: INTEGRATION & INTER-GOVERNMENTAL AFFAIRS | D21: 70122 | G21: =F21-E21 -> 0
B22: 011103500100 | C22: EKITI STATE PENSION COMMISSION | D22: 70131 | E22: 1165300 | F22: 2610626.6 | G22: =F22-E22 -> 1445326.6
B23: 012500500100 | C23: OFFICE OF ESTABLISHMENT AND TRAINING | D23: 70131 | E23: 6922400 | F23: 8746400 | G23: =F23-E23 -> 1824000
B24: 014700100100 | C24: CIVIL SERVICE COMMISSION | D24: 70131 | E24: 2329750 | F24: 716375.97 | G24: =F24-E24 -> -1613374
B25: 031801100200 | C25: JUDICIAL SERVICE COMMISSION | D25: 70131 | G25: =F25-E25 -> 0
B26: 023800400200 | C26: SUSTAINABLE DEVELOPMENT GOALS (SDG) OFFICE | D26: 70132 | F26: 9961072.7 | G26: =F26-E26 -> 9961072.7
B27: 014800100100 | C27: STATE INDEPENDENT ELECTORAL COMMISSION | D27: 70160 | E27: 200 | G27: =F27-E27 -> -200
B28: 032600100100 | C28: MINISTRY OF JUSTICE | D28: 70160 | E28: =237950-26000 -> 211950 | F28: 1.6392539e+08 | G28: =F28-E28 -> 1.6371344e+08
B29: 031800100100 | C29: THE JUDICIARY | D29: 70330 | F29: 250000 | G29: =F29-E29 -> 250000
B30: 022200100100 | C30: MINISTRY OF COMMERCE, INDUSTRIES AND COOPERATIVES | D30: 70411 | E30: =250000+9174263.79+4000000 -> 13424264 | F30: 22500000 | G30: =F30-E30 -> 9075736.2
B31: 022200100500 | C31: EKITI STATE ENTERPRISES DEVELOPMENT AGENCY | D31: 70411 | G31: =F31-E31 -> 0
B32: 022200900100 | C32: PETROLEUM PRODUCTS CONSUMER PROTECTION UNIT | D32: 70411 | E32: 20000 | F32: 3147905.2 | G32: =F32-E32 -> 3127905.2
B33: 022700100200 | C33: BUREAU OF PRODUCTIVITY AND EMPOWERMENT | D33: 70412 | F33: 835400.52 | G33: =F33-E33 -> 835400.52
B34: 021500100100 | C34: MINISTRY OF AGRICULTURE AND RURAL DEVELOPMENT | D34: 70421 | E34: =20167700+3107500+550000+250000+5000+500+176200+2500+20500+800000 -> 25079900 | F34: 28790000 | G34: =F34-E34 -> 3710100
B35: 021500100200 | C35: RURAL DEVELOPMENT | D35: 70421 | G35: =F35-E35 -> 0
B36: 021500100300 | C36: DIRECTORATE OF FARM SETTLEMENT AND PEASANT FARMER DEVELOPMENT | D36: 70421 | E36: 2500950 | F36: 15663760 | G36: =F36-E36 -> 13162810
B37: 021510900100 | C37: FORESTRY DEPARTMENT | D37: 70422 | E37: 514000 | F37: 27000000 | G37: =F37-E37 -> 26486000
B38: 023305100100 | C38: EKITI STATE MINERAL RESOURCES DEVELOPMENT AGENCY | D38: 70422 | E38: 12150 | F38: 31327519 | G38: =F38-E38 -> 31315369
B39: 023100300100 | C39: EKITI STATE ELECTRICITY BOARD | D39: 70435 | F39: 322232.35 | G39: =F39-E39 -> 322232.35
B40: 023400100100 | C40: MINISTRY OF WORKS AND TRANSPORT | D40: 70443 | E40: 3415000 | F40: 20935524 | G40: =F40-E40 -> 17520524
B41: 023400200100 | C41: OFFICE OF SURVEYOR -GENERAL OF THE STATE | D41: 70443 | E41: =17328975-198900 -> 17130075 | F41: 20163760 | G41: =F41-E41 -> 3033684.7
B42: 022905500100 | C42: EKITI STATE TRAFFIC MANAGEMENT AGENCY | D42: 70452 | E42: 4169000 | F42: 5319483.4 | G42: =F42-E42 -> 1150483.4
B43: 012300200100 | C43: MINISTRY OF INFORMATION, YOUTH AND SPORT (CIVIC ORIENTATION) | D43: 70460 | E43: 70000 | F43: 187673.72 | G43: =F43-E43 -> 117673.72
B44: 012300300100 | C44: BROADCASTING SERVICE OF EKITI STATE | D44: 70460 | G44: =F44-E44 -> 0
B45: 053505300100 | C45: EKITI STATE WASTE MANAGEMENT BOARD | D45: 70510 | E45: 1497100 | F45: 1421253.2 | G45: =F45-E45 -> -75846.77
B46: 053500100100 | C46: MINISTRY OF ENVIRONMENT | D46: 70560 | E46: 3271530 | F46: 5221253.2 | G46: =F46-E46 -> 1949723.2
B47: 053501600100 | C47: STATE ENVIRONMENTAL PROTECTION AGENCY | D47: 70560 | E47: 4845000 | F47: 7309754.5 | G47: =F47-E47 -> 2464754.5
B48: 025300100100 | C48: MINISTRY OF LAND, HOUSING AND URBAN DEVELOPMENT | D48: 70610 | E48: =62727313.38+437500+29286419.5+590000+790000+135000+56829999.61+48644283+115000+526500+10000+10000+13250000 -> 2.1335202e+08 | F48: 4.7824063e+08 | G48: =F48-E48 -> 2.6488862e+08
B49: 025301000100 | C49: STATE HOUSING CORPORATION | D49: 70610 | G49: =F49-E49 -> 0
B50: 025305200100 | C50: PLANNING PERMIT AGENCY | D50: 70610 | G50: =F50-E50 -> 0
B51: 026000100200 | C51: LAND SERVICES | D51: 70610 | G51: =F51-E51 -> 0
B52: 025305600100 | C52: URBAN RENEWAL AGENCY (CAPITAL URBAN DEVELOPMENT AUTHORITY) | D52: 70620 | F52: 1044250.7 | G52: =F52-E52 -> 1044250.7
B53: 026100100100 | C53: MINISTRY OF PUBLIC UTILITIES | D53: 70620 | E53: 5503000 | F53: 6265503.9 | G53: =F53-E53 -> 762503.88
B54: 025210200100 | C54: EKITI STATE WATER CORPORATION | D54: 70630 | F54: 50000 | G54: =F54-E54 -> 50000
B55: 025210300100 | C55: RURAL WATER SUPPLY AND SANITATION AGENCY | D55: 70630 | F55: 1500000 | G55: =F55-E55 -> 1500000
B56: 052100100100 | C56: MINISTRY OF HEALTH | D56: 70721 | E56: 2219700 | F56: 7831879.8 | G56: =F56-E56 -> 5612179.8
B57: 052110200100 | C57: HOSPITAL MANAGEMENT BOARD | D57: 70731 | E57: 35291250 | F57: 1.1812732e+08 | G57: =F57-E57 -> 82836069
B58: 052110200100 | C58: PRIMARY HEALTH CARE DEVELOPMENT AGENCY | D58: 71090 | E58: 16200 | G58: =F58-E58 -> -16200
B59: 052111300100 | C59: CENTRAL MEDICAL STORE | D59: 70734 | G59: =F59-E59 -> 0
B60: 053905100100 | C60: EKITI STATE SPORT COUNCIL | D60: 70810 | G60: =F60-E60 -> 0
B61: 023600100100 | C61: BUREAU OF TOURISM, ARTS AND CULTURE | D61: 70820 | E61: =115000+3000 -> 118000 | F61: 1357525.8 | G61: =F61-E61 -> 1239525.8
B62: 0505100100100 | C62: MINISTRY FOR LOCAL GOVERNMENT AND COMMUNITY DEVELOPMENT | D62: 70820 | E62: 1272500 | F62: 3132751.9 | G62: =F62-E62 -> 1860251.9
B63: 0505100200100 | C63: CHIEFTANCY AFFAIRS | D63: 70820 | F63: 1566376 | G63: =F63-E63 -> 1566376
B64: 012301300100 | C64: GOVERNMENT PRINTING PRESS | D64: 70830 | F64: 678757.18 | G64: =F64-E64 -> 678757.18
B65: 051700300100 | C65: STATE UNIVERSAL BASIC EDUCATION BOARD | D65: 70912 | E65: 160000 | F65: 5265503.9 | G65: =F65-E65 -> 5105503.9
B66: 051700800100 | C66: EKITI STATE LIBRARY BOARD | D66: 70960 | F66: 36796.3 | G66: =F66-E66 -> 36796.3
B67: 051705400100 | C67: STATE TEACHING SERVICE COMMISSION | D67: 70960 | G67: =F67-E67 -> 0
B68: 051705500100 | C68: BOARD FOR TECHNICAL AND VOCATIONAL EDUCATION | D68: 70960 | E68: 850000 | F68: 3132751.9 | G68: =F68-E68 -> 2282751.9
B69: 051705500200 | C69: AGENCY FOR ADULT AND NON-FORMAL EDUCATION | D69: 70960 | F69: 27694.35 | G69: =F69-E69 -> 27694.35
B70: 051705600200 | C70: EDUCATION TRUST(ENDOWMENT) FUND | D70: 70960 | E70: =280784370.42+44225 -> 2.808286e+08 | F70: 3.6106266e+08 | G70: =F70-E70 -> 80234066
B71: 051700100100 | C71: MINISTRY OF EDUCATION, SCIENCE ND TECHNOLOGY | D71: 70970 | E71: =1459000+1400000+1020000+1725000+1060000+3593500+5945500+3179000+1963000+2140000+39000+6070000+1820000+380000+450000+109163135+167654050+292000 -> 309353185 | F71: 5.1137532e+08 | G71: =F71-E71 -> 2.0202214e+08
B72: 051400100100 | C72: MINISTRY OF WOMEN AFFAIRS, GENDER EMPOWERMENT &SOCIAL WELFARE | D72: 71090 | E72: =164000+19500 -> 183500 | F72: 400000 | G72: =F72-E72 -> 216500
C73: TOTAL FINE AND FEES | E73: =SUM(E8:E72) -> 1.0452646e+09 | F73: =SUM(F8:F72) -> 1.9516328e+09 | G73: =SUM(G8:G72) -> 9.063682e+08
C75: 403 LICENCE
B76: 022000800100 | C76: INTERNAL REVENUE SERVICE | D76: 70112 | E76: =123976484.81+22834190 -> 1.4681067e+08 | F76: 130000000 | G76: =F76-E76 -> -16810675
B77: 022000700100 | C77: OFFICE OF ACCOUNTANT GENERAL | D77: 70112 | F77: 0 | G77: =F77-E77 -> 0
B78: 021500100100 | C78: MINISTRY OF AGRICULTURE AND RURAL DEVELOPMENT | D78: 70421 | E78: =3450200+423500+200000+446000+2700000+10000+19800+50000+190500 -> 7490000 | F78: 17168106 | G78: =F78-E78 -> 9678105.7
B79: 025300100100 | C79: MINISTRY OF LAND, HOUSING AND URBAN DEVELOPMENT | D79: 70610 | E79: 10000 | F79: 1000000 | G79: =F79-E79 -> 990000
B80: 051400100100 | C80: MINISTRY OF WOMEN AFFAIRS, GENDER EMPOWERMENT &SOCIAL WELFARE | D80: 71090 | E80: =290000+3664000 -> 3954000 | F80: 4099127.9 | G80: =F80-E80 -> 145127.91
C81: TOTAL LICENCE | E81: =SUM(E76:E80) -> 1.5826467e+08 | F81: =SUM(F76:F80) -> 1.5226723e+08 | G81: =SUM(G76:G80) -> -5997441.2
C83: 404 EARNING AND SALES
B84: 011200300100 | C84: HOUSE OF ASSEMBLY | D84: 70111 | E84: 85000 | F84: 1044250.7 | G84: =F84-E84 -> 959250.65
B85: 011200400100 | C85: HOUSE OF ASSEMBLY SERVICE COMMISSION | D85: 70111 | E85: 145600 | G85: =F85-E85 -> -145600
B86: 022000800100 | C86: INTERNAL REVENUE SERVICE | D86: 70112 | E86: 2500000 | F86: 8000000 | G86: =F86-E86 -> 5500000
B87: 014700100100 | C87: CIVIL SERVICE COMMISSION | D87: 70131 | F87: 850000 | G87: =F87-E87 -> 850000
B88: 032600100100 | C88: MINISTRY OF JUSTICE | D88: 70160 | E88: 26000 | F88: 8500000 | G88: =F88-E88 -> 8474000
B89: 022200100100 | C89: MINISTRY OF COMMERCE, INDUSTRIES AND COOPERATIVES | D89: 70411 | E89: =132500+100000+235000+10000 -> 477500 | F89: 3385012.9 | G89: =F89-E89 -> 2907512.9
B90: 021500100200 | C90: RURAL DEVELOPMENT | D90: 70421 | G90: =F90-E90 -> 0
B91: 021510900100 | C91: FORESTRY DEPARTMENT | D91: 70422 | E91: =37407027.64-514000+210000 -> 37103028 | F91: 77778643 | G91: =F91-E91 -> 40675615
B92: 023100300100 | C92: EKITI STATE ELECTRICITY BOARD | D92: 70435 | G92: =F92-E92 -> 0
B93: 023400200100 | C93: OFFICE OF SURVEYOR -GENERAL OF THE STATE | D93: 70443 | E93: 198900 | F93: 500000 | G93: =F93-E93 -> 301100
B94: 012300200100 | C94: MINISTRY OF INFORMATION, YOUTH AND SPORT (CIVIC ORIENTATION) | D94: 70460 | E94: 10116.78 | F94: 161401.4 | G94: =F94-E94 -> 151284.62
B95: 053505300100 | C95: EKITI STATE WASTE MANAGEMENT BOARD | D95: 70510 | E95: 280000 | F95: 3800000 | G95: =F95-E95 -> 3520000
B96: 025300100100 | C96: MINISTRY OF LAND, HOUSING AND URBAN DEVELOPMENT | D96: 70610 | E96: =2274823+6444003.69+1144117.57 -> 9862944.3 | F96: 27000000 | G96: =F96-E96 -> 17137056
B97: 026000100200 | C97: LAND SERVICES | D97: 70610 | G97: =F97-E97 -> 0
B98: 025210300100 | C98: RURAL WATER SUPPLY AND SANITATION AGENCY | D98: 70630 | E98: 1312380 | F98: 1632751.9 | G98: =F98-E98 -> 320371.94
B99: 052110200100 | C99: HOSPITAL MANAGEMENT BOARD | D99: 70731 | F99: 2297745.7 | G99: =F99-E99 -> 2297745.7
B100: 052111300100 | C100: CENTRAL MEDICAL STORE | D100: 70734 | E100: 1321551.1 | F100: 4197207 | G100: =F100-E100 -> 2875656
B101: 051700300100 | C101: STATE UNIVERSAL BASIC EDUCATION BOARD | D101: 70912 | G101: =F101-E101 -> 0
B102: 051705400100 | C102: STATE TEACHING SERVICE COMMISSION | D102: 70960 | E102: 5147250 | F102: 13575258 | G102: =F102-E102 -> 8428008.4
...

Sheet OTHER REV.
B1: EKITI STATE OF NIGERIA
B2: FINANCIAL STATEMENTS FOR THE YEAR ENDED 31ST DECEMBER, 2018
B3: NOTES TO THE FINANCIAL STATEMENTS
B4: NOTE 6: INTREST EARNED, INVESTMENT INCOME AND OTHER REVENUE
D5: 2018
B6: S/NO | C6: DETAILS | D6: ACTUAL | E6: BUDGET | F6: VARIANCE
D7: ₦ | E7: ₦ | F7: ₦
C8: INVESTMENT INCOME | D8: 0 | E8: 0 | F8: =E8-D8 -> 0
C9: INTEREST EARNED | D9: 0 | E9: 0 | F9: =E9-D9 -> 0
C10: OTHER REVENUE:
B11: 1 | C11: BAIL OUT REPAYMENT BY JAAC | D11: 94369459 | E11: 0 | F11: =E11-D11 -> -94369459
B12: 2 | C12: SALARY REFUND | D12: 42407514 | E12: 0 | F12: =E12-D12 -> -42407514
B13: 3 | C13: REFUND BY MDAs | D13: 1.0994541e+08 | E13: 0 | F13: =E13-D13 -> -1.0994541e+08
C14: TOTAL | D14: =SUM(D11:D13) -> 2.4672238e+08 | E14: =SUM(E11:E13) -> 0 | F14: =SUM(F11:F13) -> -2.4672238e+08
B15: NOTE 7: AIDS AND GRANTS
D16: 2018
B17: S/NO | C17: MDAs/DONORS | D17: ACTUAL | E17: BUDGET | F17: VARIANCE
D18: ₦ | E18: ₦ | F18: ₦
B19: 1 | C19: MINISTRY OF EDUCATION (UNICEF) | D19: 2910560
B20: 3 | C20: PRIMARY HEALTH CARE DEVELOPMENT AGENCY (UNICEF) | D20: 51558390
C21: TOTAL | D21: =SUM(D19:D20) -> 54468950 | E21: =SUM(E19:E20) -> 0 | F21: =SUM(F19:F20) -> 0
B23: EKITI STATE OF NIGERIA
B24: FINANCIAL STATEMENTS FOR THE YEAR ENDED 31ST DECEMBER, 2018
B25: NOTES TO THE FINANCIAL STATEMENTS
B26: NOTE 8: TRANSFER FROM LOCAL GOVERNMENTS
D28: 2018
B29: S/NO | C29: DETAILS | D29: ACTUAL | E29: BUDGET | F29: VARIANCE
D30: ₦ | E30: ₦ | F30: ₦
B31: 1 | C31: SOCIAL CONTRIBUTION BY JAAC | D31: 225000000 | E31: 300000000 | F31: =E31-D31 -> 75000000
C32: TOTAL | D32: =D31 -> 225000000 | E32: =E31 -> 300000000 | F32: =F31 -> 75000000
B34: NOTE 9: TRANSFER TO OTHER GOVERNMENT ENTITIES
D36: 2018
B37: S/NO | C37: DETAILS | D37: ACTUAL | E37: BUDGET | F37: VARIANCE
D38: ₦ | E38: ₦ | F38: ₦
B39: 1 | C39: TRANSFERRED TO LOCAL GOVT. | D39: 0 | E39: 0 | F39: =E39-D39 -> 0
C40: TOTAL | D40: =SUM(D39) -> 0 | E40: =SUM(E39) -> 0 | F40: =SUM(F39) -> 0

Sheet SALARIES 
B1: EKITI STATE OF NIGERIA
B2: FINANCIAL STATEMENTS FOR THE YEAR ENDED 31ST DECEMBER, 2018
B3: NOTES TO THE FINANCIAL STATEMENTS
B4: NOTE 9: SALARIES AND WAGES
B6: S/NO | C6: ADMIN CODE | D6: HEAD | E6: MINISTRIES/DEPARTMENTS/AGENCIES | F6: ACTUAL | G6: BUDGET | H6: VARIANCE
F7: ₦ | G7: ₦ | H7: ₦
E8: ADMINISTRATIVE SECTOR
B9: 1 | C9: 11100100100 | D9: 459-0400 | E9: GOVERNOR OFFICE ( GAD ) | F9: 1.1120894e+08 | G9: 1.4692235e+08 | H9: =G9-F9 -> 35713413
B10: 2 | C10: 011100100200 | D10: 459-1500 | E10: OFFICE OF THE DEPUTY GOVERNOR | F10: 40816097 | G10: 54968843 | H10: =G10-F10 -> 14152746
B11: 3 | C11: 011100300100 | D11: 459-5400 | E11: EKITI STATE BOUNDARY COMMISSION | F11: 8062914.7 | G11: 15276508 | H11: =G11-F11 -> 7213593
B12: 4 | C12: 011100800100 | D12: 458-1200 | E12: STATE EMERGENCY MANAGEMENT AGENCY | F12: 15003071 | G12: 16017043 | H12: =G12-F12 -> 1013972
B13: 5 | C13: 011101300200 | D13: 459-5100 | E13: POLITICAL AND ECONOMIC AFFAIRS DEPARTMENT. | F13: 54863578 | G13: 43048788 | H13: =G13-F13 -> -11814789
B14: 6 | C14: 011101300200 | D14: 459-5102 | E14: POLITICAL APPOINTEES (P&E) | F14: 5.1736286e+08 | G14: 8.516412e+08 | H14: =G14-F14 -> 3.3427834e+08
B15: 7 | C15: 011102100100 | D15: 459-0900 | E15: EKITI STATE LIAISON OFFICE -LAGOS | F15: 7578136.4 | G15: 15525045 | H15: =G15-F15 -> 7946908.3
B16: 8 | C16: 011102100200 | D16: 459-1000 | E16: EKITI STATE LIAISON OFFICE -ABUJA | F16: 10431570 | G16: 15945744 | H16: =G16-F16 -> 5514174.3
B17: 9 | C17: 011103700100 | D17: 459-1900 | E17: MUSLIM PILGRIM WELFARE BOARD | F17: 8697851.9 | G17: 17206254 | H17: =G17-F17 -> 8508402.5
B18: 10 | C18: 011103800100 | D18: 459-1800 | E18: CHRISTIAN PILGRIM WELFARE BOARD | F18: 12924762 | G18: 19393965 | H18: =G18-F18 -> 6469203
B19: 11 | C19: 011104400100 | D19: 458-1100 | E19: MINISTRY OF SPECIAL DUTIES | F19: 0 | G19: 89559.86 | H19: =G19-F19 -> 89559.86
B20: 12 | C20: 011111300100 | D20: 459-1600 | E20: GOVERNMENT HOUSE AND PROTOCOL | F20: 1.2692852e+08 | G20: 1.649565e+08 | H20: =G20-F20 -> 38027980
B21: 13 | C21: 011111300500 | D21: 459-3000 | E21: CABINET DEPARTMENT GOV. OFFICE | F21: 33055393 | G21: 49726624 | H21: =G21-F21 -> 16671230
... B31: 23 | C31: 014800100100 | D31: 459-4100 | E31: STATE INDEPENDENT ELECTORAL COMMISSION | F31: 62354737 | G31: 77162154 | H31: =G31-F31 -> 14807418
E32: TOTAL ADMINISTRATIVE SECTOR | F32: =SUM(F9:F31) -> 1.9053023e+09 | G32: =SUM(G9:G31) -> 2.625299e+09 | H32: =SUM(H9:H31) -> 7.1999678e+08
E33: ECONOMIC SECTOR
B34: 24 | C34: 021500100100 | D34: 451-0100 | E34: MINISTRY OF AGRICULTURE AND RURAL DEVELOPMENT | F34: 4.0596803e+08 | G34: 4.8616275e+08 | H34: =G34-F34 -> 80194722
B35: 25 | C35: 021502100200 | D35: 455-0200 | E35: SCHOOL AGRICULTURE AND ENTERPRISE | F35: 7842189.3 | G35: 19999604 | H35: =G35-F35 -> 12157414
B36: 26 | C36: 021510200100 | D36: 451-0500 | E36: AGRICULTURAL DEVELOPMENT PROJECT | F36: 1.59351e+08 | G36: 1.9493838e+08 | H36: =G36-F36 -> 35587387
B37: 27 | C37: 021511000100 | D37: 451-0300 | E37: FOUNTAIN AGRIC MARKETING AGENCY | F37: 22663418 | G37: 33052135 | H37: =G37-F37 -> 10388718
B38: 28 | C38: 022000100100 | D38: 453-0400 | E38: MINISTRY OF FINANCE AND ECONOMIC DEVELOPMENT | F38: 2.0701945e+08 | G38: 2.678742e+08 | H38: =G38-F38 -> 60854751
B39: 29 | C39: 022000800100 | D39: 459-3800 | E39: INTERNAL REVENUE SERVICE | F39: 1.6724658e+08 | G39: 206741931 | H39: =G39-F39 -> 39495353
B40: 30 | C40: 022000800300 | D40: 459-0800 | E40: EKITI STATE SIGNAGE AND ADVERTISEMENT (IRS) | F40: 317314.61 | G40: 2445047.2 | H40: =G40-F40 -> 2127732.6
B41: 31 | C41: 022200100100 | D41: 452-0100 | E41: MINISTRY OF COMMERCE, INDUSTRIES AND COOPERATIVES | F41: 1.7366007e+08 | G41: 2.2212702e+08 | H41: =G41-F41 -> 48466948
B42: 32 | C42: 022200100600 | D42: 454-0300 | E42: MULTI PURPOSE CREDIT AGENCY | F42: 31300756 | G42: 37662941 | H42: =G42-F42 -> 6362185.3
B43: 33 | C43: 022700500100 | D43: 454-0200 | E43: JOB CREATION AND EMPLOYMENT AGENCY | F43: 9821312.6 | G43: 12046137 | H43: =G43-F43 -> 2224824.2
B44: 34 | C44: 023100300100 | D44: 454-0600 | E44: EKITI STATE ELECTRICITY BOARD | F44: 64989798 | G44: 82630339 | H44: =G44-F44 -> 17640541
B45: 35 | C45: 023400100100 | D45: 454-1000 | E45: MINISTRY OF WORKS AND TRANSPORT | F45: 2.6297719e+08 | G45: 3.1710633e+08 | H45: =G45-F45 -> 54129135
... B47: 37 | C47: 023400400100 | D47: 454-1400 | E47: EKITI STATE ROAD MAINTENMENT AGENCY (EKROMA)(PUBLIC WORKS CORPORATION) | F47: 18722383 | G47: 24363643 | H47: =G47-F47 -> 5641259.9
B48: 38 | C48: 023600400200 | D48: 453-0100 | E48: BUREAU OF TOURISM ART AND CULTURE | F48: =48423052.69+13827889.73 -> 62250942 | G48: 94256913 | H48: =G48-F48 -> 32005971
B49: 39 | C49: 023800100100 | D49: 459-3100 | E49: MINISTRY OF BUDGET AND ECONOMIC PLANNING | F49: 68323775 | G49: 93500259 | H49: =G49-F49 -> 25176484
B50: 40 | C50: 023800400100 | D50: 459-3200 | E50: BUREAU OF STATISTICS | F50: 24221617 | G50: 36590539 | H50: =G50-F50 -> 12368922
B51: 41 | C51: 025210200100 | D51: 454-0800 | E51: EKITI STATE WATER CORPORATION | F51: 2.91524e+08 | G51: 3.5239409e+08 | H51: =G51-F51 -> 60870089
B52: 42 | C52: 025210300100 | D52: 454-0900 | E52: RURAL WATER SUPPLY AND SANITATION AGENCY | F52: 29777371 | G52: 39196983 | H52: =G52-F52 -> 9419611.7
B53: 43 | C53: 025300100100 | D53: 458-0100 | E53: MINISTRY OF LAND, HOUSING AND URBAN DEVELOPMENT | F53: 85067225 | G53: 1.3601133e+08 | H53: =G53-F53 -> 50944105
B54: 44 | C54: 025301000100 | D54: 458-0200 | E54: STATE HOUSING CORPORATION | F54: 78447425 | G54: 1.0693338e+08 | H54: =G54-F54 -> 28485954
B55: 45 | C55: 025305600100 | D55: 458-0600 | E55: URBAN RENEWAL AGENCY | F55: 7473352.3 | G55: 15140161 | H55: =G55-F55 -> 7666809
B56: 46 | C56: 026100100100 | D56: 454-0500 | E56: MINISTRY OF PUBLIC UTILITIES | F56: 52844894 | G56: 67359695 | H56: =G56-F56 -> 14514801
E57: TOTAL ECONOMICS SECTOR | F57: =SUM(F34:F56) -> 2.2555483e+09 | G57: =SUM(G34:G56) -> 2.8806748e+09 | H57: =SUM(H34:H56) -> 6.2512642e+08
E58: LAW AND JUSTICE SECTOR
B59: 47 | C59: 032600100100 | D59: 459-0100 | E59: MINISTRY OF JUSTICE | F59: 1.7140594e+08 | G59: 1.9511068e+08 | H59: =G59-F59 -> 23704735
E60: TOTAL LAW AND JUSTICE SECTOR | F60: =SUM(F59) -> 1.7140594e+08 | G60: =SUM(G59) -> 1.9511068e+08 | H60: =SUM(H59) -> 23704735
E61: REGIONAL SECTOR | F61: 0 | G61: 1.9511068e+08 | H61: 1.9511068e+08
E62: TOTAL REGIONAL SECTOR
E63: SOCIAL SECTOR
B64: 48 | C64: 051400100100 | D64: 457-0600 | E64: MINISTRY OF WOMEN AFFAIRS, GENDER EMPOWERMENT &SOCIAL WELFARE | F64: 79215872 | G64: 1.4841685e+08 | H64: =G64-F64 -> 69200982
B65: 49 | C65: 051700100100 | D65: 455-0100 | E65: MINISTRY OF EDUCATION, SCIENCE AND TECHNOLOGY | F65: 4.8785059e+08 | G65: 6.8439441e+08 | H65: =G65-F65 -> 1.9654382e+08
B66: 50 | C66: 051700100100 | D66: 455-0110 | E66: SEPIP (MINISTRY OF EDUCATION) | H66: =G66-F66 -> 0
B67: 51 | C67: 051700300100 | D67: 455-0400 | E67: STATE UNIVERSAL BASIC EDUCATION BOARD | F67: 3.5264716e+08 | G67: 4.1315169e+08 | H67: =G67-F67 -> 60504536
B68: 52 | C68: 051700800100 | D68: 455-0800 | E68: EKITI STATE LIBRARY BOARD | F68: 11688174 | G68: 22733345 | H68: =G68-F68 -> 11045170
B69: 53 | C69: 051702600000 | D69: 455-1300 | E69: NON-TEACHING STAFF (TSC) HQ | F69: 1.3585345e+08 | G69: 2.5000239e+08 | H69: =G69-F69 -> 1.1414894e+08
B70: 54 | C70: 051705400100 | D70: 455-0700 | E70: STATE TEACHING SERVICE COMMISSION (SECONDARY SCHOOL TEACHERS) | F70: 8.0126134e+09 | G70: 1.0373789e+10 | H70: =G70-F70 -> 2.361176e+09
B71: 55 | C71: 051705500100 | D71: 455-0500 | E71: BOARD FOR TECHNICAL AND VOCATIONAL EDUCATION | F71: 85964714 | G71: 1.2182287e+08 | H71: =G71-F71 -> 35858161
B72: 56 | C72: 051705500200 | D72: 455-0600 | E72: AGENCY FOR ADULT AND NON-FORMAL EDUCATION | F72: 38545713 | G72: 57698059 | H72: =G72-F72 -> 19152346
B73: 57 | C73: 051705600100 | D73: 455-0300 | E73: STATE SCHOLARSHIP BOARD | F73: 14044367 | G73: 20150607 | H73: =G73-F73 -> 6106240.3
B74: 58 | C74: 051705600200 | D74: 455-0900 | E74: EDUCATION TRUST(ENDOWMENT) FUND | F74: 15335924 | G74: 20663026 | H74: =G74-F74 -> 5327102
B75: 59 | C75: 052100100100 | D75: 456-0100 | E75: MINISTRY OF HEALTH | F75: 2.8662255e+08 | G75: 3.5083177e+08 | H75: =G75-F75 -> 64209222
B76: 60 | C76: 052100300100 | D76: 456-0400 | E76: PRIMARY HEALTHCARE DEVELOPMENT AGENCY | F76: 16975669 | G76: 25653968 | H76: =G76-F76 -> 8678299
B77: 61 | C77: 052110200100 | D77: 456-0600 | E77: HOSPITAL MANAGEMENT BOARD | F77: 2.3005105e+09 | G77: 2.8042481e+09 | H77: =G77-F77 -> 5.0373753e+08
B78: 62 | C78: 052111300100 | D78: 456-0500 | E78: CENTRAL MEDICAL STORE | F78: 17749673 | G78: 18324173 | H78: =G78-F78 -> 574499.68
... B83: 67 | C83: 0505100100100 | D83: 459-1300 | E83: MINISTRY FOR LOCAL GOVERNMENT, COMMUNITY DEVELOPMENT AND CHIEFTANCY AFFAIRS-STATE | F83: 58278430 | G83: 84367426 | H83: =G83-F83 -> 26088997
E84: TOTAL SOCIAL SECTOR | F84: =SUM(F64:F83) -> 1.2151391e+10 | G84: =SUM(G64:G83) -> 1.5699473e+10 | H84: =SUM(H64:H83) -> 3.548082e+09
E86: PERSONEL COST SUMMARY
E87: ADMINISTRATION SECTOR | F87: =F32 -> 1.9053023e+09 | G87: =G32 -> 2.625299e+09 | H87: =H32 -> 7.1999678e+08
E88: ECONOMIC SECTOR | F88: =F57 -> 2.2555483e+09 | G88: =G57 -> 2.8806748e+09 | H88: =H57 -> 6.2512642e+08
E89: LAW AND JUSTICE SECTOR | F89: =F60 -> 1.7140594e+08 | G89: =G60 -> 1.9511068e+08 | H89: =H60 -> 23704735
E90: REGIONAL SECTOR | F90: =F62 -> 0 | G90: =G62 -> 0 | H90: =H62 -> 0
E91: SOCIAL SECTOR | F91: =F84 -> 1.2151391e+10 | G91: =G84 -> 1.5699473e+10 | H91: =H84 -> 3.548082e+09
E92: TOTAL (A) | F92: =SUM(F87:F91) -> 1.6483647e+10 | G92: =SUM(G87:G91) -> 2.1400557e+10 | H92: =SUM(H87:H91) -> 4.9169099e+09
E94: CORPERS ALLOWANCE | F94: 37582161 | G94: 52474134 | H94: =G94-F94 -> 14891974
E95: REPATRIATION | F95: 2461879.8 | G95: 15314221 | H95: =G95-F95 -> 12852342
E96: LOCUM / INTERN | G96: 972121.63 | H96: =G96-F96 -> 972121.63
E97: LEAVE BONUS (2016) | F97: 7.1497747e+08 | G97: 1.4449549e+09 | H97: =G97-F97 -> 7.2997747e+08
E98: STATE HEALTH INSURANCE SCHEME (SHIS) | G98: 0 | H98: =G98-F98 -> 0
E99: CHRISTMAS BONUS | G99: 0 | H99: =G99-F99 -> 0
E100: TOTAL (B) | F100: =SUM(F94:F99) -> 7.5502151e+08 | G100: =SUM(G94:G99) -> 1.5137154e+09 | H100: =SUM(H94:H99) -> 7.586939e+08
E102: GRAND TOTAL (A+B) | F102: =F100+F92 -> 1.7238669e+10 | G102: =G100+G92 -> 2.2914273e+10 | H102: =H100+H92 -> 5.6756038e+09
B104: NOTE 9B: RURAL AND CORE SUBJECT ALLOWANCE FOR TEACHERS
B106: 1 | C106: 051700100100 | D106: 455-0110 | E106: SEPIP (MINISTRY OF EDUCATION) | F106: 4145247.7 | G106: 22303041 | H106: =G106-F106 -> 18157793
B107: 2 | C107: 051700300100 | D107: 455-0410 | E107: SEPIP (SUBEB) | F107: 1.0815854e+08 | G107: 2.0374493e+08 | H107: =G107-F107 -> 95586389
B108: 3 | C108: 051705400100 | D108: 455-0710 | E108: SEPIP (TSC) | F108: 3.1317238e+08 | G108: 5.8443167e+08 | H108: =G108-F108 -> 2.7125929e+08
B109: 4 | C109: 051705500100 | D109: 455-0510 | E109: SEPIP (BTVE) | F109: 1034926.7 | G109: 2000000 | H109: =G109-F109 -> 965073.35
E110: TOTAL | F110: =SUM(F106:F109) -> 4.265111e+08 | G110: =SUM(G106:G109) -> 8.1247964e+08 | H110: =SUM(H106:H109) -> 3.8596854e+08
G112: =G102+G110 -> 2.3726752e+10
B113: NOTE 9C: SOCIAL CONTRIBUTIONS
B114: 1 | D114: 430014 | E114: 5% CONTRIBUTION TO REDEEMABLE RETIREMENT FUND ACCOUNT | G114: 100000000 | H114: =G114-F114 -> 100000000
B115: 2 | D115: 434016 | E115: 10% CONTRIBUTION TO RETIREMENT SAVINGS FUND ACCOUNT | F115: 1.2239593e+08 | G115: 150000000 | H115: =G115-F115 -> 27604070
E116: TOTAL | F116: =SUM(F114:F115) -> 1.2239593e+08 | G116: =SUM(G114:G115) -> 250000000 | H116: =SUM(H114:H115) -> 1.2760407e+08

Sheet PERSONEL
B1: EKITI STATE OF NIGERIA
B2: FINANCIAL STATEMENTS FOR THE YEAR ENDED 31ST DECEMBER, 2018
B3: NOTES TO THE FINANCIAL STATEMENTS
B4: NOTE 9D: PERSONNEL ANALYSIS
B6: MONTH | C6: CIVIL SERVAT | E6: SECONADRY SCHOOLS TEACHERS | G6: POLITICAL APPOINTEES | I6: TOTAL
C7: NUMBER | D7: AMOUNT (N) | E7: NUMBER | F7: AMOUNT (N) | G7: NUMBER | H7: AMOUNT (N) | I7: NUMBER | J7: AMOUNT (N)
B8: JANUARY | C8: 10706 | D8: 6.7885096e+08 | E8: 9356 | F8: 6.8262371e+08 | G8: 136 | H8: 64561248 | I8: =C8+E8+G8 -> 20198 | J8: =D8+F8+H8 -> 1.4260359e+09
B9: FEBRUARY | C9: 10767 | D9: 6.8161823e+08 | E9: 9341 | F9: 6.7988931e+08 | G9: 136 | H9: 64307118 | I9: =C9+E9+G9 -> 20244 | J9: =D9+F9+H9 -> 1.4258147e+09
B10: MARCH | C10: 10751 | D10: 6.9405373e+08 | E10: 9322 | F10: 6.7653514e+08 | G10: 133 | H10: 51224382 | I10: =C10+E10+G10 -> 20206 | J10: =D10+F10+H10 -> 1.4218133e+09
B11: APRIL | C11: 10732 | D11: 6.8631518e+08 | E11: 9291 | F11: 6.7266038e+08 | G11: 132 | H11: 51194348 | I11: =C11+E11+G11 -> 20155 | J11: =D11+F11+H11 -> 1.4101699e+09
B12: MAY | C12: 10708 | D12: 6.7209858e+08 | E12: 9268 | F12: 6.706545e+08 | G12: 131 | H12: 62229780 | I12: =C12+E12+G12 -> 20107 | J12: =D12+F12+H12 -> 1.4049829e+09
B13: JUNE | C13: 10205 | D13: 6.4746055e+08 | E13: 9238 | F13: 665941651 | G13: 69 | H13: 29771166 | I13: =C13+E13+G13 -> 19512 | J13: =D13+F13+H13 -> 1.3431734e+09
B14: JULY | C14: 10190 | D14: 6.5389865e+08 | E14: 9219 | F14: 6.7062948e+08 | G14: 67 | H14: 28983700 | I14: =C14+E14+G14 -> 19476 | J14: =D14+F14+H14 -> 1.3535118e+09
B15: AUGUST | C15: 10164 | D15: 6.4537889e+08 | E15: 9197 | F15: 6.67081e+08 | G15: 67 | H15: 28983700 | I15: =C15+E15+G15 -> 19428 | J15: =D15+F15+H15 -> 1.3414436e+09
B16: SEPTEMBER | C16: 10134 | D16: 6.4285771e+08 | E16: 9174 | F16: 6.6054637e+08 | G16: 67 | H16: 28983700 | I16: =C16+E16+G16 -> 19375 | J16: =D16+F16+H16 -> 1.3323878e+09
B17: OCTOBER | C17: 10109 | D17: 6.4098022e+08 | E17: 9120 | F17: 6.5675114e+08 | G17: 68 | H17: 28926006 | I17: =C17+E17+G17 -> 19297 | J17: =D17+F17+H17 -> 1.3266574e+09
B18: NOVEMBER | C18: 10157 | D18: 6.7383925e+08 | E18: 9101 | F18: 6.5493214e+08 | G18: 91 | H18: 28621742 | I18: =C18+E18+G18 -> 19349 | J18: =D18+F18+H18 -> 1.3573931e+09
B19: DECEMBER | C19: 10123 | D19: 6.4531895e+08 | E19: 9083 | F19: 6.543686e+08 | G19: 96 | H19: 40575973 | I19: =C19+E19+G19 -> 19302 | J19: =D19+F19+H19 -> 1.3402635e+09
B20: TOTAL | D20: =SUM(D8:D19) -> 7.9626709e+09 | F20: =SUM(F8:F19) -> 8.0126134e+09 | H20: =SUM(H8:H19) -> 5.0836286e+08 | J20: =SUM(J8:J19) -> 1.6483647e+10

Sheet SOCIAL BENIFITS
B1: EKITI STATE OF NIGERIA
B2: FINANCIAL STATEMENTS FOR THE YEAR ENDED 31ST DECEMBER, 2018
B3: NOTES TO THE FINANCIAL STATEMENTS
B4: NOTE 10: SOCIAL BENEFITS
D5: 2018 | G5: 2017
B6: HEAD | C6: DETALS | D6: ACTUAL | E6: BUDGET | F6: VARIANCE | G6: ACTUAL
D7: ₦ | E7: ₦ | F7: ₦ | G7: ₦
B8: 434001 | C8: PENSION | D8: 4.7280735e+09 | E8: 5100000000 | F8: =E8-D8 -> 3.7192646e+08 | G8: 4.3479459e+09
B9: 434002 | C9: GRATUITY | D9: 2.7650211e+09 | E9: 1000000000 | F9: =E9-D9 -> -1.7650211e+09 | G9: 1.7827605e+09
B10: 434017 | C10: PENSION/MAINTENANCE FOR PAST POLITICAL OFFICE HOLDERS (GOVS. & DEP. GOVS.) | D10: 0 | E10: 50048060 | F10: =E10-D10 -> 50048060 | G10: 0
C11: TOTAL | D11: =SUM(D8:D10) -> 7.4930947e+09 | E11: =SUM(E8:E10) -> 6.1500481e+09 | F11: =SUM(F8:F10) -> -1.3430466e+09 | G11: =SUM(G8:G10) -> 6.1307064e+09
B13: NOTE 11: PUBLIC DEBT CHARGES
D14: 2018 | G14: 2017
B15: HEAD | C15: DETALS | D15: ACTUAL | E15: BUDGET | F15: VARIANCE | G15: ACTUAL
D16: ₦ | E16: ₦ | F16: ₦ | G16: ₦
B17: 434003 | C17: LEGAL CHARGES | D17: 65000000 | E17: 550000000 | F17: =E17-D17 -> 485000000 | G17: 60550000
B18: 434003 | C18: FORENSIC CONSULTANCY | D18: 2.3621007e+08 | E18: 1.1472864e+10 | F18: =E18-D18-D20 -> 6.5973543e+09
B19: 434005 | C19: FOREIGN LOAN INTEREST CHARGES | D19: 1.9152335e+08
B20: 434005 | C20: DOMESTIC LOAN INTEREST CHARGES | D20: ='D LOANS REPYT '!H19 -> 4.6392996e+09 | G20: 7.0284303e+09
C21: TOTAL | D21: =SUM(D17:D20) -> 5.132033e+09 | E21: =SUM(E17:E20) -> 1.2022864e+10 | F21: =SUM(F17:F20) -> 7.0823543e+09 | G21: =SUM(G17:G20) -> 7.0889803e+09
E23: =E21+E11 -> 1.8172912e+10

Sheet OVERHEAD
B1: EKITI STATE OF NIGERIA
B2: FINANCIAL STATEMENTS FOR THE YEAR ENDED 31ST DECEMBER, 2018
B3: NOTES TO THE FINANCIAL STATEMENTS
B4: NOTE 13: OVERHEAD COST (BY SECTORS)
B6: S/NO | C6: ADMIN CODE | D6: HEAD | E6: MINISTRIES/DEPARTMENTS/AGENCIES | F6: ACTUAL | G6: BUDGET | H6: VARIANCE
F7: ₦ | G7: ₦ | H7: ₦
E8: ADMINISTRATIVE SECTOR
B9: 1 | C9: 011100100100 | D9: 459-0400 | E9: GOVERNOR OFFICE ( GAD ) | F9: 17879920 | G9: 20000000 | H9: =G9-F9 -> 2120080
B10: 2 | C10: 011100100101 | D10: 459-1001 | E10: EKITI STATE GOVERNORS LODGE, ABUJA | F10: 2640000 | G10: 7937277.1 | H10: =G10-F10 -> 5297277.1
B11: 3 | C11: 011100100200 | D11: 459-1500 | E11: OFFICE OF THE DEPUTY GOVERNOR | F11: 133254682 | G11: 1.4740657e+08 | H11: =G11-F11 -> 14151892
B12: 4 | C12: 011100100201 | D12: 459-1002 | E12: EKITI STATE DEPUTY GOVERNORS LODGE, ABUJA | F12: 1200000 | G12: 3401690.2 | H12: =G12-F12 -> 2201690.2
B13: 5 | C13: 011100200101 | D13: 459-1606 | E13: OFFICE OF THE SPECIAL ADVISER GOVERNORS OFFICE (GH&P) | F13: 0 | G13: 2535586.9 | H13: =G13-F13 -> 2535586.9
B14: 6 | C14: 011100200118 | D14: 459-0410 | E14: OFFICE OF PRIVATE SECRETARY TO GOVERNOR (GH&P) | F14: 0 | G14: 1020507.1 | H14: =G14-F14 -> 1020507.1
B15: 7 | C15: 011100300100 | D15: 459-5400 | E15: EKITI STATE BOUNDARY COMMISSION | F15: 1100000 | G15: 2551267.6 | H15: =G15-F15 -> 1451267.6
B16: 8 | C16: 011100300200 | D16: 459-5901 | E16: BOUNDARY TECHNICAL COMMITTEE(D-GOV) | F16: 0 | G16: 5669483.6 | H16: =G16-F16 -> 5669483.6
B17: 9 | C17: 011100800100 | D17: 458-1200 | E17: STATE EMERGENCY MANAGEMENT AGENCY (SEMA) | F17: 600000 | G17: 1700845.1 | H17: =G17-F17 -> 1100845.1
B18: 10 | C18: 011101000100 | D18: 459-0700 | E18: BUREAU OF PUBLIC PROCUREMENT (BPP) | F18: 2150000 | G18: 5303380.3 | H18: =G18-F18 -> 3153380.3
B19: 11 | C19: 011101000200 | D19: 459-3108 | E19: STATE PROJECTS MONITORING AND EVALUATION OFFICE | F19: 1100000 | G19: 4000000 | H19: =G19-F19 -> 2900000
B20: 12 | C20: 011101000300 | D20: 459-5902 | E20: PROJECT EVALUATION COMMITTEE | F20: 825000 | G20: 1700845.1 | H20: =G20-F20 -> 875845.09
... B33: 25 | C33: 011103500100 | D33: 459-2600 | E33: EKITI STATE PENSION COMMISSION (ACTUARIAL VALUATION) | F33: 0 | G33: 50000000 | H33: =G33-F33 -> 50000000
B34: 26 | C34: 011103700100 | D34: 459-1900 | E34: MUSLIM PILGRIM WELFARE BOARD | F34: =40000+400000 -> 440000 | G34: 2000000 | H34: =G34-F34 -> 1560000
B35: 27 | C35: 011103800100 | D35: 459-1800 | E35: CHRISTIAN PILGRIM WELFARE BOARD | F35: 400000 | G35: 2000000 | H35: =G35-F35 -> 1600000
B36: 28 | C36: 011104800100 | D36: 459-0101 | E36: EKITI STATE CITIZENS RIGHTS | F36: 400000 | G36: 1000000 | H36: =G36-F36 -> 600000
B37: 29 | C37: 011110500100 | D37: 459-1700 | E37: OFFICE OF THE CHIEF OF STAFF | F37: 2620360 | G37: 3500000 | H37: =G37-F37 -> 879640.04
B38: 30 | C38: 011110500101 | D38: 459-3902 | E38: APPOINTMENT DEPARTMENT (CSC) | F38: 1200000 | G38: 1800000 | H38: =G38-F38 -> 600000
B39: 31 | C39: 011111100100 | D39: 452-0200 | E39: PUBLIC-PRIVATE PARTNERSHIP | F39: 700000 | G39: 1530760.6 | H39: =G39-F39 -> 830760.58
B40: 32 | C40: 011111300100 | D40: 459-1600 | E40: GOVERNMENT HOUSE PROTOCOL | F40: 1067450000 | G40: 1500000000 | H40: =G40-F40 -> 432550000
B41: 33 | C41: 011111300400 | D41: 459-1614 | E41: MAINTENANCE OF GOVERNORS LODGE | F41: 0 | G41: 3061521.1 | H41: =G41-F41 -> 3061521.1
B42: 34 | C42: 011111300500 | D42: 459-3001 | E42: MAINTENANCE OF EXCO CHAMBERS | F42: 2784800 | G42: 3061521.1 | H42: =G42-F42 -> 276721.15
B43: 35 | C43: 011111300500 | D43: 459-3000 | E43: CABINET DEPARTMENT GOV. OFFICE | F43: 14641000 | G43: 16328113 | H43: =G43-F43 -> 1687112.8
B44: 36 | C44: 011111400100 | D44: 459-1609 | E44: CHIEF PRESS SECRETARY/ SA MEDIA | F44: 1824000 | G44: 7000000 | H44: =G44-F44 -> 5176000
B45: 37 | C45: 011113200100 | D45: 459-2000 | E45: INTEGRATION & INTER-GOVERNMENTAL AFFAIRS | F45: 3600000 | G45: 4401690.2 | H45: =G45-F45 -> 801690.17
B46: 38 | C46: 011200300100 | D46: 459-2100 | E46: HOUSE OF ASSEMBLY | F46: 507400000 | G46: 550000000 | H46: =G46-F46 -> 42600000
B47: 39 | C47: 011200400100 | D47: 459-2200 | E47: HOUSE OF ASSEMBLY SERVIE COMMISSION | F47: 6000000 | G47: 17000000 | H47: =G47-F47 -> 11000000
B48: 40 | C48: 12300100100 | D48: 457-0102 | E48: MINISTRY OF INFORMATION, YOUTH AND SPORT (CIVIC ORIENTATION) | F48: 4400000 | G48: 6803380.3 | H48: =G48-F48 -> 2403380.3
B49: 41 | C49: 012300300100 | D49: 457-0200 | E49: BROADCASTING SERVICE OF EKITI STATE | F49: 40588843 | G49: 3000000 | H49: =G49-F49 -> -37588843
B50: 42 | C50: 012301300100 | D50: 457-0300 | E50: GOVERNMENT PRINTING PRESS | F50: 0 | G50: 1500000 | H50: =G50-F50 -> 1500000
B51: 43 | C51: 012400700100 | D51: 458-1102 | E51: EKITI STATE FIRE SERVICE | F51: 2200000 | G51: 4803380.3 | H51: =G51-F51 -> 2603380.3
B52: 44 | C52: 012500100100 | D52: 459-0600 | E52: OFFICE OF THE HEAD OF SERVICE | F52: 10200000 | G52: 20000000 | H52: =G52-F52 -> 9800000
B53: 45 | C53: 012500100200 | D53: 459-3901 | E53: PERSONNEL DEPARTMENT (CSC) | F53: 1200000 | G53: 1800000 | H53: =G53-F53 -> 600000
B54: 46 | C54: 012500500100 | D54: 459-2300 | E54: OFFICE OF ESTABLISHMENT AND TRAINING | F54: 98513200 | G54: 150000000 | H54: =G54-F54 -> 51486800
B55: 47 | C55: 012500500200 | D55: 459-2302 | E55: ESTABLISHMENT AND MANAGEMENT SERVICES DEPT. (ESTABS) | F55: 2000000 | G55: 3000000 | H55: =G55-F55 -> 1000000
B56: 48 | C56: 012500500300 | D56: 459-2304 | E56: PENSIONS DEPARTMENT (ESTABS) | F56: 840000 | G56: 2500000 | H56: =G56-F56 -> 1660000
B57: 49 | C57: 012500500400 | D57: 459-2305 | E57: STAFF MATTERS AND INDUSTRIAL RELATIONS DEPARTMENT (ESTABS) | F57: 1000000 | G57: 2500000 | H57: =G57-F57 -> 1500000
B58: 50 | C58: 012500500500 | D58: 459-2306 | E58: TRAINING AND MANPOWER DEPARTMENT (ESTABS) | F58: 1000000 | G58: 3500000 | H58: =G58-F58 -> 2500000
B59: 51 | C59: 012500500600 | D59: 459-2400 | E59: STAFF DEVELOPMENT CENTRE (ESTABS) | F59: 1000000 | G59: 6000000 | H59: =G59-F59 -> 5000000
B60: 52 | C60: 012500500700 | D60: 459-2500 | E60: STAFF HOUSING LOANS BOARD (ESTABS) | F60: 550000 | G60: 1700000 | H60: =G60-F60 -> 1150000
... B73: 65 | C73: 014800100100 | D73: 459-4100 | E73: STATE INDEPENDENT ELECTORAL COMMISSION | F73: 11000000 | G73: 14000000 | H73: =G73-F73 -> 3000000
E74: TOTAL ADMINISTRATIVE SECTOR | F74: =SUM(F9:F73) -> 2.0666922e+09 | G74: =SUM(G9:G73) -> 2.7655741e+09 | H74: =SUM(H9:H73) -> 6.9888197e+08
E75: ECONOMIC SECTOR
B76: 66 | C76: 021500100100 | D76: 451-0100 | E76: MINISTRY OF AGRICULTURE AND RURAL DEVELOPMENT | F76: 4362500 | G76: 8000000 | H76: =G76-F76 -> 3637500
B77: 67 | C77: 021500100200 | D77: 451-1100 | E77: RURAL DEVELOPMENT | F77: 1772000 | G77: 3968638.5 | H77: =G77-F77 -> 2196638.5
B78: 68 | C78: 021500100300 | D78: 451-0200 | E78: DIRECTORATE OF FARM SETTLEMENT AND PEASANT FARMER DEVELOPMENT | F78: 600000 | G78: 2834741.8 | H78: =G78-F78 -> 2234741.8
B79: 69 | C79: 021502100200 | D79: 455-0200 | E79: SCHOOL AGRICULTURE AND ENTERPRISE | F79: 600000 | G79: 1524608.5 | H79: =G79-F79 -> 924608.46
B80: 70 | C80: 021510200100 | D80: 451-0500 | E80: AGRICULTURAL DEVELOPMENT PROJECT | F80: 5635000 | G80: 7000000 | H80: =G80-F80 -> 1365000
B81: 71 | C81: 021510200200 | D81: 451-0600 | E81: FADAMA PROJECT | F81: 450000 | G81: 2000000 | H81: =G81-F81 -> 1550000
B82: 72 | C82: 021510200400 | D82: 459-5900 | E82: STATE COMMITTEE ON FOOD AND NUTRITION (UNICEF ASSISTED) | F82: 550000 | G82: 5653802.9 | H82: =G82-F82 -> 5103802.9
B83: 73 | C83: 021510900100 | D83: 458-0800 | E83: FORESTRY DEPARTMENT | F83: 320000 | G83: 2000000 | H83: =G83-F83 -> 1680000
B84: 74 | C84: 021511000100 | D84: 451-0300 | E84: FOUNTAIN AGRIC MARKETING AGENCY | F84: 1320000 | G84: 4800000 | H84: =G84-F84 -> 3480000
B85: 75 | C85: 022000100100 | D85: 453-0400 | E85: MINISTRY OF FINANCE AND ECONOMIC DEVELOPMENT | F85: =58233500-3160000 -> 55073500 | G85: 60000000 | H85: =G85-F85 -> 4926500
B86: 76 | C86: 022000200100 | D86: 453-0403 | E86: DEBT MANAGEMENT OFFICE | F86: 2760000 | G86: 3401690.2 | H86: =G86-F86 -> 641690.17
B87: 77 | C87: 022000300100 | D87: 459-3104 | E87: BUDGET DEPARTMENT | F87: 2970000 | G87: 6500000 | H87: =G87-F87 -> 3530000
B88: 78 | C88: 022000400100 | D88: 453-0405 | E88: EXPENDITURE DEPARTMENT | F88: 4200000 | G88: 5669483.6 | H88: =G88-F88 -> 1469483.6
B89: 79 | C89: 022000500100 | D89: 453-0406 | E89: STATE FINANCES DEPARTMENT | F89: 3000000 | G89: 5669483.6 | H89: =G89-F89 -> 2669483.6
B90: 80 | C90: 022000100300 | D90: 459-5903 | E90: STATE FISCAL EFFICIENCY UNIT | F90: 3000000 | G90: 5000000 | H90: =G90-F90 -> 2000000
B91: 81 | C91: 022000600100 | D91: 459-5200 | E91: CENTRAL INTERNAL AUDIT OFFICE | F91: 8120000 | G91: 10000000 | H91: =G91-F91 -> 1880000
B92: 82 | C92: 022000700100 | D92: 459-3600 | E92: OFFICE OF THE ACCOUNTANT GENERAL | F92: 42028000 | G92: 48016902 | H92: =G92-F92 -> 5988901.7
B93: 83 | C93: 022000700200 | D93: 459-3602 | E93: MAIN ACCOUNTS DEPARTMENT (AG's OFFICE) | F93: 3000000 | G93: 5000000 | H93: =G93-F93 -> 2000000
B94: 84 | C94: 022000700800 | D94: 459-3608 | E94: FUND MANAGEMENT (AG's OFFICE) | F94: 2900000 | G94: 3000000 | H94: =G94-F94 -> 100000
B95: 85 | C95: 022000700300 | D95: 459-3601 | E95: CENTRAL PAY OFFICE | F95: 2015000 | G95: 5000000 | H95: =G95-F95 -> 2985000
B96: 86 | C96: 022000700400 | D96: 459-3603 | E96: PROJECT FINANCE MANAGEMENT UNIT (PFMU) | F96: 720000 | G96: 2834741.8 | H96: =G96-F96 -> 2114741.8
B97: 87 | C97: 022000700500 | D97: 459-3604 | E97: IPSAS STEERING COMMITTEE | F97: 1440000 | G97: 5000000 | H97: =G97-F97 -> 3560000
... B116: 106 | C116: 023305100200 | D116: 452-0102 | E116: MINERAL RESOURCES AND ENVIRONMENTAL COMMITTEE | F116: 1000000 | G116: 3000000 | H116: =G116-F116 -> 2000000
B117: 107 | C117: 023400100100 | D117: 454-1000 | E117: MINISTRY OF WORKS AND TRANSPORT | F117: =2764000+500000 -> 3264000 | G117: 9071173.8 | H117: =G117-F117 -> 5807173.8
B118: 108 | C118: 023400200100 | D118: 458-0500 | E118: OFFICE OF SURVEYOR -GENERAL OF THE STATE | F118: 600000 | G118: 3000000 | H118: =G118-F118 -> 2400000
B119: 109 | C119: 023400400100 | D119: 454-1400 | E119: EKITI STATE ROAD MAINTENMENT AGENCY (EKROMA) | F119: 3080000 | G119: 5102535.3 | H119: =G119-F119 -> 2022535.3
B120: 110 | C120: 023600100100 | D120: 453-0300 | E120: TOURISM DEVELOPMENT AGENCY | F120: 1500000 | G120: 3551267.6 | H120: =G120-F120 -> 2051267.6
B121: 111 | C121: 023600400100 | D121: 453-0200 | E121: COUNCIL FOR ART AND CULTURE | F121: 1400000 | G121: 3675709.5 | H121: =G121-F121 -> 2275709.5
B122: 112 | C122: 023600400200 | D122: 453-0100 | E122: BUREAU OF TOURISM ART AND CULTURE | F122: 1400000 | G122: 3551267.6 | H122: =G122-F122 -> 2151267.6
B123: 113 | C123: 023800100100 | D123: 459-3100 | E123: MINISTRY OF BUDGET AND ECONOMIC PLANNING | F123: 5280000 | G123: 10205071 | H123: =G123-F123 -> 4925070.5
B124: 114 | C124: 023800100200 | D124: 459-3105 | E124: BUDGET MONITORING COMMITTEE | F124: 2736250 | G124: 5000000 | H124: =G124-F124 -> 2263750
B125: 115 | C125: 023800100300 | D125: 459-3112 | E125: BUDGET TRACKING AND AUTOMATION | F125: 550000 | G125: 6000000 | H125: =G125-F125 -> 5450000
B126: 116 | C126: 023800100400 | D126: 459-3116 | E126: HOME GROWN SCHOOL FEEDING (MB&EP) | F126: 1233000 | G126: 2000000 | H126: =G126-F126 -> 767000
B127: 117 | C127: 023800100500 | D127: 459-3103 | E127: DEVELOPMENT PLANNING AND STRATEGY COMMITTEE (MB&EP) | F127: 309375 | G127: 2500000 | H127: =G127-F127 -> 2190625
B128: 118 | C128: 023800100600 | D128: 459-3102 | E128: ECONOMIC DEVELOPMENT COUNCIL (MB&EP) | F128: 825000 | G128: 6000000 | H128: =G128-F128 -> 5175000
B129: 119 | C129: 023800400100 | D129: 459-3200 | E129: BUREAU OF STATISTICS | F129: 1400000 | G129: 5000000 | H129: =G129-F129 -> 3600000
... B142: 132 | C142: 026100100100 | D142: 454-0500 | E142: MINISTRY OF PUBLIC UTILITIES | F142: 8772000 | G142: 20000000 | H142: =G142-F142 -> 11228000
B143: 133 | C143: 23100300200 | D143: 454-0601 | E143: MONITORING OF GOVT. HOUSE PREMISES/TOWN ELECT. | F143: 550000 | G143: 3000000 | H143: =G143-F143 -> 2450000
B144: 134 | C144: 026100100200 | D144: 459-4300 | E144: UTILITY SERVICE DEPARTMENT | F144: 1100000 | G144: 6000000 | H144: =G144-F144 -> 4900000
B145: 135 | C145: 023800100300 | D145: 459-3115 | E145: ACTIVITIES OF THE NATIONAL CASH TRANSFER OFFICE | F145: 550000 | G145: 2000000 | H145: =G145-F145 -> 1450000
B146: 136 | C146: 052100100200 | D146: 459-3114 | E146: DEVELOPMENT PARTNERS AND AIDS COORDINATION (MBEP) | F146: 550000 | G146: 3000000 | H146: =G146-F146 -> 2450000
B147: 137 | C147: 022000300100 | D147: 459-3113 | E147: MEDIUM TERM EXPENDITURE FRAMEWORK | F147: 1100000 | G147: 4000000 | H147: =G147-F147 -> 2900000
E148: TOTAL ECONOMIC SECTOR | F148: =SUM(F76:F147) -> 3.4987187e+08 | G148: =SUM(G76:G147) -> 6.1806879e+08 | H148: =SUM(H76:H147) -> 2.6819692e+08
E150: SOCIAL SECTOR
B151: 138 | C151: 051305100100 | D151: 457-0400 | E151: YOUTH DEVELOPMENT | F151: 1540000 | G151: 2551267.6 | H151: =G151-F151 -> 1011267.6
B152: 139 | C152: 051305200100 | D152: 459-3110 | E152: YOUTH EMPLOYMENT AND SOCIAL SUPPORT OPERATION (YESSO) | F152: 825000 | G152: 5000000 | H152: =G152-F152 -> 4175000
B153: 140 | C153: 051400100100 | D153: 457-0600 | E153: MINISTRY OF WOMEN AFFAIRS, GENDER EMPOWERMENT &SOCIAL WELFARE | F153: 5000000 | G153: 10037277 | H153: =G153-F153 -> 5037277.1
B154: 141 | C154: 051400200200 | D154: 457-0700 | E154: WOMEN DEVELOPMENT CENTRE, IGEDE-EKITI (WOMENT AFFAIRS) | F154: 74250 | G154: 566948.36 | H154: =G154-F154 -> 492698.36
B155: 142 | C155: 051405500100 | D155: 457-0601 | E155: STATE CHILD'S RIGHT IMPLEMENTATION AND MONITORING COMMITTEE (WOMEN AFFAIRS) | F155: 755750 | G155: 1530760.6 | H155: =G155-F155 -> 775010.58
B156: 143 | C156: 051700100100 | D156: 455-0100 | E156: MINISTRY OF EDUCATION, SCIENCE AND TECHNOLOGY | F156: 3200000 | G156: 7000000 | H156: =G156-F156 -> 3800000
...

Sheet TOF
B1: EKITI STATE OF NIGERIA
B2: FINANCIAL STATEMENTS FOR THE YEAR ENDED 31ST DECEMBER, 2018
B3: NOTES TO THE FINANCIAL STATEMENTS
B4: NOTE 13: TRANSFER TO OTHER FUNDS
B5: S/NO | C5: ADMIN CODE | D5: HEAD | E5: MINISTRIES/DEPARTMENTS/AGENCIES | F5: ACTUAL | G5: BUDGET | H5: VARIANCE
F6: ₦ | G6: ₦ | H6: ₦
E7: ADMINISTRATIVE SECTOR
B8: 1 | C8: 012500500100 | D8: 459-2300 | E8: OFFICE OF ESTABLISHMENT AND TRANNING | F8: 66317100 | G8: 157340000 | H8: =G8-F8 -> 91022900
B9: 2 | C9: 011200400100 | D9: 459-2200 | E9: HOUSE OF ASSEMBLY SERVICE COMMISION | F9: 0 | G9: 20669484 | H9: =G9-F9 -> 20669484
B10: 3 | C10: 012300100100 | D10: 457-0100 | E10: MINISTRY OF INFORMATION, SOCIAL DEVELOPMENT, SPORTS AND CULTURE | F10: 0 | G10: 20441502 | H10: =G10-F10 -> 20441502
B11: 4 | C11: 011100100100 | D11: 459-0400 | E11: GENERAL ADMINISTRATION DEPARTMENT | F11: =40000+187522500 -> 187562500 | G11: 3.3875423e+08 | H11: =G11-F11 -> 1.5119173e+08
B12: 5 | C12: 011101300200 | D12: 459-5100 | E12: POLITICAL AND ECONOMIC AFFAIRS DEPARTMENT | F12: =88281314.98+345472308.87 -> 4.3375362e+08 | G12: 1.1103897e+09 | H12: =G12-F12 -> 6.7663605e+08
B13: 6 | C13: 011100800100 | D13: 458-1200 | E13: EKITI STATE EMERGENCY MANAGEMENT AGENCY(SEMA) | F13: 11500000 | G13: 20000000 | H13: =G13-F13 -> 8500000
B14: 7 | C14: 011200300100 | D14: 459-2100 | E14: HOUSE OF ASSEMBLY | F14: 23000078 | G14: 2.2177566e+08 | H14: =G14-F14 -> 1.9877558e+08
B15: 8 | C15: 014000100100 | D15: 459-2800 | E15: STATE AUDITOR-GENERAL'S OFFICE | F15: 2462500 | G15: 20000000 | H15: =G15-F15 -> 17537500
B16: 9 | C16: 014000100300 | D16: 459-2900 | E16: STATE AUDITOR-GENERAL FOR LOCAL GOVERNMENT | F16: 340000 | G16: 5000000 | H16: =G16-F16 -> 4660000
B17: 10 | C17: 011103800100 | D17: 459-1800 | E17: CHRISTIAN PILGRIMS BOARD | F17: 0 | G17: 20000000 | H17: =G17-F17 -> 20000000
B18: 11 | C18: 011103700100 | D18: 459-1900 | E18: MUSLIM PILGRIMS BOARD | F18: 0 | G18: 20000000 | H18: =G18-F18 -> 20000000
B19: 12 | C19: 014700100100 | D19: 459-3900 | E19: CIVIL SERVICE COMMISSION | F19: 5100000 | G19: 6000000 | H19: =G19-F19 -> 900000
B20: 13 | C20: 011103400200 | D20: 459-4500 | E20: OFFICE OF PUBLIC DEFENDER | F20: 0 | G20: 10000000 | H20: =G20-F20 -> 10000000
E21: TOTAL ADMINISTRATIVE SECTOR | F21: =SUM(F8:F20) -> 7.300358e+08 | G21: =SUM(G8:G20) -> 1.9703706e+09 | H21: =G21-F21 -> 1.2403348e+09
E22: ECONOMIC SECTOR
B23: 14 | C23: 23600400200 | E23: BUREAU OF TOURISM, ARTS AND CULTURE | G23: 5000000 | H23: =G23-F23 -> 5000000
B24: 15 | C24: 022000100100 | D24: 453-0400 | E24: MINISTRY OF FINANCE | F24: =6585946654.33 -> 6.5859467e+09 | G24: 6.6066749e+09 | H24: =G24-F24 -> 20728238
B25: 16 | C25: 022200100100 | D25: 453-0700 | E25: EKITI STATE ENTERPRISES DEVELOPMENT AGENCY | F25: 0 | G25: 0 | H25: =G25-F25 -> 0
B26: 17 | C26: 022000700100 | D26: 459-3600 | E26: OFFICE OF THE ACCOUNTANT GENERAL | F26: 39045000 | G26: 87092991 | H26: =G26-F26 -> 48047991
B27: 18 | C27: 022700500100 | D27: 454-0200 | E27: JOB CREATION AND EMPLOYMENT AGENCY | F27: 0 | G27: 5669483.6 | H27: =G27-F27 -> 5669483.6
B28: 19 | C28: 022800700200 | D28: 459-1504 | E28: BUREAU OF COMMUNICATION TECHNOLOGY AND SOCIAL MEDIA | F28: 6000000 | G28: 8656521.6 | H28: =G28-F28 -> 2656521.6
B29: 20 | C29: 023800100100 | D29: 459-3100 | E29: MINISTRY OF BUDGET, ECONOMIC PLANNING AND SERVICE DELIVERY | F29: 53244350 | G29: 75009984 | H29: =G29-F29 -> 21765634
B30: 21 | C30: 022905500100 | D30: 454-1100 | E30: EKITI STATE TRAFFIC MANAGEMENT AGENCY | F30: 19575000 | G30: 40000000 | H30: =G30-F30 -> 20425000
B31: 22 | C31: 023800400100 | D31: 459-3200 | E31: BUREAU OF STATISTICS | F31: 0 | G31: 10000000 | H31: =G31-F31 -> 10000000
B32: 23 | C32: 025210200100 | D32: 454-0800 | E32: EKITI STATE WATER CORPORATION | F32: 50000000 | G32: 100000000 | H32: =G32-F32 -> 50000000
B33: 24 | C33: 025300100100 | D33: 458-0101 | E33: MINISTRY OF LANDS,HOUSING AND URBAN DEVT. | F33: 13200000 | G33: 16600000 | H33: =G33-F33 -> 3400000
E34: TOTAL ECONOMIC SECTOR | F34: =SUM(F23:F33) -> 6.767011e+09 | G34: =SUM(G23:G33) -> 6.9547039e+09 | H34: =G34-F34 -> 1.8769287e+08
E35: SOCIAL SECTOR
B36: 25 | C36: 051700100100 | D36: 455-0100 | E36: MINISTRY OF EDUCATION, SCIENCE AND TECHNOLOGY | F36: =1523171637.4+250000000 -> 1.7731716e+09 | G36: 1.8324798e+09 | H36: =G36-F36 -> 59308209
B37: 26 | C37: 051705300100 | D37: 455-0500 | E37: BOARD OF TECHNICAL AND VOCATIONAL EDUCATION | F37: 9123750 | G37: 60000000 | H37: =G37-F37 -> 50876250
B38: 27 | C38: 051705500200 | D38: 455-0600 | E38: AGENCY FOR ADULT AND NON-FORMAL EDUCATION | F38: 0 | G38: 35169484 | H38: =G38-F38 -> 35169484
B39: 28 | C39: 052100100100 | D39: 456-0100 | E39: MINISTRY OF HEALTH | F39: 60000000 | G39: 80000000 | H39: =G39-F39 -> 20000000
B40: 29 | C40: 051705600100 | D40: 455-0300 | E40: EKITI STATE SCHOLARSHIP BOARD | F40: =226381145+850000 -> 227231145 | G40: 353577500 | H40: =G40-F40 -> 126346355
B41: 30 | C41: 053500100100 | D41: 458-0700 | E41: MINISTRY OF ENVIRONMENT | F41: 19050000 | G41: 25000000 | H41: =G41-F41 -> 5950000
B42: 31 | C42: 053505300100 | D42: 458-1000 | E42: EKITI STATE WASTE MANAGEMENT BOARD | F42: 115945500 | G42: 119556000 | H42: =G42-F42 -> 3610500
B43: 32 | C43: 051400100100 | D43: 457-0600 | E43: MINISTRY OF WOMEN AFFAIRS, GENDER EMPOWERMENT & SOCIAL WELFARE | F43: 52334875 | G43: 130789000 | H43: =G43-F43 -> 78454125
B44: 33 | C44: 051300100100 | D44: 457-0400 | E44: YOUTH DEVELOPMENT | F44: 4200000 | G44: 12699100 | H44: =G44-F44 -> 8499100
B45: 34 | C45: 053905100200 | D45: 457-0500 | E45: SPORTS COUNCIL | F45: 3000000 | G45: 19691050 | H45: =G45-F45 -> 16691050
B46: 35 | C46: 051700300100 | D46: 455-0400 | E46: SUBEB | F46: 0 | G46: 2000000 | H46: =G46-F46 -> 2000000
E47: TOTAL SOCIAL SECTOR | F47: =SUM(F36:F46) -> 2.2640569e+09 | G47: =SUM(G36:G46) -> 2.670962e+09 | H47: =G47-F47 -> 4.0690507e+08
E49: REGIONAL SECTOR
B50: 36 | C50: 045102100200 | D50: 459-4400 | E50: SERVE-EKS | F50: 0 | G50: 0 | H50: =G50-F50 -> 0
E51: TOTAL REGIONAL SECTOR | F51: =SUM(F50) -> 0 | G51: =SUM(G50) -> 0 | H51: =G51-F51 -> 0
E52: LAW AND JUSTICE SECTOR
B53: 37 | D53: 433125 | E53: MINISTRY OF JUSTICE | F53: 365595500 | G53: 5.904235e+08 | H53: =G53-F53 -> 2.24828e+08
E54: TOTAL LAW AND JUSTICE SECTOR | F54: =SUM(F53) -> 365595500 | G54: =SUM(G53) -> 5.904235e+08 | H54: =SUM(H53) -> 2.24828e+08
E56: SUMMARY
E57: ADMINISTRATIVE SECTOR | F57: =F21 -> 7.300358e+08 | G57: =G21 -> 1.9703706e+09 | H57: =H21 -> 1.2403348e+09
E58: ECONOMIC SECTOR | F58: =F34 -> 6.767011e+09 | G58: =G34 -> 6.9547039e+09 | H58: =H34 -> 1.8769287e+08
E59: SOCIAL SECTOR | F59: =F47 -> 2.2640569e+09 | G59: =G47 -> 2.670962e+09 | H59: =H47 -> 4.0690507e+08
E60: REGIONAL SECTOR | F60: =F51 -> 0 | G60: =G51 -> 0 | H60: =H51 -> 0
E61: LAW AND JUSTICE SECTOR | F61: =F54 -> 365595500 | G61: =G54 -> 5.904235e+08 | H61: =H54 -> 2.24828e+08
E62: TOTAL | F62: =SUM(F57:F61) -> 1.0126699e+10 | G62: =SUM(G57:G61) -> 1.218646e+10 | H62: =SUM(H57:H61) -> 2.0597607e+09
E64: DRAWN DOWN FUND (RECURRENT)
E65: STATE EDUCATION PROGRAME INVESTMENT PROJECT (SEPIP) | F65: 401317661
E66: YOUTH EMPLOYMENT AND SOCIAL SUPPORT OPERATION (YESSO) | F66: 1.152913e+08
E67: 3RD NATIONAL URBAN WATER SECTOR REFORM PROJECT (3RD NUWRP) | F67: 1.5707303e+09
E68: CONDITIONAL CASH TRANSFER | F68: 28417991
E69: TOTAL | F69: =SUM(F65:F68) -> 2.1157572e+09
E71: GRAND TOTAL | F71: =F69+F62 -> 1.2242456e+10

Sheet SUBVENTION
B1: EKITI STATE OF NIGERIA
B2: FINANCIAL STATEMENTS FOR THE YEAR ENDED 31ST DECEMBER, 2018
B3: NOTES TO THE FINANCIAL STATEMENTS
B4: NOTE 14: SUBVENTION/GRANTS TO TERTIARY INSTITUTIONS AND PARASTALTALS
B6: S/NO | C6: ADMIN CODE | D6: HEAD | E6: TETIARY INSTITUTIONS/PARASTALTALS | F6: ACTUAL | G6: BUDGET | H6: VARIANCE | I6: ACTUAL
F7: ₦ | G7: ₦ | H7: ₦ | I7: N
B8: 1 | C8: 012300200100 | D8: 457-0102 | E8: MINISTRY OF INFORMATION, YOUTH AND SPORT (CIVIC ORIENTATION) | F8: 5280000 | G8: 11699924 | H8: =G8-F8 -> 6419924.3 | I8: 4000000
B9: 2 | C9: 012400400100 | D9: 457-0415 | E9: NIGERIA SECURITY AND CIVIL DEFENCE CORPS | F9: 6999996 | G9: 8164056.1 | H9: =G9-F9 -> 1164060.1 | I9: 6999996
B10: 3 | C10: 012400400200 | D10: 459-2303 | E10: NIGERIAN LEGION | F10: 2100000 | G10: 2700000 | H10: =G10-F10 -> 600000 | I10: 1800000
B11: 4 | C11: 031800100100 | D11: 459-0200 | E11: THE JUDICIARY | F11: 948216152 | G11: 1.2182169e+09 | H11: =G11-F11 -> 2.7000072e+08 | I11: 925242552
B12: 5 | C12: 031801100100 | D12: 459-0300 | E12: JUDICIAL SERVICE COMMISSION | F12: 65191992 | G12: 1.1093789e+08 | H12: =G12-F12 -> 45745896 | I12: 65191992
B13: 6 | C13: 051701800100 | D13: 455-1200 | E13: COLLEGE OF EDUCATION - IKERE EKITI | F13: =2110423656+634279344 -> 2744703000 | G13: =955657315.31+3253264634.3 -> 4.2089219e+09 | H13: =G13-F13 -> 1.4642189e+09 | I13: 2110423656
B14: 7 | C14: 051702100100 | D14: 455-1000 | E14: EKITI STATE UNIVERSITY | F14: =3120000000+4186212296 -> 7306212296 | G14: =3811125264.12+3380000000 -> 7.1911253e+09 | H14: =G14-F14 -> -1.1508703e+08 | I14: 3120000000
B15: 8 | C15: 052102600100 | D15: 456-0300 | E15: EKITI STATE UNIVERSITY TEACHING HOSPITAL | F15: =2148135795.48+603638941 -> 2.7517747e+09 | G15: =700000000+2500000000 -> 3200000000 | H15: =G15-F15 -> 4.4822526e+08 | I15: 2.1481358e+09
B16: 9 | C16: 052110600100 | D16: 456-0200 | E16: COLLEGE OF HEALTH TECHNOLOGY | F16: =246222474.48+186628280.31 -> 4.3285075e+08 | G16: =200227478.69+280000000 -> 4.8022748e+08 | H16: =G16-F16 -> 47376724 | I16: 2.4622247e+08
B17: 10 | C17: 053905100200 | D17: 457-0405 | E17: EKITI UNITED FOOTBALL CLUB | F17: 45600000 | G17: 64600000 | H17: =G17-F17 -> 19000000 | I17: 45000000
B18: 11 | C18: 014700300100 | D18: 434-004 | E18: 10% IGR CONTRIBUTION TO LOCAL GOVT. | F18: 0 | G18: 3.6249352e+08 | H18: =G18-F18 -> 3.6249352e+08
E19: TOTAL | F19: =SUM(F8:F18) -> 1.4308929e+10 | G19: =SUM(G8:G18) -> 1.6859087e+10 | H19: =SUM(H8:H18) -> 2.550158e+09 | I19: =SUM(I8:I17) -> 8.6730165e+09

Sheet DEPRECIATION 
B1: EKITI STATE OF NIGERIA
B2: FINANCIAL STATEMENTS FOR THE YEAR ENDED 31ST DECEMBER, 2018
B3: NOTES TO THE FINANCIAL STATEMENTS
B4: NOTE 15: DEPRECIATION
B6: S/NO | C6: DETAILS | D6: 2018
D7: ₦
B8: 1 | C8: LAND AND BUILDING | D8: ='DEPRECIATION B'!C16 -> 1.7665493e+08
B9: 2 | C9: INFRASTRUCTURE | D9: ='DEPRECIATION B'!D16 -> 5.9756092e+08
B10: 3 | C10: PLANT AND MACHINERY | D10: ='DEPRECIATION B'!E16 -> 21510033
B11: 4 | C11: TRANSPORTATION EQUIPMENT | D11: ='DEPRECIATION B'!F16 -> 2.5162776e+08
B12: 5 | C12: OFFICE EQUIPMENT | D12: ='DEPRECIATION B'!G16 -> 3.5257426e+08
B13: 6 | C13: FURNITURES AND FITTINGS | D13: ='DEPRECIATION B'!H16 -> 1.6310019e+08
C14: TOTAL | D14: =SUM(D8:D13) -> 1.5630281e+09
B16: NOTE 16B: AMMORTIZATION CHARGES; INTANGIBLE ASSETS
B17: S/NO | C17: DETAILS | D17: 2018
D18: ₦
B19: 1 | C19: GOODWILL | D19: 0
B20: 2 | C20: PATENT RIGHT | D20: 0
B21: 3 | C21: TRADE MARK | D21: 0
B22: 4 | C22: FRANCHISE | D22: 0
C23: TOTAL | D23: =SUM(D19:D22) -> 0

Sheet DEPRECIATION B
B1: EKITI STATE OF NIGERIA
B2: FINANCIAL STATEMENTS FOR THE YEAR ENDED 31ST DECEMBER, 2018
B3: NOTES TO THE FINANCIAL STATEMENTS
B4: NOTE 15: SCHEDULE OF PROPERTY, PLANT AND EQUIPMENT (PPE)
C6: LAND & BUILDING | D6: INFRASTRUCTURE | E6: PLANT & MACHINERY | F6: TRANSPORTATION EQUIPMENT | G6: OFFICE EQUIPMENT | H6: FURNITURES & FITTINGS | I6: TOTAL
B7: DEPRECIATION RATE | C7: 0.05 | D7: 0.05 | E7: 0.1 | F7: 0.2 | G7: 0.25 | H7: 0.2
C8: ₦ | D8: ₦ | E8: ₦ | F8: ₦ | G8: ₦ | H8: ₦ | I8: ₦
B9: COST AS AT 1/1/18 | C9: 6.4166239e+08 | D9: 1.7235578e+09 | E9: 1.3839233e+08 | F9: 7.1733468e+08 | G9: 79346602 | H9: 70266830 | I9: =SUM(C9:H9) -> 3.3705606e+09
B10: ADDITION (JAN-DEC) | C10: 2.8914361e+09 | D10: 1.0227661e+10 | E10: 76708000 | F10: 5.4080412e+08 | G10: 1.3309504e+09 | H10: 7.4523413e+08 | I10: =SUM(C10:H10) -> 1.5812793e+10
B11: DISPOSAL | C11: 0 | D11: 0 | E11: 0 | F11: 0 | G11: 0 | H11: 0 | I11: =SUM(C11:H11) -> 0
B12: TRANSFER/ ADJUSTMENT | C12: 0 | D12: 0 | E12: 0 | F12: 0 | G12: 0 | H12: 0 | I12: =SUM(C12:H12) -> 0
B13: COST AS AT 31/12/18 | C13: =C9+C10 -> 3.5330985e+09 | D13: =D9+D10 -> 1.1951218e+10 | E13: =E9+E10 -> 2.1510033e+08 | F13: =F9+F10 -> 1.2581388e+09 | G13: =G9+G10 -> 1.410297e+09 | H13: =H9+H10 -> 8.1550096e+08 | I13: =SUM(C13:H13) -> 1.9183354e+10
B14: DEPRECIATION: | I14: =SUM(C14:H14) -> 0
B15: DEPRECIATION AS AT 1/1/18 | C15: =0.05*C9 -> 32083120 | D15: =0.05*D9 -> 86177888 | E15: =0.1*E9 -> 13839233 | F15: =0.2*F9 -> 1.4346694e+08 | G15: =0.25*G9 -> 19836651 | H15: =0.2*H9 -> 14053366 | I15: =SUM(C15:H15) -> 3.0945719e+08
B16: CHARGE FOR THE YEAR | C16: =0.05*C13 -> 1.7665493e+08 | D16: =0.05*D13 -> 5.9756092e+08 | E16: =0.1*E13 -> 21510033 | F16: =0.2*F13 -> 2.5162776e+08 | G16: =0.25*G13 -> 3.5257426e+08 | H16: =0.2*H13 -> 1.6310019e+08 | I16: =SUM(C16:H16) -> 1.5630281e+09
B17: DISPOSAL | C17: 0 | D17: 0 | E17: 0 | F17: 0 | G17: 0 | H17: 0 | I17: =SUM(C17:H17) -> 0
B18: TRANSFER/ ADJUSTMENT | C18: 0 | D18: 0 | E18: 0 | F18: 0 | G18: 0 | H18: 0 | I18: =SUM(C18:H18) -> 0
B19: ACCUMULATED DEP. AS AT 31/12/18 | C19: =C15+C16 -> 2.0873805e+08 | D19: =D15+D16 -> 6.8373881e+08 | E19: =E15+E16 -> 35349265 | F19: =F15+F16 -> 3.950947e+08 | G19: =G15+G16 -> 3.7241091e+08 | H19: =H15+H16 -> 1.7715356e+08 | I19: =SUM(C19:H19) -> 1.8724853e+09
B20: NET BOOK VALUE (31/12/18) | C20: =C13-C19 -> 3.3243605e+09 | D20: =D13-D19 -> 1.126748e+10 | E20: =E13-E19 -> 1.7975106e+08 | F20: =F13-F19 -> 8.630441e+08 | G20: =G13-G19 -> 1.0378861e+09 | H20: =H13-H19 -> 6.383474e+08 | I20: =I13-I19 -> 1.7310869e+10

Sheet CAPITAL COST
B1: EKITI STATE OF NIGERIA
B2: FINANCIAL STATEMENTS FOR THE YEAR ENDED 31ST DECEMBER, 2018
B3: NOTES TO THE FINANCIAL STATEMENTS
B4: NOTE 16: CAPITAL EXPENDITURE THAT CANNOT BE CLASSIFIED INTO PPE
B6: S/NO | C6: DETAILS | D6: EXECUTING MDAs | E6: ACTUAL | F6: BUDGET | G6: VARIANCE
E7: ₦ | F7: ₦ | G7: ₦
B8: 1 | C8: Outstanding due to Soft Alliance on the State e-payroll | D8: Accountant General's Office | E8: 44770442 | F8: 250000000 | G8: =F8-E8 -> 2.0522956e+08
B9: 2 | C9: Two years rent for Children Recreation Centre. | D9: Min. of Women Affair | E9: 1600000 | F9: 5000000 | G9: =F9-E9 -> 3400000
B10: 3 | C10: 2018 International women's day Celebration | D10: Min. of Women Affair | E10: 168000000
B11: 4 | C11: Production of Customised Super Print (Ankara) | D11: Min. of Women Affair | E11: 60000000
B12: 5 | C12: Provision of Bio-Metric data base for women trade group | D12: Min. of Women Affair | E12: 7750000 | F12: 320000000 | G12: =F12-E10-E11-E12-E13-E14 -> 75750000
B13: 6 | C13: Reporting of Gender Based violence prohibition law. | D13: Min. of Women Affair | E13: 500000
B14: 7 | C14: 16-day activitism against gender base violence | D14: Min. of Women Affair | E14: 8000000
B15: 8 | C15: Updating of Service Management in School under the enhance school data bank (EMIS) | D15: Min. of Education | E15: 22825000 | F15: 70000000 | G15: =F15-E15 -> 47175000
B16: 9 | C16: Consultancy to SIEC to conduct pre-election voter's education | D16: EKSIEC | E16: 36000000 | F16: 0
B17: 10 | C17: Litigation arising from Dec. 2017 Local Govt. Election | D17: EKSIEC | E17: 10000000 | F17: 150000000 | G17: =F17-E16-E17 -> 104000000
B18: 11 | C18: payment for Howard for survey of six difference job. | D18: Survyeor General | E18: 1500000 | F18: 11500000 | G18: =F18-E18 -> 10000000
B19: 12 | C19: Publication of "Ekiti under my watch" by Abidaksidea International Ltd | D19: Govt. House and Protocol | E19: 9800000 | F19: 20000000 | G19: =F19-E19 -> 10200000
B20: 13 | C20: Decoration of Government House | D20: Govt. House and Protocol | E20: 79430954
B21: 14 | C21: Suspected Lasser fever outbreak | D21: Min. of Health | E21: 1000000 | F21: 20000000 | G21: =F21-E21 -> 19000000
B22: 15 | C22: Measles Vaccination campain | D22: Primary Health Care | E22: 1500000 | F22: 5000000 | G22: =F22-E22 -> 3500000
B23: 16 | C23: Quaterly Task Force Meeting on Polio Eradication and Routine Immunization | D23: Primary Health Care | E23: 300250 | F23: 1000000 | G23: =F23-E23 -> 699750
B24: 17 | C24: Effective Implementation of devolution Exercise in the State, by Executive Secretary | D24: Primary Health Care | E24: 10396320 | F24: 35000000 | G24: =F24-E24 -> 24603680
B25: 18 | C25: Sensitization programme on comm. Paticipation Developmnet in all local Govt. | D25: Min. of Local Govt. | E25: 12103000 | F25: 15000000 | G25: =F25-E25 -> 2897000
B26: 19 | C26: Fuelling and Maintenance of Street light | D26: Electricity Board | E26: 8628000 | F26: 100000000 | G26: =F26-E26 -> 91372000
B27: 20 | C27: Claimant of land Acquired | D27: Housing and Urban Development | E27: 12636939 | F27: 140000000 | G27: =F27-E27 -> 127363061
B28: 21 | C28: Printing of Certificate of No Objection and Payment | D28: Bureau of Public Procurement | E28: 2000000 | F28: 3000000 | G28: =F28-E28 -> 1000000
B29: 22 | C29: Counterpart fund to EKRUWASSA, STWSP, and Donor Support. | D29: Min. of Budget | E29: 53600000
B30: 23 | C30: GCC Fund to STWSP | D30: Min. of Budget | E30: 20000000 | F30: 2000000000 | G30: =F30-E29-E30-E31-E32-E33 -> 1900800000
B31: 24 | C31: Counterpart fund for EKRUWASSA, STWSP donor support | D31: Min. of Budget | E31: 17000000
B32: 25 | C32: 2017 Counterpart fund for EKRUWASSA | D32: Min. of Budget | E32: 6600000
B33: 26 | C33: Conpilation And Documentation of 2018 Annual Capital Project Performance Appraisal report | D33: Min. of Budget | E33: 2000000
B34: 27 | C34: Cash Assistance to less Privilegde | D34: Bureau of productivity and empowerment | E34: =325919850-56511850 -> 269408000
B35: 28 | C35: Social Security Stipend to beneficiary and Monitoring | D35: Bureau of productivity and empowerment | E35: 257902300 | F35: 765000000 | G35: =F35-E34-E35-E36-E37 -> 84226290
B36: 29 | C36: Processing of application of 40,000 Unemployed Youth | D36: Bureau of productivity and empowerment | E36: 105000000
B37: 30 | C37: Transportation fare and Logistic to Pensioners | D37: Bureau of productivity and empowerment | E37: 48463410
C38: TOTAL | E38: =SUM(E8:E37) -> 1.2787146e+09 | F38: =SUM(F8:F37) -> 3910500000 | G38: =SUM(G8:G37) -> 2.7112163e+09

Sheet INTANGIBLE
B1: EKITI STATE OF NIGERIA
B2: FINANCIAL STATEMENTS FOR THE YEAR ENDED 31ST DECEMBER, 2018
B3: NOTES TO THE FINANCIAL STATEMENTS
B4: NOTE 18: SCHEDULE OF INTANGIBLE ASSETS
C6: GOODWILL | D6: PATENT RIGHT | E6: COPYRIGHT | F6: TRADEMARK | G6: SERVICES | H6: TOTAL
B7: DEPRECIATION RATE | C7: 0.05 | D7: 0.05 | E7: 0.1 | F7: 0.2 | G7: 0.25
C8: ₦ | D8: ₦ | E8: ₦ | F8: ₦ | G8: ₦ | H8: ₦
B9: COST AS AT 1/1/18 | C9: 0 | D9: 0 | E9: 0 | F9: 0 | G9: 0 | H9: =SUM(C9:G9) -> 0
B10: ADDITION | C10: 0 | D10: 0 | E10: 0 | F10: 0 | G10: 0 | H10: =SUM(C10:G10) -> 0
B11: DISPOSAL | C11: 0 | D11: 0 | E11: 0 | F11: 0 | G11: 0 | H11: =SUM(C11:G11) -> 0
B12: TRANSFER/ ADJUSTMENT | C12: 0 | D12: 0 | E12: 0 | F12: 0 | G12: 0 | H12: =SUM(C12:G12) -> 0
B13: COST AS AT 31/12/18 | C13: =SUM(C9:C12) -> 0 | D13: =SUM(D9:D12) -> 0 | E13: =SUM(E9:E12) -> 0 | F13: =SUM(F9:F12) -> 0 | G13: =SUM(G9:G12) -> 0 | H13: =SUM(C13:G13) -> 0
B15: AMMORTIZATION AS AT 1/1/18 | C15: 0 | D15: 0 | E15: 0 | F15: 0 | G15: 0 | H15: =SUM(C15:G15) -> 0
B16: CHARGE FOR THE YEAR | C16: 0 | D16: 0 | E16: 0 | F16: 0 | G16: 0 | H16: =SUM(C16:G16) -> 0
B17: DISPOSAL | C17: 0 | D17: 0 | E17: 0 | F17: 0 | G17: 0 | H17: =SUM(C17:G17) -> 0
B18: TRANSFER/ ADJUSTMENT | C18: 0 | D18: 0 | E18: 0 | F18: 0 | G18: 0 | H18: =SUM(C18:G18) -> 0
B19: AS AT 31/12/18 | C19: =SUM(C15:C18) -> 0 | D19: =SUM(D15:D18) -> 0 | E19: =SUM(E15:E18) -> 0 | F19: =SUM(F15:F18) -> 0 | G19: =SUM(G15:G18) -> 0 | H19: =SUM(C19:G19) -> 0
B20: NET BOOK VALUE (31/12/18) | C20: =C13-C19 -> 0 | D20: =D13-D19 -> 0 | E20: =E13-E19 -> 0 | F20: =F13-F19 -> 0 | G20: =G13-G19 -> 0 | H20: =H13-H19 -> 0

Sheet SALARIES (CASH)
B1: EKITI STATE OF NIGERIA
B2: FINANCIAL STATEMENTS FOR THE YEAR ENDED 31ST DECEMBER, 2018
B3: NOTES TO THE FINANCIAL STATEMENTS
B4: NOTE 19: SALARIES AND WAGES (ACTUAL CASH PAYMENT)
B6: S/NO | C6: ADMIN CODE | D6: HEAD | E6: MINISTRIES/DEPARTMENTS/AGENCIES | F6: ACTUAL | G6: BUDGET | H6: VARIANCE
F7: ₦ | G7: ₦ | H7: ₦
E8: ADMINISTRATIVE SECTOR
B9: 1 | C9: 11100100100 | D9: 459-0400 | E9: GOVERNOR OFFICE ( GAD ) | F9: 1.2316495e+08 | G9: 1.4692235e+08 | H9: =G9-F9 -> 23757400
B10: 2 | C10: 011100100200 | D10: 459-1500 | E10: OFFIC OF THE DEPUTY GOVERNOR | F10: 43303686 | G10: 54968843 | H10: =G10-F10 -> 11665158
B11: 3 | C11: 011100300100 | D11: 459-5400 | E11: EKITI STATE BOUNDARY COMMISSION | F11: 9191241.1 | G11: 15276508 | H11: =G11-F11 -> 6085266.7
B12: 4 | C12: 011100800100 | D12: 458-1200 | E12: STATE EMERGENCY MANAGEMENT AGENCY (SEMA) | F12: 15229127 | G12: 16017043 | H12: =G12-F12 -> 787916
B13: 5 | C13: 011101300200 | D13: 459-5100 | E13: POLITICAL AND ECONOMIC AFFAIRS DEPARTMENT. | F13: 57803946 | G13: 43048788 | H13: =G13-F13 -> -14755158
B14: 6 | C14: 011101300200 | D14: 459-5102 | E14: POLITICAL APPOINTEES (P&E) | F14: 6.8477862e+08 | G14: 8.516412e+08 | H14: =G14-F14 -> 1.6686258e+08
B15: 7 | C15: 011102100100 | D15: 459-0900 | E15: EKITI STATE LIAISON OFFICE -LAGOS | F15: 8148856.3 | G15: 15525045 | H15: =G15-F15 -> 7376188.4
B16: 8 | C16: 011102100200 | D16: 459-1000 | E16: EKITI STATE LIAISON OFFICE -ABUJA | F16: 10952147 | G16: 15945744 | H16: =G16-F16 -> 4993597.9
B17: 9 | C17: 011103700100 | D17: 459-1900 | E17: MUSLIM PILGRIM WELFARE BOARD | F17: 9766017.8 | G17: 17206254 | H17: =G17-F17 -> 7440236.6
B18: 10 | C18: 011103800100 | D18: 459-1800 | E18: CHRISTIAN PILGRIM WELFARE BOARD | F18: 13794480 | G18: 19393965 | H18: =G18-F18 -> 5599485.1
B19: 11 | C19: 011104400100 | D19: 458-1100 | E19: MINISTRY OF SPECIAL DUTIES | G19: 89559.86 | H19: =G19-F19 -> 89559.86
B20: 12 | C20: 011111300100 | D20: 459-1600 | E20: GOVERNMENT HOUSE AND PROTOCOL | F20: 1.4461592e+08 | G20: 1.649565e+08 | H20: =G20-F20 -> 20340586
B21: 13 | C21: 011111300500 | D21: 459-3000 | E21: CABINET DEPARTMENT GOV. OFFICE | F21: 36675892 | G21: 49726624 | H21: =G21-F21 -> 13050732
B22: 14 | C22: 011113200100 | D22: 459-2000 | E22: INTEGRATION & INTER-GOVERNMENTAL AFFAIRS | F22: 4821244.3 | G22: 18338382 | H22: =G22-F22 -> 13517138
B23: 15 | C23: 011200300100 | D23: 459-2100 | E23: HOUSE OF ASSEMBLY | F23: 4.2561476e+08 | G23: 4.8677012e+08 | H23: =G23-F23 -> 61155360
B24: 16 | C24: 012300100100 | D24: 457-0100 | E24: MINISTRY OFINFORMATION, YOUTH AND SPORTS DEVELOPMENT | F24: 1.1011902e+08 | G24: 1.2096556e+08 | H24: =G24-F24 -> 10846539
B25: 17 | C25: 012300300100 | D25: 457-0200 | E25: BROADCASTING SERVICE OF EKITI STATE | F25: 1.9335225e+08 | G25: 1.9479375e+08 | H25: =G25-F25 -> 1441493.5
B26: 18 | C26: 012500500100 | D26: 459-2300 | E26: OFFICE OF ESTABLISHMENT AND TRAINING | F26: 88564046 | G26: 100000000 | H26: =G26-F26 -> 11435954
B27: 19 | C27: 014000100100 | D27: 459-2800 | E27: STATE AUDITOR GENERAL OFFICE | F27: 86361734 | G27: 97606936 | H27: =G27-F27 -> 11245202
B28: 20 | C28: 014000100100 | D28: 459-2900 | E28: AUDITOR GENERAL FOR LOCAL GOVT. | F28: 43913187 | G28: 61845154 | H28: =G28-F28 -> 17931967
B29: 21 | C29: 014700100100 | D29: 459-3900 | E29: CIVIL SERVICE COMMISSION | F29: 44847412 | G29: 55883386 | H29: =G29-F29 -> 11035974
B30: 22 | C30: 014700300100 | D30: 459-2700 | E30: EKITI STATE LOCAL GOVERNMENT SERVICE COMMISSION | F30: 1248845.7 | G30: 1215152 | H30: =G30-F30 -> -33693.66
B31: 23 | C31: 014800100100 | D31: 459-4100 | E31: STATE INDEPENDENT ELECTORAL COMMISSION | F31: 66226016 | G31: 77162154 | H31: =G31-F31 -> 10936138
E32: TOTAL ADMINISTRATIVE SECTOR | F32: =SUM(F9:F31) -> 2.2224934e+09 | G32: =SUM(G9:G31) -> 2.625299e+09 | H32: =SUM(H9:H31) -> 4.0280562e+08
E33: ECONOMIC SECTOR
B34: 24 | C34: 021500100100 | D34: 451-0100 | E34: MINISTRY OF AGRICULTURE AND RURAL DEVELOPMENT | F34: 4.4095842e+08 | G34: 4.8616275e+08 | H34: =G34-F34 -> 45204333
B35: 25 | C35: 021502100200 | D35: 455-0200 | E35: SCHOOL AGRICULTURE AND ENTERPRISE | F35: 8432433.4 | G35: 19999604 | H35: =G35-F35 -> 11567170
B36: 26 | C36: 021510200100 | D36: 451-0500 | E36: AGRICULTURAL DEVELOPMENT PROJECT | F36: 1.7245786e+08 | G36: 1.9493838e+08 | H36: =G36-F36 -> 22480524
B37: 27 | C37: 021511000100 | D37: 451-0300 | E37: FOUNTAIN AGRIC MARKETING AGENCY | F37: 24416304 | G37: 33052135 | H37: =G37-F37 -> 8635832
B38: 28 | C38: 022000100100 | D38: 453-0400 | E38: MINISTRY OF FINANCE AND ECONOMIC DEVELOPMENT | F38: 2.2304163e+08 | G38: 2.678742e+08 | H38: =G38-F38 -> 44832568
B39: 29 | C39: 022000800100 | D39: 459-3800 | E39: INTERNAL REVENUE SERVICE | F39: 1.7931017e+08 | G39: 206741931 | H39: =G39-F39 -> 27431757
B40: 30 | C40: 022000800300 | D40: 459-0800 | E40: EKITI STATE SIGNAGE AND ADVERTISEMENT (IRS) | F40: 341821.9 | G40: 2445047.2 | H40: =G40-F40 -> 2103225.3
B41: 31 | C41: 022200100100 | D41: 452-0100 | E41: MINISTRY OF COMMERCE, INDUSTRIES AND COOPERATIVES | F41: 1.9052732e+08 | G41: 2.2212702e+08 | H41: =G41-F41 -> 31599694
B42: 32 | C42: 022200100600 | D42: 454-0300 | E42: MULTI PURPOSE CREDIT AGENCY | F42: 33711474 | G42: 37662941 | H42: =G42-F42 -> 3951466.7
B43: 33 | C43: 022700500100 | D43: 454-0200 | E43: JOB CREATION AND EMPLOYMENT AGENCY | F43: 10543398 | G43: 12046137 | H43: =G43-F43 -> 1502739
B44: 34 | C44: 023100300100 | D44: 454-0600 | E44: EKITI STATE ELECTRICITY BOARD | F44: 70365578 | G44: 82630339 | H44: =G44-F44 -> 12264760
B45: 35 | C45: 023400100100 | D45: 454-1000 | E45: MINISTRY OF WORKS AND TRANSPORT | F45: 2.8631843e+08 | G45: 3.1710633e+08 | H45: =G45-F45 -> 30787901
... B47: 37 | C47: 023400400100 | D47: 454-1400 | E47: EKITI STATE ROAD MAINTENANCET AGENCY (EKROMA) | F47: 20133899 | G47: 24363643 | H47: =G47-F47 -> 4229744.2
B48: 38 | C48: 023600400200 | D48: 453-0100 | E48: BUREAU OF TOURISM ART AND CULTURE | F48: =52493708.43+16669295.02 -> 69163003 | G48: 94256913 | H48: =G48-F48 -> 25093910
B49: 39 | C49: 023800100100 | D49: 459-3100 | E49: MINISTRY OF BUDGET AND ECONOMIC PLANNING | F49: 71776385 | G49: 93500259 | H49: =G49-F49 -> 21723873
B50: 40 | C50: 023800400100 | D50: 459-3200 | E50: BUREAU OF STATISTICS | F50: 25383206 | G50: 36590539 | H50: =G50-F50 -> 11207333
B51: 41 | C51: 025210200100 | D51: 454-0800 | E51: EKITI STATE WATER CORPORATION | F51: 3.1757686e+08 | G51: 3.5239409e+08 | H51: =G51-F51 -> 34817231
B52: 42 | C52: 025210300100 | D52: 454-0900 | E52: RURAL WATER SUPPLY AND SANITATION AGENCY | F52: 32730803 | G52: 39196983 | H52: =G52-F52 -> 6466179.6
B53: 43 | C53: 025300100100 | D53: 458-0100 | E53: MINISTRY OF LAND, HOUSING AND URBAN DEVELOPMENT | F53: 96885089 | G53: 1.3601133e+08 | H53: =G53-F53 -> 39126241
B54: 44 | C54: 025301000100 | D54: 458-0200 | E54: STATE HOUSING CORPORATION | F54: 85246621 | G54: 1.0693338e+08 | H54: =G54-F54 -> 21686758
B55: 45 | C55: 025305600100 | D55: 458-0600 | E55: URBAN RENEWAL AGENCY | F55: 7667929.1 | G55: 15140161 | H55: =G55-F55 -> 7472232.2
B56: 46 | C56: 026100100100 | D56: 454-0500 | E56: MINISTRY OF PUBLIC UTILITIES | F56: 58609983 | G56: 67359695 | H56: =G56-F56 -> 8749711.4
E57: TOTAL ECONOMICS SECTOR | F57: =SUM(F34:F56) -> 2.4509596e+09 | G57: =SUM(G34:G56) -> 2.8806748e+09 | H57: =SUM(H34:H56) -> 4.2971517e+08
E58: LAW AND JUSTICE SECTOR
B59: 47 | C59: 032600100100 | D59: 459-0100 | E59: MINISTRY OF JUSTICE | F59: 1.8371454e+08 | G59: 1.9511068e+08 | H59: =G59-F59 -> 11396138
E60: TOTAL LAW AND JUSTICE SECTOR | F60: =SUM(F59) -> 1.8371454e+08 | G60: =SUM(G59) -> 1.9511068e+08 | H60: =SUM(H59) -> 11396138
E61: REGIONAL SECTOR
E62: TOTAL REGIONAL SECTOR
E63: SOCIAL SECTOR
B64: 48 | C64: 051400100100 | D64: 457-0600 | E64: MINISTRY OF WOMEN AFFAIRS, GENDER EMPOWERMENT &SOCIAL WELFARE | F64: 86969635 | G64: 1.4841685e+08 | H64: =G64-F64 -> 61447219
B65: 49 | C65: 051700100100 | D65: 455-0100 | E65: MINISTRY OF EDUCATION, SCIENCE AND TECHNOLOGY | F65: 5.3155459e+08 | G65: 6.8439441e+08 | H65: =G65-F65 -> 1.5283982e+08
B66: 50 | C66: 051700100100 | D66: 455-0110 | E66: SEPIP (MINISTRY OF EDUCATION) | H66: =G66-F66 -> 0
B67: 51 | C67: 051700300100 | D67: 455-0400 | E67: STATE UNIVERSAL BASIC EDUCATION BOARD | F67: 3.8532131e+08 | G67: 4.1315169e+08 | H67: =G67-F67 -> 27830384
B68: 52 | C68: 051700800100 | D68: 455-0800 | E68: EKITI STATE LIBRARY BOARD | F68: 12573596 | G68: 22733345 | H68: =G68-F68 -> 10159749
B69: 53 | C69: 051702600000 | D69: 455-1300 | E69: NON-TEACHING STAFF (TSC) HQ | F69: 1.5112287e+08 | G69: 2.5000239e+08 | H69: =G69-F69 -> 98879526
B70: 54 | C70: 051705400100 | D70: 455-0700 | E70: STATE TEACHING SERVICE COMMISSION (SECONDARY SCHOOL TEACHERS) | F70: 8.7743122e+09 | G70: 1.0373789e+10 | H70: =G70-F70 -> 1.5994772e+09
B71: 55 | C71: 051705500100 | D71: 455-0500 | E71: BOARD FOR TECHNICAL AND VOCATIONAL EDUCATION | F71: 94696359 | G71: 1.2182287e+08 | H71: =G71-F71 -> 27126516
B72: 56 | C72: 051705500200 | D72: 455-0600 | E72: AGENCY FOR ADULT AND NON-FORMAL EDUCATION | F72: 43535094 | G72: 57698059 | H72: =G72-F72 -> 14162965
B73: 57 | C73: 051705600100 | D73: 455-0300 | E73: STATE SCHOLARSHIP BOARD | F73: 15102785 | G73: 20150607 | H73: =G73-F73 -> 5047822
B74: 58 | C74: 051705600200 | D74: 455-0900 | E74: EDUCATION TRUST(ENDOWMENT) FUND | F74: 16443668 | G74: 20663026 | H74: =G74-F74 -> 4219358
B75: 59 | C75: 052100100100 | D75: 456-0100 | E75: MINISTRY OF HEALTH | F75: 3.0957518e+08 | G75: 3.5083177e+08 | H75: =G75-F75 -> 41256596
B76: 60 | C76: 052100300100 | D76: 456-0400 | E76: PRIMARY HEALTHCARE DEVELOPMENT AGENCY | F76: 17923843 | G76: 25653968 | H76: =G76-F76 -> 7730125.1
B77: 61 | C77: 052110200100 | D77: 456-0600 | E77: HOSPITAL MANAGEMENT BOARD | F77: 2.5506843e+09 | G77: 2.8042481e+09 | H77: =G77-F77 -> 2.5356375e+08
B78: 62 | C78: 052111300100 | D78: 456-0500 | E78: CENTRAL MEDICAL STORE | F78: 17726098 | G78: 18324173 | H78: =G78-F78 -> 598074.75
... B83: 67 | C83: 0505100100100 | D83: 459-1300 | E83: MINISTRY FOR LOCAL GOVERNMENT, COMMUNITY DEVELOPMENT AND CHIEFTANCY AFFAIRS-STATE | F83: 65785263 | G83: 84367426 | H83: =G83-F83 -> 18582163
E84: TOTAL SOCIAL SECTOR | F84: =SUM(F64:F83) -> 1.3333891e+10 | G84: =SUM(G64:G83) -> 1.5699473e+10 | H84: =SUM(H64:H83) -> 2.3655821e+09
E86: PERSONEL COST SUMMARY
E87: ADMINISTRATION SECTOR | F87: =F32 -> 2.2224934e+09 | G87: =G32 -> 2.625299e+09 | H87: =H32 -> 4.0280562e+08
E88: ECONOMIC SECTOR | F88: =F57 -> 2.4509596e+09 | G88: =G57 -> 2.8806748e+09 | H88: =H57 -> 4.2971517e+08
E89: LAW AND JUSTICE SECTOR | F89: =F60 -> 1.8371454e+08 | G89: =G60 -> 1.9511068e+08 | H89: =H60 -> 11396138
E90: REGIONAL SECTOR | F90: =F62 -> 0 | G90: =G62 -> 0 | H90: =H62 -> 0
E91: SOCIAL SECTOR | F91: =F84 -> 1.3333891e+10 | G91: =G84 -> 1.5699473e+10 | H91: =H84 -> 2.3655821e+09
E92: TOTAL (A) | F92: =SUM(F87:F91) -> 1.8191058e+10 | G92: =SUM(G87:G91) -> 2.1400557e+10 | H92: =SUM(H87:H91) -> 3.209499e+09
E94: CORPERS ALLOWANCE | F94: 42462924 | G94: 52474134 | H94: =G94-F94 -> 10011211
E95: REPATRIATION | F95: 3421348.9 | G95: 15314221 | H95: =G95-F95 -> 11892873
E96: LOCUM / INTERN | F96: 0 | G96: 972121.63 | H96: =G96-F96 -> 972121.63
E97: LEAVE BONUS (2016) | F97: 7.1569958e+08 | G97: 1.4449549e+09 | H97: =G97-F97 -> 7.2925535e+08
E98: STATE HEALTH INSURANCE SCHEME (SHIS) | F98: 0 | G98: 0 | H98: =G98-F98 -> 0
E99: CHRISTMAS BONUS | F99: 0 | G99: 0 | H99: =G99-F99 -> 0
E100: TOTAL (B) | F100: =SUM(F94:F99) -> 7.6158385e+08 | G100: =SUM(G94:G99) -> 1.5137154e+09 | H100: =SUM(H94:H99) -> 7.5213156e+08
E101: TOTAL C= (A+B) | F101: =F92+F100 -> 1.8952642e+10
E102: ADD UNREMITTED DEDUCTION (2017) D | F102: 1.2657507e+09
E103: GRAND TOTAL C+D | F103: =F101+F102 -> 2.0218393e+10
E104: LESS UNREMITTED DEDUCTION (2018) | F104: =F103-F105 -> 1.7676519e+09
E105: ACTUAL AMOUNT PAID | F105: 1.8450741e+10 | G105: =G100+G92 -> 2.2914273e+10 | H105: =H100+H92 -> 3.9616306e+09
B107: NOTE 19B: RURAL AND CORE SUBJECT ALLOWANCE FOR TEACHERS
B108: 1 | C108: 051700100100 | D108: 455-0110 | E108: SEPIP (MINISTRY OF EDUCATION) | F108: 4145247.7 | G108: 22303041 | H108: =G108-F108 -> 18157793
B109: 2 | C109: 051700300100 | D109: 455-0410 | E109: SEPIP (SUBEB) | F109: 1.0815854e+08 | G109: 2.0374493e+08 | H109: =G109-F109 -> 95586389
...

Sheet SOCIAL BENIFITS (CASH)
B1: EKITI STATE OF NIGERIA
B2: FINANCIAL STATEMENTS FOR THE YEAR ENDED 31ST DECEMBER, 2018
B3: NOTES TO THE FINANCIAL STATEMENTS
B4: NOTE 20: SOCIAL BENEFITS (ACTUAL CASH PAYMENT)
D6: 2018 | G6: 2017
B7: HEAD | C7: DETALS | D7: ACTUAL | E7: BUDGET | F7: VARIANCE | G7: ACTUAL
D8: ₦ | E8: ₦ | F8: ₦ | G8: ₦
B9: 434001 | C9: PENSION | D9: 5040350114 | E9: 5100000000 | F9: =E9-D9 -> 59649886 | G9: 1.6935788e+09
B10: 434002 | C10: GRATUITY | D10: 2.3158979e+08 | E10: 1000000000 | F10: =E10-D10 -> 7.6841021e+08 | G10: 0
B11: 434017 | C11: PENSION/MAINTENANCE FOR PAST POLITICAL OFFICE HOLDERS (GOVS. & DEP. GOVS.) | D11: 0 | E11: 50048060 | F11: =E11-D11 -> 50048060 | G11: 0
C12: TOTAL | D12: =SUM(D9:D11) -> 5.2719399e+09 | E12: =SUM(E9:E11) -> 6.1500481e+09 | F12: =SUM(F9:F11) -> 878108160 | G12: =SUM(G9:G11) -> 1.6935788e+09
B15: NOTE 21: PUBLIC DEBT CHARGES
D16: 2018 | G16: 2017
B17: HEAD | C17: DETALS | D17: ACTUAL | E17: BUDGET | F17: VARIANCE | G17: ACTUAL
D18: ₦ | E18: ₦ | F18: ₦ | G18: ₦
B19: 434003 | C19: LEGAL CHARGES | D19: 65000000 | E19: 550000000 | F19: =E19-D19 -> 485000000 | G19: 60550000
B20: 434003 | C20: FIRS TAX LIABILITY REPAYMENT | D20: 1.9327882e+08
B21: 434003 | C21: FORENSIC CONSULTANCY | D21: 2.3621007e+08 | E21: 1.1472864e+10 | F21: =E21-D20-D21-D23 -> 6.4040755e+09
B22: 434005 | C22: FOREIGN LOAN INTEREST CHARGES | D22: 1.9152335e+08 | F22: =E22-D22 -> -1.9152335e+08
B23: 434005 | C23: DOMESTIC LOAN INTEREST CHARGES | D23: ='D LOANS REPYT '!H19 -> 4.6392996e+09 | G23: 7.0284303e+09
C24: TOTAL | D24: =SUM(D19:D23) -> 5.3253118e+09 | E24: =SUM(E19:E23) -> 1.2022864e+10 | F24: =SUM(F19:F23) -> 6.6975522e+09 | G24: =SUM(G19:G23) -> 7.0889803e+09
E26: =E24+E12 -> 1.8172912e+10

Sheet OVERHEAD (CASH)
B1: EKITI STATE OF NIGERIA
B2: FINANCIAL STATEMENTS FOR THE YEAR ENDED 31ST DECEMBER, 2018
B3: NOTES TO THE FINANCIAL STATEMENTS
B4: NOTE 22: OVERHEAD COST (ACTUAL CASH PAYMENT)
B6: S/NO | C6: ADMIN CODE | D6: HEAD | E6: MINISTRIES/DEPARTMENTS/AGENCIES | F6: ACTUAL | G6: BUDGET | H6: VARIANCE
F7: ₦ | G7: ₦ | H7: ₦
E8: ADMINISTRATIVE SECTOR
B9: 1 | C9: 011100100100 | D9: 459-0400 | E9: GOVERNOR OFFICE ( GAD ) | F9: 19599913 | G9: 20000000 | H9: =G9-F9 -> 400086.71
B10: 2 | C10: 011100100101 | D10: 459-1001 | E10: EKITI STATE GOVERNORS LODGE, ABUJA | F10: 2860000 | G10: 7937277.1 | H10: =G10-F10 -> 5077277.1
B11: 3 | C11: 011100100200 | D11: 459-1500 | E11: OFFIC OF THE DEPUTY GOVERNOR | F11: 143400490 | G11: 1.4740657e+08 | H11: =G11-F11 -> 4006084.1
B12: 4 | C12: 011100100201 | D12: 459-1002 | E12: EKITI STATE DEPUTY GOVERNORS LODGE, ABUJA | F12: 1300000 | G12: 3401690.2 | H12: =G12-F12 -> 2101690.2
B13: 5 | C13: 011100200101 | D13: 459-1606 | E13: OFFICE OF THE SPECIAL ADVISER GOVERNORS OFFICE (GH&P) | F13: 0 | G13: 2535586.9 | H13: =G13-F13 -> 2535586.9
B14: 6 | C14: 011100200118 | D14: 459-0410 | E14: OFFICE OF PRIVATE SECRETARY TO GOVERNOR (GH&P) | F14: 0 | G14: 1020507.1 | H14: =G14-F14 -> 1020507.1
B15: 7 | C15: 011100300100 | D15: 459-5400 | E15: EKITI STATE BOUNDARY COMMISSION | F15: 1200000 | G15: 2551267.6 | H15: =G15-F15 -> 1351267.6
B16: 8 | C16: 011100300200 | D16: 459-5901 | E16: BOUNDARY TECHNICAL COMMITTEE(D-GOV) | F16: 0 | G16: 5669483.6 | H16: =G16-F16 -> 5669483.6
B17: 9 | C17: 011100800100 | D17: 458-1200 | E17: STATE EMERGENCY MANAGEMENT AGENCY (SEMA) | F17: 660000 | G17: 1700845.1 | H17: =G17-F17 -> 1040845.1
B18: 10 | C18: 011101000100 | D18: 459-0700 | E18: BUREAU OF PUBLIC PROCUREMENT (BPP) | F18: 2270000 | G18: 5303380.3 | H18: =G18-F18 -> 3033380.3
B19: 11 | C19: 011101000200 | D19: 459-3108 | E19: STATE PROJECTS MONITORING AND EVALUATION OFFICE | F19: 1200000 | G19: 4000000 | H19: =G19-F19 -> 2800000
B20: 12 | C20: 011101000300 | D20: 459-5902 | E20: PROJECT EVALUATION COMMITTEE | F20: 900000 | G20: 1700845.1 | H20: =G20-F20 -> 800845.09
... B47: 39 | C47: 011200400100 | D47: 459-2200 | E47: HOUSE OF ASSEMBLY SERVICE COMMISSION | F47: 6500000 | G47: 17000000 | H47: =G47-F47 -> 10500000
B48: 40 | C48: 12300100100 | D48: 457-0102 | E48: MINISTRY OF INFORMATION, YOUTH AND SPORT (CIVIC ORIENTATION) | F48: 4800000 | G48: 6803380.3 | H48: =G48-F48 -> 2003380.3
B49: 41 | C49: 012300300100 | D49: 457-0200 | E49: BROADCASTING SERVICE OF EKITI STATE | F49: =2078358.48+38683681 -> 40762039 | G49: 3000000 | H49: =G49-F49 -> -37762039
B50: 42 | C50: 012301300100 | D50: 457-0300 | E50: GOVERNMENT PRINTING PRESS | F50: 0 | G50: 1500000 | H50: =G50-F50 -> 1500000
B51: 43 | C51: 012400700100 | D51: 458-1102 | E51: EKITI STATE FIRE SERVICE | F51: 2400000 | G51: 4803380.3 | H51: =G51-F51 -> 2403380.3
B52: 44 | C52: 012500100100 | D52: 459-0600 | E52: OFFICE OF THE HEAD OF SERVICE | F52: 11050000 | G52: 20000000 | H52: =G52-F52 -> 8950000
B53: 45 | C53: 012500100200 | D53: 459-3901 | E53: PERSONNEL DEPARTMENT (CSC) | F53: 1320000 | G53: 1800000 | H53: =G53-F53 -> 480000
B54: 46 | C54: 012500500100 | D54: 459-2300 | E54: OFFICE OF ESTABLISHMENT AND TRAINING | F54: 98766200 | G54: 150000000 | H54: =G54-F54 -> 51233800
B55: 47 | C55: 012500500200 | D55: 459-2302 | E55: ESTABLISHMENT AND MANAGEMENT SERVICES DEPT. (ESTABS) | F55: 2100000 | G55: 3000000 | H55: =G55-F55 -> 900000
B56: 48 | C56: 012500500300 | D56: 459-2304 | E56: PENSIONS DEPARTMENT (ESTABS) | F56: 960000 | G56: 2500000 | H56: =G56-F56 -> 1540000
B57: 49 | C57: 012500500400 | D57: 459-2305 | E57: STAFF MATTERS AND INDUSTRIAL RELATIONS DEPARTMENT (ESTABS) | F57: 1100000 | G57: 2500000 | H57: =G57-F57 -> 1400000
B58: 50 | C58: 012500500500 | D58: 459-2306 | E58: TRAINING AND MANPOWER DEPARTMENT (ESTABS) | F58: 1100000 | G58: 3500000 | H58: =G58-F58 -> 2400000
B59: 51 | C59: 012500500600 | D59: 459-2400 | E59: STAFF DEVELOPMENT CENTRE (ESTABS) | F59: 1100000 | G59: 6000000 | H59: =G59-F59 -> 4900000
B60: 52 | C60: 012500500700 | D60: 459-2500 | E60: STAFF HOUSING LOANS BOARD (ESTABS) | F60: 562673.34 | G60: 1700000 | H60: =G60-F60 -> 1137326.7
B61: 53 | C61: 012500500800 | D61: 459-2307 | E61: PEER REVIEW FORUM FOR HEAD OF SERVICE AND PERMANENT SECRETARIES (ESTABS) | F61: 3000000 | G61: 5000000 | H61: =G61-F61 -> 2000000
... B73: 65 | C73: 014800100100 | D73: 459-4100 | E73: STATE INDEPENDENT ELECTORAL COMMISSION | F73: 12000000 | G73: 14000000 | H73: =G73-F73 -> 2000000
E74: TOTAL ADMINISTRATIVE SECTOR | F74: =SUM(F9:F73) -> 2.1323811e+09 | G74: =SUM(G9:G73) -> 2.7655741e+09 | H74: =SUM(H9:H73) -> 6.3319304e+08
E75: ECONOMIC SECTOR
B76: 66 | C76: 021500100100 | D76: 451-0100 | E76: MINISTRY OF AGRICULTURE AND RURAL DEVELOPMENT | F76: 4402500 | G76: 8000000 | H76: =G76-F76 -> 3597500
B77: 67 | C77: 021500100200 | D77: 451-1100 | E77: RURAL DEVELOPMENT | F77: 2200000 | G77: 3968638.5 | H77: =G77-F77 -> 1768638.5
B78: 68 | C78: 021500100300 | D78: 451-0200 | E78: DIRECTORATE OF FARM SETTLEMENT AND PEASANT FARMER DEVELOPMENT | F78: 660000 | G78: 2834741.8 | H78: =G78-F78 -> 2174741.8
B79: 69 | C79: 021502100200 | D79: 455-0200 | E79: SCHOOL AGRICULTURE AND ENTERPRISE | F79: 660000 | G79: 1524608.5 | H79: =G79-F79 -> 864608.46
B80: 70 | C80: 021510200100 | D80: 451-0500 | E80: AGRICULTURAL DEVELOPMENT PROJECT | F80: 6135000 | G80: 7000000 | H80: =G80-F80 -> 865000
B81: 71 | C81: 021510200200 | D81: 451-0600 | E81: FADAMA PROJECT | F81: 450000 | G81: 2000000 | H81: =G81-F81 -> 1550000
B82: 72 | C82: 021510200400 | D82: 459-5900 | E82: STATE COMMITTEE ON FOOD AND NUTRITION (UNICEF ASSISTED) | F82: 600000 | G82: 5653802.9 | H82: =G82-F82 -> 5053802.9
B83: 73 | C83: 021510900100 | D83: 458-0800 | E83: FORESTRY DEPARTMENT | F83: 352000 | G83: 2000000 | H83: =G83-F83 -> 1648000
B84: 74 | C84: 021511000100 | D84: 451-0300 | E84: FOUNTAIN AGRIC MARKETING AGENCY | F84: 1440000 | G84: 4800000 | H84: =G84-F84 -> 3360000
B85: 75 | C85: 022000100100 | D85: 453-0400 | E85: MINISTRY OF FINANCE AND ECONOMIC DEVELOPMENT | F85: 58933500 | G85: 60000000 | H85: =G85-F85 -> 1066500
B86: 76 | C86: 022000200100 | D86: 453-0403 | E86: DEBT MANAGEMENT OFFICE | F86: 2990000 | G86: 3401690.2 | H86: =G86-F86 -> 411690.17
B87: 77 | C87: 022000300100 | D87: 459-3104 | E87: BUDGET DEPARTMENT | F87: 3240000 | G87: 6500000 | H87: =G87-F87 -> 3260000
... B142: 132 | C142: 026100100100 | D142: 454-0500 | E142: MINISTRY OF PUBLIC UTILITIES | F142: 9022000 | G142: 20000000 | H142: =G142-F142 -> 10978000
B143: 133 | C143: 23100300200 | D143: 454-0601 | E143: MONITORING OF GOVT. HOUSE PREMISES/TOWN ELECT. | F143: 600000 | G143: 3000000 | H143: =G143-F143 -> 2400000
B144: 134 | C144: 026100100200 | D144: 459-4300 | E144: UTILITY SERVICE DEPARTMENT | F144: 1200000 | G144: 6000000 | H144: =G144-F144 -> 4800000
B145: 135 | C145: 023800100300 | D145: 459-3115 | E145: ACTIVITIES OF THE NATIONAL CASH TRANSFER OFFICE | F145: 600000 | G145: 2000000 | H145: =G145-F145 -> 1400000
B146: 136 | C146: 052100100200 | D146: 459-3114 | E146: DEVELOPMENT PARTNERS AND AIDS COORDINATION (MBEP) | F146: 600000 | G146: 3000000 | H146: =G146-F146 -> 2400000
B147: 137 | C147: 022000300100 | D147: 459-3113 | E147: MEDIUM TERM EXPENDITURE FRAMEWORK | F147: 1200000 | G147: 4000000 | H147: =G147-F147 -> 2800000
E148: TOTAL ECONOMIC SECTOR | F148: =SUM(F76:F147) -> 3.7112575e+08 | G148: =SUM(G76:G147) -> 6.1806879e+08 | H148: =SUM(H76:H147) -> 2.4694304e+08
E150: SOCIAL SECTOR
B151: 138 | C151: 051305100100 | D151: 457-0400 | E151: YOUTH DEVELOPMENT | F151: 1680000 | G151: 2551267.6 | H151: =G151-F151 -> 871267.63
B152: 139 | C152: 051305200100 | D152: 459-3110 | E152: YOUTH EMPLOYMENT AND SOCIAL SUPPORT OPERATION (YESSO) | F152: 900000 | G152: 5000000 | H152: =G152-F152 -> 4100000
B153: 140 | C153: 051400100100 | D153: 457-0600 | E153: MINISTRY OF WOMEN AFFAIRS, GENDER EMPOWERMENT &SOCIAL WELFARE | F153: 5200000 | G153: 10037277 | H153: =G153-F153 -> 4837277.1
B154: 141 | C154: 051400200200 | D154: 457-0700 | E154: WOMEN DEVELOPMENT CENTRE, IGEDE-EKITI (WOMENT AFFAIRS) | F154: 81000 | G154: 566948.36 | H154: =G154-F154 -> 485948.36
B155: 142 | C155: 051405500100 | D155: 457-0601 | E155: STATE CHILD'S RIGHT IMPLEMENTATION AND MONITORING COMMITTEE (WOMEN AFFAIRS) | F155: 879000 | G155: 1530760.6 | H155: =G155-F155 -> 651760.58
B156: 143 | C156: 051700100100 | D156: 455-0100 | E156: MINISTRY OF EDUCATION, SCIENCE AND TECHNOLOGY | F156: 3600000 | G156: 7000000 | H156: =G156-F156 -> 3400000
B157: 144 | C157: 051700300100 | D157: 455-0400 | E157: STATE UNIVERSAL BASIC EDUCATION BOARD | F157: 22483500 | G157: 36000000 | H157: =G157-F157 -> 13516500
B158: 145 | C158: 051700800100 | D158: 455-0800 | E158: EKITI STATE LIBRARY BOARD | F158: 1980000 | G158: 3000000 | H158: =G158-F158 -> 1020000
B159: 146 | C159: 051700900100 | D159: 455-0106 | E159: MONITORING OF PUBLIC SCHOOLS | F159: 1200000 | G159: 2721352.1 | H159: =G159-F159 -> 1521352.1
B160: 147 | C160: 051705400100 | D160: 455-0700 | E160: STATE TEACHING SERVICE COMMISSION | F160: 13820000 | G160: 20000000 | H160: =G160-F160 -> 6180000
B161: 148 | C161: 051705500100 | D161: 455-0500 | E161: BOARD FOR TECHNICAL AND VOCATIONAL EDUCATION | F161: 440000 | G161: 1700000 | H161: =G161-F161 -> 1260000
B162: 149 | C162: 051705500200 | D162: 455-0600 | E162: AGENCY FOR ADULT AND NON-FORMAL EDUCATION | F162: 480000 | G162: 1700000 | H162: =G162-F162 -> 1220000
... B185: 172 | C185: 0505100300100 | D185: 459-1401 | E185: EKITI STATE COUNCIL OF OBAS | F185: 11715784 | G185: 14000000 | H185: =G185-F185 -> 2284216
E186: TOTAL SOCIAL SECTOR | F186: =SUM(F151:F185) -> 1.0220895e+08 | G186: =SUM(G151:G185) -> 1.9534011e+08 | H186: =SUM(H151:H185) -> 93131156
E188: REGIONAL SECTOR
B189: 173 | C189: 045102100200 | D189: 459-4400 | E189: SERVE-EKS | F189: 960000 | G189: 1530760.6 | H189: =G189-F189 -> 570760.58
B190: 174 | C190: 045102100300 | D190: 459-4401 | E190: SERVE-EKS STEERING COMMITTEE | F190: 120000 | G190: 510253.53 | H190: =G190-F190 -> 390253.53
E191: TOTAL REGIONAL SECTOR | F191: =SUM(F189:F190) -> 1080000 | G191: =SUM(G189:G190) -> 2041014.1 | H191: =SUM(H189:H190) -> 961014.11
E193: LAW AND JUSTICE SECTOR
B194: 175 | C194: 032600100100 | D194: 459-0100 | E194: MINISTRY OF JUSTICE | F194: 5860000 | G194: 7205070.5 | H194: =G194-F194 -> 1345070.5
B195: 176 | C195: 032600700200 | E195: NEWLY CREATED MDAs | F195: 0 | G195: 10813766 | H195: =G195-F195 -> 10813766
B196: 177 | C196: 032600700200 | D196: 459-5700 | E196: OFFICE OF PUBLIC DEFENDER | F196: 1650500 | G196: 5200000 | H196: =G196-F196 -> 3549500
B197: 178 | C197: 032600700300 | D197: 459-0103 | E197: PUBLIC COMPLAINT COMMISSION | F197: 500000 | G197: 2000000 | H197: =G197-F197 -> 1500000
B198: 179 | C198: 012500100300 | D198: 459-0415 | E198: GOVERNMENT ASSET UNIT | F198: 650000 | G198: 2500000 | H198: =G198-F198 -> 1850000
E199: TOTAL LAW AND JUSTICE SECTOR | F199: =SUM(F194:F198) -> 8660500 | G199: =SUM(G194:G198) -> 27718836 | H199: =SUM(H194:H197) -> 17208336
E202: SUMMARY
E203: ADMINISTRATIVE SECTOR | F203: =F74 -> 2.1323811e+09 | G203: =G74 -> 2.7655741e+09 | H203: =H74 -> 6.3319304e+08
E204: ECONOMIC SECTOR | F204: =F148 -> 3.7112575e+08 | G204: =G148 -> 6.1806879e+08 | H204: =H148 -> 2.4694304e+08
E205: SOCIAL SECTOR | F205: =F186 -> 1.0220895e+08 | G205: =G186 -> 1.9534011e+08 | H205: =H186 -> 93131156
E206: REGIONAL SECTOR | F206: =F191 -> 1080000 | G206: =G191 -> 2041014.1 | H206: =H191 -> 961014.11
E207: LAW AND JUSTICE SECTOR | F207: =F199 -> 8660500 | G207: =G199 -> 27718836 | H207: =H199 -> 17208336
E208: TOTAL | F208: =SUM(F203:F207) -> 2.6154563e+09 | G208: =SUM(G203:G207) -> 3.6087429e+09 | H208: =SUM(H203:H207) -> 9.9143658e+08

Sheet TOF (CASH)
B1: EKITI STATE OF NIGERIA
B2: FINANCIAL STATEMENTS FOR THE YEAR ENDED 31ST DECEMBER, 2018
B3: NOTES TO THE FINANCIAL STATEMENTS
B4: NOTE 23: TRANSFER TO OTHER FUNDS (ACTUAL CASH PAYMENT)
B6: S/NO | C6: ADMIN CODE | D6: HEAD | E6: MINISTRIES/DEPARTMENTS/AGENCIES | F6: ACTUAL | G6: BUDGET | H6: VARIANCE
F7: ₦ | G7: ₦ | H7: ₦
E8: ADMINISTRATIVE SECTOR
B9: 1 | C9: 012500500100 | D9: 459-2300 | E9: OFFICE OF ESTABLISHMENT AND TRANNING | F9: 66437100 | G9: 157340000 | H9: =G9-F9 -> 90902900
B10: 2 | C10: 011200400100 | D10: 459-2200 | E10: HOUSE OF ASSEMBLY SERVICE COMMISION | F10: 0 | G10: 20669484 | H10: =G10-F10 -> 20669484
B11: 3 | C11: 012300100100 | D11: 457-0100 | E11: MINISTRY OF INFORMATION, SOCIAL DEVELOPMENT, SPORTS AND CULTURE | F11: 0 | G11: 20441502 | H11: =G11-F11 -> 20441502
B12: 4 | C12: 011100100100 | D12: 459-0400 | E12: GENERAL ADMINISTRATION DEPARTMENT | F12: 202762500 | G12: 3.3875423e+08 | H12: =G12-F12 -> 1.3599173e+08
B13: 5 | C13: 011101300200 | D13: 459-5100 | E13: POLITICAL AND ECONOMIC AFFAIRS DEPARTMENT | F13: =88281314.98+348072308.87 -> 4.3635362e+08 | G13: 1.1103897e+09 | H13: =G13-F13 -> 6.7403605e+08
B14: 6 | C14: 011100800100 | D14: 458-1200 | E14: EKITI STATE EMERGENCY MANAGEMENT AGENCY(SEMA) | F14: 11500000 | G14: 20000000 | H14: =G14-F14 -> 8500000
B15: 7 | C15: 011200300100 | D15: 459-2100 | E15: HOUSE OF ASSEMBLY | F15: 25150078 | G15: 2.2177566e+08 | H15: =G15-F15 -> 1.9662558e+08
B16: 8 | C16: 014000100100 | D16: 459-2800 | E16: STATE AUDITOR-GENERAL'S OFFICE | F16: 2462500 | G16: 20000000 | H16: =G16-F16 -> 17537500
B17: 9 | C17: 0144000100300 | D17: 459-2900 | E17: STATE AUDITOR-GENERAL FOR LOCAL GOVERNMENT | F17: 340000 | G17: 5000000 | H17: =G17-F17 -> 4660000
B18: 10 | C18: 011103800100 | D18: 459-1800 | E18: CHRISTIAN PILGRIMS BOARD | F18: 0 | G18: 20000000 | H18: =G18-F18 -> 20000000
B19: 11 | C19: 011103700100 | D19: 459-1900 | E19: MUSLIM PILGRIMS BOARD | F19: 0 | G19: 20000000 | H19: =G19-F19 -> 20000000
B20: 12 | C20: 014700100100 | D20: 459-3900 | E20: CIVIL SERVICE COMMISSION | F20: 5100000 | G20: 6000000 | H20: =G20-F20 -> 900000
B21: 13 | C21: 011103400200 | D21: 459-4500 | E21: OFFICE OF PUBLIC DEFENDER | G21: 10000000 | H21: =G21-F21 -> 10000000
E22: TOTAL ADMINISTRATIVE SECTOR | F22: =SUM(F9:F21) -> 7.501058e+08 | G22: =SUM(G9:G21) -> 1.9703706e+09 | H22: =G22-F22 -> 1.2202648e+09
E23: ECONOMIC SECTOR
B24: 14 | C24: 23600400200 | E24: BUREAU OF TOURISM, ARTS AND CULTURE | F24: 0 | G24: 5000000 | H24: =G24-F24 -> 5000000
B25: 15 | C25: 022000100100 | D25: 453-0400 | E25: MINISTRY OF FINANCE | F25: =6671746304.33 -> 6.6717463e+09 | G25: 6.6066749e+09 | H25: =G25-F25 -> -65071412
B26: 16 | C26: 022200100100 | D26: 453-0700 | E26: EKITI STATE ENTERPRISES DEVELOPMENT AGENCY | F26: 0 | G26: 0 | H26: =G26-F26 -> 0
B27: 17 | C27: 022000700100 | D27: 459-3600 | E27: OFFICE OF THE ACCOUNTANT GENERAL | F27: 39045000 | G27: 87092991 | H27: =G27-F27 -> 48047991
B28: 18 | C28: 022700500100 | D28: 454-0200 | E28: JOB CREATION AND EMPLOYMENT AGENCY | F28: 0 | G28: 5669483.6 | H28: =G28-F28 -> 5669483.6
B29: 19 | C29: 022800700200 | D29: 459-1504 | E29: BUREAU OF COMMUNICATION TECHNOLOGY AND SOCIAL MEDIA | F29: 6000000 | G29: 8656521.6 | H29: =G29-F29 -> 2656521.6
B30: 20 | C30: 023800100100 | D30: 459-3100 | E30: MINISTRY OF BUDGET, ECONOMIC PLANNING AND SERVICE DELIVERY | F30: 53244350 | G30: 75009984 | H30: =G30-F30 -> 21765634
B31: 21 | C31: 022905500100 | D31: 454-1100 | E31: EKITI STATE TRAFFIC MANAGEMENT AGENCY | F31: 19575000 | G31: 40000000 | H31: =G31-F31 -> 20425000
B32: 22 | C32: 023800400100 | D32: 459-3200 | E32: BUREAU OF STATISTICS | F32: 0 | G32: 10000000 | H32: =G32-F32 -> 10000000
B33: 23 | C33: 025210200100 | D33: 454-0800 | E33: EKITI STATE WATER CORPORATION | F33: 50000000 | G33: 100000000 | H33: =G33-F33 -> 50000000
B34: 24 | C34: 025300100100 | D34: 458-0101 | E34: MINISTRY OF LANDS,HOUSING AND URBAN DEVT. | F34: 13200000 | G34: 16600000 | H34: =G34-F34 -> 3400000
E35: TOTAL ECONOMIC SECTOR | F35: =SUM(F24:F34) -> 6.8528107e+09 | G35: =SUM(G24:G34) -> 6.9547039e+09 | H35: =G35-F35 -> 1.0189322e+08
E36: SOCIAL SECTOR
B37: 25 | C37: 051700100100 | D37: 455-0100 | E37: MINISTRY OF EDUCATION, SCIENCE AND TECHNOLOGY | F37: =250000000+1527302387.4 -> 1.7773024e+09 | G37: 1.8324798e+09 | H37: =G37-F37 -> 55177459
B38: 26 | C38: 051705300100 | D38: 455-0500 | E38: BOARD OF TECHNICAL AND VOCATIONAL EDUCATION | F38: 9123750 | G38: 60000000 | H38: =G38-F38 -> 50876250
B39: 27 | C39: 051705500200 | D39: 455-0600 | E39: AGENCY FOR ADULT AND NON-FORMAL EDUCATION | F39: 0 | G39: 35169484 | H39: =G39-F39 -> 35169484
B40: 28 | C40: 052100100100 | D40: 456-0100 | E40: MINISTRY OF HEALTH | F40: 60000000 | G40: 80000000 | H40: =G40-F40 -> 20000000
B41: 29 | C41: 051705600100 | D41: 455-0300 | E41: EKITI STATE SCHOLARSHIP BOARD | F41: =226381145+850000 -> 227231145 | G41: 353577500 | H41: =G41-F41 -> 126346355
B42: 30 | C42: 053500100100 | D42: 458-0700 | E42: MINISTRY OF ENVIRONMENT | F42: 19050000 | G42: 25000000 | H42: =G42-F42 -> 5950000
B43: 31 | C43: 053505300100 | D43: 458-1000 | E43: EKITI STATE WASTE MANAGEMENT BOARD | F43: 115945500 | G43: 119556000 | H43: =G43-F43 -> 3610500
B44: 32 | C44: 051400100100 | D44: 457-0600 | E44: MINISTRY OF WOMEN AFFAIRS, GENDER EMPOWERMENT & SOCIAL WELFARE | F44: 55932125 | G44: 130789000 | H44: =G44-F44 -> 74856875
B45: 33 | C45: 051300100100 | D45: 457-0400 | E45: YOUTH DEVELOPMENT | F45: 4200000 | G45: 12699100 | H45: =G45-F45 -> 8499100
B46: 34 | C46: 053905100200 | D46: 457-0500 | E46: SPORTS COUNCIL | F46: 3000000 | G46: 19691050 | H46: =G46-F46 -> 16691050
B47: 35 | C47: 051700300100 | D47: 455-0400 | E47: SUBEB | F47: 0 | G47: 2000000 | H47: =G47-F47 -> 2000000
E48: TOTAL SOCIAL SECTOR | F48: =SUM(F37:F47) -> 2.2717849e+09 | G48: =SUM(G37:G47) -> 2.670962e+09 | H48: =G48-F48 -> 3.9917707e+08
E51: REGIONAL SECTOR
B52: 36 | C52: 045102100200 | D52: 459-4400 | E52: SERVE-EKS | F52: 0 | G52: 0 | H52: =G52-F52 -> 0
E53: TOTAL REGIONAL SECTOR | F53: =SUM(F52) -> 0 | G53: =SUM(G52) -> 0 | H53: =G53-F53 -> 0
E54: LAW AND JUSTICE SECTOR
B55: 37 | C55: 032600100100 | D55: 433125 | E55: MINISTRY OF JUSTICE | F55: 365595500 | G55: 5.904235e+08 | H55: =G55-F55 -> 2.24828e+08
E56: TOTAL LAW AND JUSTICE SECTOR | F56: =SUM(F55) -> 365595500 | G56: =SUM(G55) -> 5.904235e+08 | H56: =SUM(H55) -> 2.24828e+08
E58: SUMMARY
E59: ADMINISTRATIVE SECTOR | F59: =F22 -> 7.501058e+08 | G59: =G22 -> 1.9703706e+09 | H59: =H22 -> 1.2202648e+09
E60: ECONOMIC SECTOR | F60: =F35 -> 6.8528107e+09 | G60: =G35 -> 6.9547039e+09 | H60: =H35 -> 1.0189322e+08
E61: SOCIAL SECTOR | F61: =F48 -> 2.2717849e+09 | G61: =G48 -> 2.670962e+09 | H61: =H48 -> 3.9917707e+08
E62: REGIONAL SECTOR | F62: =F53 -> 0 | G62: =G53 -> 0 | H62: =H53 -> 0
E63: LAW AND JUSTICE SECTOR | F63: =F56 -> 365595500 | G63: =G56 -> 5.904235e+08 | H63: =H56 -> 2.24828e+08
E64: TOTAL | F64: =SUM(F59:F63) -> 1.0240297e+10 | G64: =SUM(G59:G63) -> 1.218646e+10 | H64: =SUM(H59:H63) -> 1.946163e+09
E66: DRAWN DOWN FUND (RECURRENT)
E67: STATE EDUCATION PROGRAME INVESTMENT PROJECT (SEPIP) | F67: 401317661
E68: YOUTH EMPLOYMENT AND SOCIAL SUPPORT OPERATION (YESSO) | F68: 1.152913e+08
E69: 3RD NATIONAL URBAN WATER SECTOR REFORM PROJECT (3RD NUWRP) | F69: 1.5707303e+09
E70: CONDITIONAL CASH TRANSFER | F70: 28417991
E71: TOTAL | F71: =SUM(F67:F70) -> 2.1157572e+09
E73: GRAND TOTAL | F73: =F71+F64 -> 1.2356054e+10

Sheet SUBVENTION (CASH)
B1: EKITI STATE OF NIGERIA
B2: FINANCIAL STATEMENTS FOR THE YEAR ENDED 31ST DECEMBER, 2018
B3: NOTES TO THE FINANCIAL STATEMENTS
B4: NOTE 24: SUBVENTION/GRANTS TO TERTIARY INSTITUTIONS AND PARASTALTALS (ACTUAL CASH PAYMENT)
B6: S/NO | C6: ADMIN CODE | D6: HEAD | E6: TETIARY INSTITUTIONS/PARASTALTALS | F6: ACTUAL | G6: BUDGET | H6: VARIANCE | I6: ACTUAL
F7: ₦ | G7: ₦ | H7: ₦ | I7: N
B8: 1 | C8: 012300200100 | D8: 457-0102 | E8: MINISTRY OF INFORMATION, YOUTH AND SPORT (CIVIC ORIENTATION) | F8: 5280000 | G8: 11699924 | H8: =G8-F8 -> 6419924.3 | I8: 4000000
B9: 2 | C9: 012400400100 | D9: 457-0415 | E9: NIGERIA SECURITY AND CIVIL DEFENCE CORPS | F9: 7583329 | G9: 8164056.1 | H9: =G9-F9 -> 580727.11 | I9: 6999996
B10: 3 | C10: 012400400200 | D10: 459-2303 | E10: NIGERIAN LEGION | F10: 2100000 | G10: 2700000 | H10: =G10-F10 -> 600000 | I10: 1800000
B11: 4 | C11: 031800100100 | D11: 459-0200 | E11: THE JUDICIARY | F11: 1025319698 | G11: 1.2182169e+09 | H11: =G11-F11 -> 1.9289717e+08 | I11: 925242552
B12: 5 | C12: 031801100100 | D12: 459-0300 | E12: JUDICIAL SERVICE COMMISSION | F12: 70624658 | G12: 1.1093789e+08 | H12: =G12-F12 -> 40313230 | I12: 65191992
B13: 6 | C13: 051701800100 | D13: 455-1200 | E13: COLLEGE OF EDUCATION - IKERE EKITI | F13: =2110423656+634279344 -> 2744703000 | G13: =955657315.31+3253264634.3 -> 4.2089219e+09 | H13: =G13-F13 -> 1.4642189e+09 | I13: 2110423656
B14: 7 | C14: 051702100100 | D14: 455-1000 | E14: EKITI STATE UNIVERSITY | F14: =3120000000+4186212296 -> 7306212296 | G14: =3811125264.12+3380000000 -> 7.1911253e+09 | H14: =G14-F14 -> -1.1508703e+08 | I14: 3120000000
B15: 8 | C15: 052102600100 | D15: 456-0300 | E15: EKITI STATE UNIVERSITY TEACHING HOSPITAL | F15: =2327147111.77+603638941 -> 2.9307861e+09 | G15: =700000000+2500000000 -> 3200000000 | H15: =G15-F15 -> 2.6921395e+08 | I15: 2.1481358e+09
B16: 9 | C16: 052110600100 | D16: 456-0200 | E16: COLLEGE OF HEALTH TECHNOLOGY | F16: =266741014.02+186628280.31 -> 4.5336929e+08 | G16: =200227478.69+280000000 -> 4.8022748e+08 | H16: =G16-F16 -> 26858184 | I16: 2.4622247e+08
B17: 10 | C17: 053905100200 | D17: 457-0405 | E17: EKITI UNITED FOOTBALL CLUB | F17: 49400000 | G17: 64600000 | H17: =G17-F17 -> 15200000 | I17: 45000000
B18: 11 | D18: 434-004 | E18: 10% IGR CONTRIBUTION TO LOCAL GOVT. | F18: 0 | G18: 3.6249352e+08 | H18: =G18-F18 -> 3.6249352e+08
E19: TOTAL | F19: =SUM(F8:F18) -> 1.4595378e+10 | G19: =SUM(G8:G18) -> 1.6859087e+10 | H19: =SUM(H8:H18) -> 2.2637086e+09 | I19: =SUM(I8:I17) -> 8.6730165e+09

Sheet CAPITAL (CASH)
B1: EKITI STATE OF NIGERIA
B2: FINANCIAL STATEMENTS FOR THE YEAR ENDED 31ST DECEMBER, 2018
B3: NOTES TO THE FINANCIAL STATEMENTS
B4: NOTE 25: PURCHASE/CONSTRUCTION OF ASSETS
B6: S/NO | C6: ADMIN CODE | D6: HEAD | E6: MINISTRIES/DEPARTMENTS/AGENCIES | F6: ACTUAL | G6: BUDGET | H6: VARIANCE
F7: ₦ | G7: ₦ | H7: ₦
E8: ADMINISTRATIVE SECTOR
B9: 1 | C9: 011100100100 | D9: 459-0400 | E9: GOVERNOR'S OFFICE ( GAD ) | F9: 1.6617294e+08 | G9: 1254500000 | H9: =G9-F9 -> 1.0883271e+09
B10: 2 | C10: 011100100101 | D10: 459-1001 | E10: EKITI STATE GOVERNORS LODGE, ABUJA | G10: 0 | H10: =G10-F10 -> 0
B11: 3 | C11: 011100100200 | D11: 459-1500 | E11: OFFIC OF THE DEPUTY GOVERNOR | G11: 30000000 | H11: =G11-F11 -> 30000000
B12: 4 | C12: 011100300100 | D12: 459-5400 | E12: EKITI STATE BOUNDARY COMMISSION | G12: 5000000 | H12: =G12-F12 -> 5000000
B13: 5 | C13: 011100800100 | D13: 458-1200 | E13: STATE EMERGENCY MANAGEMENT AGENCY (SEMA) | G13: 15000000 | H13: =G13-F13 -> 15000000
B14: 6 | C14: 011101000100 | D14: 459-0700 | E14: BUREAU OF PUBLIC PROCUREMENT (BPP) | F14: 2000000 | G14: 11000000 | H14: =G14-F14 -> 9000000
B15: 7 | C15: 011101300100 | D15: 459-0500 | E15: OFFICE OF SECRETARY TO THE STATE GOVERNMENT (SSG) | G15: 5000000 | H15: =G15-F15 -> 5000000
B16: 8 | C16: 11101300200 | D16: 459-5100 | E16: POLITICAL AND ECONOMIC AFFAIRS DEPARTMENT (P&E) | F16: 1.6896552e+08 | G16: 300000000 | H16: =G16-F16 -> 1.3103448e+08
B17: 9 | C17: 011101300400 | D17: 459-1200 | E17: POLITICAL AND INTER-PARTY AFFAIRS (P & E) | G17: 10000000 | H17: =G17-F17 -> 10000000
B18: 10 | C18: 011102000100 | D18: 459-5000 | E18: EKITI STATE STOMACH INFRASTRUCTURE AGENCY | G18: 0 | H18: =G18-F18 -> 0
B19: 11 | C19: 011102100200 | D19: 459-1000 | E19: EKITI STATE LIAISON OFFICE -ABUJA | G19: 50000000 | H19: =G19-F19 -> 50000000
B20: 12 | C20: 011103400100 | D20: 459-5500 | E20: BUREAU OF PUBLIC SERVICE REFORMS | G20: 0 | H20: =G20-F20 -> 0
B21: 13 | C21: 011103400200 | D21: 459-4500 | E21: BUREAU OF TRANSFORMATION AND STRATEGY | G21: 3000000 | H21: =G21-F21 -> 3000000
B22: 14 | C22: 011103500100 | D22: 459-2600 | E22: EKITI STATE PENSION COMMISSION/BOARD | G22: 100000000 | H22: =G22-F22 -> 100000000
B23: 15 | C23: 11103500200 | D23: 459-2901 | E23: PENSION TRANSITION ARRANGEMENT DEPARTMENT | G23: 43000000 | H23: =G23-F23 -> 43000000
B24: 16 | C24: 011103700100 | D24: 459-1900 | E24: MUSLIM PILGRIM WELFARE BOARD | G24: 2500000 | H24: =G24-F24 -> 2500000
B25: 17 | C25: 011103800100 | D25: 459-1800 | E25: CHRISTIAN PILGRIM WELFARE BOARD | G25: 5000000 | H25: =G25-F25 -> 5000000
B26: 18 | C26: 011111300100 | D26: 459-1600 | E26: GOVERNMENT HOUSE & PROTOCOL | F26: 3.193939e+08 | G26: 472000000 | H26: =G26-F26 -> 1.526061e+08
B27: 19 | C27: 011111300500 | D27: 459-3000 | E27: CABINET DEPARTMENT GOV. OFFICE | G27: 315000000 | H27: =G27-F27 -> 315000000
B28: 20 | C28: 011113200100 | D28: 459-2000 | E28: INTEGRATION & INTER-GOVERNMENTAL AFFAIRS | G28: 10000000 | H28: =G28-F28 -> 10000000
B29: 21 | C29: 011200300100 | D29: 459-2100 | E29: HOUSE OF ASSEMBLY | G29: 70000000 | H29: =G29-F29 -> 70000000
B30: 22 | C30: 011200400100 | D30: 459-2200 | E30: HOUSE OF ASSEMBLY SERVIE COMMISSION | G30: 55000000 | H30: =G30-F30 -> 55000000
B31: 23 | C31: 012300100100 | D31: 457-0100 | E31: MINISTRY OF INFORMATION, YOUTH AND SPORTS DEVELOPMENT | G31: 2.520996e+08 | H31: =G31-F31 -> 2.520996e+08
B32: 24 | C32: 012300300100 | D32: 457-0200 | E32: BROADCASTING SERVICE OF EKITI STATE | G32: 143318750 | H32: =G32-F32 -> 143318750
B33: 25 | C33: 012301300100 | D33: 457-0300 | E33: GOVERNMENT PRINTING PRESS | G33: 0 | H33: =G33-F33 -> 0
B34: 26 | C34: 012500100100 | D34: 459-0600 | E34: OFFICE OF THE HEAD OF SERVICE | G34: 5000000 | H34: =G34-F34 -> 5000000
B35: 27 | C35: 012500500100 | D35: 459-2300 | E35: OFFICE OF ESTABLISHMENT AND TRAINING | G35: 300000000 | H35: =G35-F35 -> 300000000
B36: 28 | C36: 014000100100 | D36: 459-2800 | E36: STATE AUDITOR GENERAL OFFICE | G36: 18000000 | H36: =G36-F36 -> 18000000
B37: 29 | C37: 014000100300 | D37: 459-2900 | E37: OFFICE OF AUDITOR-GENERAL FOR LOCAL GOVERNMENT | G37: 15000000 | H37: =G37-F37 -> 15000000
B38: 30 | C38: 014700100100 | D38: 459-3900 | E38: CIVIL SERVICE COMMISSION | G38: 15000000 | H38: =G38-F38 -> 15000000
B39: 31 | C39: 014800100100 | D39: 459-4100 | E39: STATE INDEPENDENT ELECTORAL COMMISSION | F39: 46000000 | G39: 200000000 | H39: =G39-F39 -> 154000000
E40: TOTAL ADMINISTRATION SECTOR | F40: =SUM(F9:F39) -> 7.0253236e+08 | G40: =SUM(G9:G39) -> 3.7044183e+09 | H40: =G40-F40 -> 3.001886e+09
H41: =G41-F41 -> 0
E42: ECONOMIC SECTOR | H42: =G42-F42 -> 0
B43: 32 | C43: 021500100100 | D43: 451-0100 | E43: MINISTRY OF AGRICULTURE AND RURAL DEVELOPMENT | G43: 4.5383782e+08 | H43: =G43-F43 -> 4.5383782e+08
B44: 33 | C44: 021500100100 | D44: 451-0100 | E44: MINISTRY OF AGRICULTURE AND RURAL DEVELOPMENT (EXTERNAL FINANCE) | G44: 0 | H44: =G44-F44 -> 0
B45: 34 | C45: 021500100300 | D45: 451-0200 | E45: DIRECTORATE OF FARM SETTLEMENT AND PEASANT FARMER DEVELOPMENT | G45: 1.0932788e+08 | H45: =G45-F45 -> 1.0932788e+08
B46: 35 | C46: 021502100200 | D46: 455-0200 | E46: SCHOOL AGRICULTURE AND ENTERPRISE | G46: 21000000 | H46: =G46-F46 -> 21000000
B47: 36 | C47: 021510200100 | D47: 451-0500 | E47: AGRICULTURAL DEVELOPMENT PROJECT | G47: 1.0247161e+08 | H47: =G47-F47 -> 1.0247161e+08
B48: 37 | C48: 021510200200 | D48: 451-0600 | E48: FADAMA PROJECT | G48: 40680140 | H48: =G48-F48 -> 40680140
B49: 38 | C49: 021510200200 | D49: 451-0600 | E49: FADAMA PROJECT (EXTERNAL FINANCE) | G49: 0 | H49: =G49-F49 -> 0
B50: 39 | C50: 021510900100 | D50: 458-0800 | E50: FORESTRY DEPARTMENT | G50: 5000000 | H50: =G50-F50 -> 5000000
B51: 40 | C51: 021511000100 | D51: 451-0300 | E51: FOUNTAIN AGRIC MARKETING AGENCY | G51: 13983798 | H51: =G51-F51 -> 13983798
B52: 41 | C52: 022000100100 | D52: 453-0400 | E52: MINISTRY OF FINANCE AND ECONOMIC DEVELOPMENT | G52: 200000000 | H52: =G52-F52 -> 200000000
B53: 42 | C53: 022000600100 | D53: 459-5200 | E53: CENTRAL INTERNAL AUDIT OFFICE | G53: 6000000 | H53: =G53-F53 -> 6000000
B54: 43 | C54: 022000700100 | D54: 459-3600 | E54: OFFICE OF THE ACCOUNTANT GENERAL | F54: 97058805 | G54: 350000000 | H54: =G54-F54 -> 2.5294119e+08
B55: 44 | C55: 022000800100 | D55: 459-3800 | E55: INTERNAL REVEUNE SERVICE | G55: 55000000 | H55: =G55-F55 -> 55000000
B56: 45 | C56: 022200100100 | D56: 452-0100 | E56: MINISTRY OF COMMERCE, INDUSTRIES AND COOPERATIVES | F56: 0 | G56: 3.1908485e+08 | H56: =G56-F56 -> 3.1908485e+08
B57: 46 | C57: 022200100500 | D57: 453-0700 | E57: EKITI STATE ENTERPRISES DEVELOPMENT AGENCY | G57: 16526307 | H57: =G57-F57 -> 16526307
B58: 47 | C58: 022200100600 | D58: 454-0300 | E58: MULTI PURPOSE CREDIT AGENCY | G58: 16526308 | H58: =G58-F58 -> 16526308
B59: 48 | C59: 022700100200 | D59: 454-0100 | E59: BUREAU OF PRODUCTIVITY AND EMPOWERMENT | F59: 682315710 | G59: 873125000 | H59: =G59-F59 -> 190809290
B60: 49 | C60: 022700500100 | D60: 454-0200 | E60: JOB CREATION AND EMPLOYMENT AGENCY | G60: 2643310 | H60: =G60-F60 -> 2643310
B61: 50 | C61: 22700600100 | E61: PROJECT FINANCED UNDER STWSS (EU) PROJECTS | G61: 0 | H61: =G61-F61 -> 0
B62: 51 | C62: 022800700100 | D62: 454-0700 | E62: BUREAU OF INFORMATION, COMMUNICATION AND TECHNOLOGY (ICT) | G62: 140000000 | H62: =G62-F62 -> 140000000
B63: 52 | C63: 022905500100 | D63: 454-1100 | E63: EKITI STATE TRAFFIC MANAGEMENT AGENCY | G63: 5000000 | H63: =G63-F63 -> 5000000
B64: 53 | C64: 023100300100 | D64: 454-0600 | E64: EKITI STATE ELECTRICITY BOARD | F64: 2.1971951e+08 | G64: 200000000 | H64: =G64-F64 -> -19719511
B65: 54 | C65: 023305100100 | D65: 452-0300 | E65: EKITI STATE MINERAL RESOURCES DEVELOPMENT AGENCY | G65: 1.0932788e+08 | H65: =G65-F65 -> 1.0932788e+08
B66: 55 | C66: 023400100100 | D66: 454-1000 | E66: MINISTRY OF WORKS AND TRANSPORT | F66: 6.3688787e+09 | G66: 1.3450381e+10 | H66: =G66-F66 -> 7.0815023e+09
B67: 56 | C67: 023400200100 | D67: 458-0500 | E67: OFFICE OF SURVEYOR -GENERAL OF THE STATE | F67: 1500000 | G67: 50000000 | H67: =G67-F67 -> 48500000
B68: 57 | C68: 023600400200 | D68: 453-0100 | E68: BUREAU OF TOURISM ART AND CULTURE | G68: 76262719 | H68: =G68-F68 -> 76262719
B69: 58 | C69: 023800100100 | D69: 459-3100 | E69: MINISTRY OF BUDGET AND ECONOMIC PLANNING | F69: 1.0598482e+08 | G69: 2.6028751e+09 | H69: =G69-F69 -> 2.4968903e+09
B70: 59 | C70: 023800100100 | D70: 459-3100 | E70: YOUTH EMPLOYMENT AND SOCIAL SUPPORT OPERATION (YESSO) DRAW DOWN | F70: 223650 | G70: 0 | H70: =G70-F70 -> -223650
B71: 60 | C71: 023800100100 | D71: 459-3100 | E71: GRANTS FROM UNICEF ASSISTED PROGRAMMES | G71: 0 | H71: =G71-F71 -> 0
B72: 61 | C72: 023800400100 | D72: 459-3200 | E72: BUREAU OF STATISTICS | G72: 50000000 | H72: =G72-F72 -> 50000000
B73: 62 | C73: 023800400200 | D73: 459-3400 | E73: SUSTAINABLE DEVELOPMENT GOALS (SDG) OFFICE | G73: 1200000000 | H73: =G73-F73 -> 1200000000
B74: 63 | C74: 023800400200 | D74: 459-3400 | E74: SDG (DRAW DOWN) | G74: 0 | H74: =G74-F74 -> 0
B75: 64 | C75: 025000100100 | D75: 459-4000 | E75: FISCAL RESPONSIBILITY COMMISSION | G75: 2000000 | H75: =G75-F75 -> 2000000
B76: 65 | C76: 025210200100 | D76: 454-0800 | E76: EKITI STATE WATER CORPORATION | F76: 2000000 | G76: 500000000 | H76: =G76-F76 -> 498000000
B77: 66 | C77: 025210300100 | D77: 454-0900 | E77: RURAL WATER SUPPLY AND SANITATION AGENCY | G77: 25000000 | H77: =G77-F77 -> 25000000
B78: 67 | C78: 025210300100 | D78: 454-0900 | E78: RURAL WATER SUPPLY AND SANITATION AGENCY (EXTERNAL FINANCE) | G78: 0 | H78: =G78-F78 -> 0
B79: 68 | C79: 025210300100 | D79: 454-0900 | E79: 3RD NATIONAL URBAN WATER SECTOR REFORM PROJECT (NUWSRP-3) | F79: 771168465 | G79: 0 | H79: =G79-F79 -> -771168465
B80: 69 | C80: 025210300100 | D80: 454-0900 | E80: FEDERAL MINISTRY OF WATER RESOURCES ASSISTED PROGRAMM | G80: 0 | H80: =G80-F80 -> 0
B81: 70 | C81: 025210300100 | D81: 454-0900 | E81: EU ASSISTED WATER SUPPLY/SANITATION SECTOR REFORM PROGRAMM III | G81: 0 | H81: =G81-F81 -> 0
B82: 71 | C82: 025300100100 | D82: 458-0100 | E82: MINISTRY OF LAND, HOUSING AND URBAN DEVELOPMENT | F82: 92617838 | G82: 200000000 | H82: =G82-F82 -> 1.0738216e+08
B83: 72 | C83: 025301000100 | D83: 458-0200 | E83: STATE HOUSING CORPORATION | G83: 159000000 | H83: =G83-F83 -> 159000000
B84: 73 | C84: 025305600100 | D84: 458-0600 | E84: URBAN RENEWAL AGENCY (CAPITAL URBAN DEVELOPMENT AUTHORITY) | G84: 25000000 | H84: =G84-F84 -> 25000000
B85: 74 | C85: 026100100100 | D85: 454-0500 | E85: MINISTRY OF PUBLIC UTILITIES | G85: 100000000 | H85: =G85-F85 -> 100000000
B86: 75 | C86: 026100100200 | D86: 459-4300 | E86: UTILITY SERVICE DEPARTMENT | F86: 6670425 | G86: 52000000 | H86: =G86-F86 -> 45329575
E87: TOTAL ECONOMIC SECTOR | F87: =SUM(F43:F86) -> 8.3481379e+09 | G87: =SUM(G43:G86) -> 2.1532054e+10 | H87: =G87-F87 -> 1.3183916e+10
H88: =G88-F88 -> 0
E89: LAW AND JUSTICE SECTOR | H89: =G89-F89 -> 0
B90: 76 | C90: 031800100100 | D90: 459-0200 | E90: THE JUDICIARY | G90: 169000000 | H90: =G90-F90 -> 169000000
B91: 77 | C91: 031801100100 | D91: 459-3000 | E91: JUDICIAL SERVICE COMMISSION | G91: 200000000 | H91: =G91-F91 -> 200000000
B92: 78 | C92: 032600100100 | D92: 459-0100 | E92: MINISTRY OF JUSTICE | G92: 65865229 | H92: =G92-F92 -> 65865229
B93: 79 | C93: 032600700200 | D93: 459-5700 | E93: OFFICE OF PUBLIC DEFENDER | G93: 27000000 | H93: =G93-F93 -> 27000000
B94: 80 | C94: 032605200100 | D94: 459-0301 | E94: CUSTOMARY COURT OF APPEAL | G94: 0 | H94: =G94-F94 -> 0
E95: TOTAL LAW AND JUSTICE SECTOR | F95: =SUM(F90:F94) -> 0 | G95: =SUM(G90:G94) -> 4.6186523e+08 | H95: =G95-F95 -> 4.6186523e+08
H96: =G96-F96 -> 0
E97: REGIONAL SECTOR | H97: =G97-F97 -> 0
B98: 81 | C98: 045102100400 | D98: 454-0400 | E98: EKITI STATE COMMUNITY DEVELOPMENT AGENCY (DRAW DOWN) | G98: 0 | H98: =G98-F98 -> 0
E99: TOTAL REGIONAL SECTOR | F99: =SUM(F98) -> 0 | G99: =SUM(G98) -> 0 | H99: =G99-F99 -> 0
H100: =G100-F100 -> 0
E101: SOCIAL SERVICE SECTOR | H101: =G101-F101 -> 0
...

Sheet FOREIGN&LLOCAL LOAN
B1: EKITI STATE OF NIGERIA
B2: FINANCIAL STATEMENTS FOR THE YEAR ENDED 31ST DECEMBER, 2018
B3: NOTES TO THE FINANCIAL STATEMENTS
B4: NOTE 26: FOREIGN LOAN DRAW DOWN
B6: S/NO | C6: PROJECT | D6: FINANCE INSTITUTION | E6: AMOUNT (₦)
B7: 1 | C7: STATE EDUCATION PROGRAME INVESTMENT PROJECT (SEPIP) | D7: WORLD BANK | E7: =2977046344.89+489002020.92 -> 3.4660484e+09
B8: 2 | C8: YOUTH EMPLOYMENT AND SOCIAL SUPPORT OPERATION (YESSO) | D8: WORLD BANK | E8: 81641422
B9: 3 | C9: 3RD NATIONAL URBAN WATER SECTOR REFORM PROJECT (3RD NUWRP) | D9: WORLD BANK | E9: 6120000000
B10: 4 | C10: CONDITIONAL CASH TRANSFER | E10: 41861353
C11: TOTAL | E11: =SUM(E7:E10) -> 9.7095511e+09
B13: NOTE 27: DOMESTIC LOANS
B15: S/NO | C15: DETAILS | D15: FINANCCE INSTITUTION | E15: AMOUNT (₦)
B16: 1 | C16: FOSTERFIELD | D16: FEDERAL GOVERNMENT | E16: 287500000
B17: 2 | C17: JAAC | E17: 0
C18: TOTAL | E18: =E16+E17 -> 287500000

Sheet CASH BAL 
B1: EKITI STATE OF NIGERIA
B2: FINANCIAL STATEMENTS FOR THE YEAR ENDED 31ST DECEMBER, 2018
B3: NOTES TO THE FINANCIAL STATEMENTS
B4: NOTE 17 : RECONCILED ACCOUNTANT-GENERAL'S CASH BOOK BALANCE AS AT 31ST DECEMBER, 2018
B6: S/NO | C6: BANK | D6: ACCOUNT NAME | E6: AMOUNT
E7: ₦
B8: 1 | C8: ACCESS | D8: CAPITAL I | E8: 2053815.3
B9: 2 | C9: ACCESS | D9: VAT | E9: 3.6345175e+08
B10: 3 | C10: ACCESS | D10: LEGAL FEES | E10: 23993300
B11: 4 | C11: ACCESS | D11: TRAFFIC CONTROL | E11: 1080928.7
B12: 5 | C12: DIAMOND | D12: L.G COMM DEVELOPMENT | E12: 1070781.3
B13: 6 | C13: DIAMOND | D13: EKS COMM DEVELOPMENT | E13: 1102831.2
B14: 7 | C14: DIAMOND | D14: RESERVE FUND A\C | E14: 420836.73
B15: 8 | C15: DIAMOND | D15: LEGAL FEES | E15: 550753.58
B16: 9 | C16: ECO | D16: EKSG RESERVE | E16: 1.6458122e+08
B17: 10 | C17: ECO | D17: EKSG SEVERANCE PACKAGE | E17: 2.0133766e+08
B18: 11 | C18: ECO | D18: PARIS CLUB REFUND | E18: 2.9342719e+09
B19: 12 | C19: HERITAGE | D19: COMM DEVELOPMENT | E19: 29739607
... B85: 78 | C85: ZENITH | D85: IGR EXPENDITURE | E85: 23998.72
C86: TOTAL (A) | E86: =SUM(E8:E85) -> 5.4034308e+09
B88: IGR COLLECTION ACCOUNTS BALANCES AS AT 31ST DECEMBER, 2018
B89: S/NO | C89: BANK | D89: ACCOUNT NAMES | E89: ACCOUNT NO
B90: 1 | C90: FIRST BANK | D90: PayDirect Collection | E90: 1.4312523e+08
B91: 2 | C91: ECO BANK | D91: PayDirect Collection | E91: 8882205.7
B92: 3 | C92: POLARIS | D92: PayDirect Collection | E92: 1682886.2
B93: 4 | C93: FIDELITY | D93: PayDirect Collection | E93: 3059481
B94: 5 | C94: UNION | D94: PayDirect Collection | E94: 100
B95: 6 | C95: ZENITH | D95: PayDirect Collection | E95: 0
B96: 7 | C96: UBA | D96: PayDirect Collection | E96: 640897.24
B97: 8 | C97: HERITAGE | D97: PayDirect Collection | E97: 5748374.8
B98: 9 | C98: STANBIC | D98: PayDirect Collection | E98: 3403028.7
B99: 10 | C99: KEYSTONE | D99: PayDirect Collection | E99: 8981457.3
B100: 11 | C100: STERLING | D100: PayDirect Collection | E100: 1
B101: 12 | C101: FCMB | D101: PayDirect Collection | E101: 2.0477136e+08
... B109: 20 | C109: ACCESS | D109: Drivers Licence | E109: 25353540
C110: TOTAL (B) | E110: =SUM(E90:E109) -> 4.5672234e+08
B111: RECONCILED CASH BOOK BALANCES OF MDAs AS AT 31/12/18
B112: S/NO | C112: BANK | D112: ACCOUNT NAME | E112: AMOUNT
E113: N
B114: 1 | C114: EDUCATION TRUST FUND | E114: 67619369
B115: 2 | C115: PROJECT FUND MANAGEMENT UNIT | E115: 6.0234655e+09
C116: TOTAL [C] | E116: =E114+E115 -> 6.0910848e+09
C118: TOTAL CASH BOOK BALANCES (A+B+C) | E118: =E116+E110+E86 -> 1.1951238e+10
D120: =E110+E86 -> 5.8601531e+09

Sheet INVENTORIES 
B1: EKITI STATE OF NIGERIA
B2: FINANCIAL STATEMENTS FOR THE YEAR ENDED 31ST DECEMBER, 2018
B3: NOTES TO THE FINANCIAL STATEMENTS
B4: NOTE 18 : INVENTORIES
B5: S/NO | C5: BANK | D5: 2018 | E5: 2017
D6: ₦ | E6: ₦
B7: 1 | C7: ENGINEERING STORES | D7: 0 | E7: 0
B8: 2 | C8: MEDICAL STORES | D8: 0 | E8: 0
B9: 3 | C9: INDUSTRIAL/CHEMICAL STORE | D9: 0 | E9: 0
B10: 4 | C10: FUEL AND LUBRICANTS | D10: 0 | E10: 0
B11: 5 | C11: AGRICULTURAL INPUTS | D11: 0 | E11: 0
B12: 6 | C12: SCHOLASTIC MATERIALS | D12: 0 | E12: 0
B13: 7 | C13: STATIONERY STORES | D13: 0 | E13: 0
B14: 8 | C14: BUILDING MATERIALS | D14: 0 | E14: 0
C15: TOTAL | D15: =SUM(D7:D14) -> 0 | E15: =SUM(E7:E14) -> 0
B16: NOTE 19: RECEIVABLES
B17: S/NO | C17: BANK | D17: 2018 | E17: 2017
D18: ₦ | E18: ₦
B19: 1 | C19: WEMA SHARES | D19: ='REVOLVING LOAN '!E25 -> 48386884 | E19: 48825053
B20: 2 | C20: ADVANCES | D20: ='REVOLVING LOAN '!E17 -> 3.9908169e+09 | E20: 3.9785863e+09
C21: TOTAL | D21: =SUM(D19:D20) -> 4.0392038e+09 | E21: =SUM(E19:E20) -> 4.0274114e+09
B22: NOTE 20: PREPAYMENTS/ARREARS OF REVENUE
B23: S/NO | C23: BANK | D23: 2018 | E23: 2017
D24: ₦ | E24: ₦
B25: 1 | C25: PREPAYMENTS | D25: 0 | E25: 0
B26: 2 | C26: ARREARS OF REVENUE | D26: 0 | E26: 0
C27: TOTAL | D27: =SUM(D25:D26) -> 0 | E27: =SUM(E25:E26) -> 0

Sheet BOND SINKING 
B1: EKITI STATE OF NIGERIA
B2: FINANCIAL STATEMENTS FOR THE YEAR ENDED 31ST DECEMBER, 2018
B3: NOTES TO THE FINANCIAL STATEMENTS
B4: NOTE 21: BOND SINKING FUND ACCOUNT
C5: DETAILS | D5: FIRST TRANCHE | E5: SECOND TRANCHE | F5: TOTAL
D6: ₦ | E6: ₦ | F6: ₦
C7: INFLOWS:
C8: Receipts from State Government | D8: 33364533000 | E8: 6113327000 | F8: =E8+D8 -> 39477860000
C9: Investment Income | D9: 1122628000 | E9: 123064000 | F9: =E9+D9 -> 1245692000
C10: TOTAL INFLOW | D10: =SUM(D8:D9) -> 34487161000 | E10: =SUM(E8:E9) -> 6236391000 | F10: =SUM(F8:F9) -> 40723552000
C11: OUTFLOWS:
C12: Principal Repayment | D12: 20000001000 | E12: 0 | F12: =E12+D12 -> 20000001000
C13: Payment to Bond Holders | D13: 12498258000 | E13: 5803261000 | F13: =E13+D13 -> 18301519000
C14: Coupon Payment | D14: 0 | E14: 0 | F14: =E14+D14 -> 0
C15: Consultants Fee | D15: 450558000 | E15: 10436000 | F15: =E15+D15 -> 460994000
C16: Registrars Fees | D16: 16807000 | E16: 0 | F16: =E16+D16 -> 16807000
C17: Management Fees | D17: 120097000 | E17: 15296000 | F17: =E17+D17 -> 135393000
C18: Trusteeship Fees | D18: 147000000 | E18: 65627000 | F18: =E18+D18 -> 212627000
C19: Reimbursable Fees | D19: 0 | E19: 0 | F19: =E19+D19 -> 0
C20: Bank Charges and Courier | D20: 8000 | E20: 91000 | F20: =E20+D20 -> 99000
C21: TOTAL OUTFLOW | D21: =SUM(D12:D20) -> 33232729000 | E21: =SUM(E12:E20) -> 5894711000 | F21: =SUM(F12:F20) -> 39127440000
C22: BALANCE | D22: =D10-D21 -> 1254432000 | E22: =E10-E21 -> 341680000 | F22: =F10-F21 -> 1596112000
C24: NOTE
C25: Balance as at 31/12/17 | D25: 2561428000
C26: Addition | D26: =D27-D25 -> -965316000
C27: Balance as at 31/12/18 | D27: =F22 -> 1596112000

Sheet PPE 
A1: EKITI STATE OF NIGERIA
A2: FINANCIAL STATEMENTS FOR THE YEAR ENDED 31ST DECEMBER, 2018
A3: NOTES TO THE FINANCIAL STATEMENTS
A4: NOTE 22: FIXED ASSETS; PROPERTY, PLANT AND EQUIPMENT (PPE)
B6: LAND & BUILDING | C6: INFRASTRUCTURE | D6: PLANT & MACHINERY | E6: TRANSPORTATION EQUIPMENT | F6: OFFICE EQUIPMENT | G6: FURNITURES & FITTINGS | H6: TOTAL
A7: FIXED ASSETS - PPE | B7: ₦ | C7: ₦ | D7: ₦ | E7: ₦ | F7: ₦ | G7: ₦ | H7: ₦
A8: BALANCE B/FORWARD (AT COST) | B8: 6.4166239e+08 | C8: 1.7235578e+09 | D8: 1.3839233e+08 | E8: 7.1733468e+08 | F8: 79346602 | G8: 70266830 | H8: =SUM(B8:G8) -> 3.3705606e+09
A9: ADDITION DURING THE YEAR | B9: 2.8914361e+09 | C9: 1.0227661e+10 | D9: 76708000 | E9: 5.4080412e+08 | F9: 1.3309504e+09 | G9: 7.4523413e+08 | H9: =SUM(B9:G9) -> 1.5812793e+10
A10: DISPOSAL DURING THE YEAR | B10: 0 | C10: 0 | D10: 0 | E10: 0 | F10: 0 | G10: 0 | H10: =SUM(B10:G10) -> 0
A11: BALANCE C/FORWARD | B11: =SUM(B8:B10) -> 3.5330985e+09 | C11: =SUM(C8:C10) -> 1.1951218e+10 | D11: =SUM(D8:D10) -> 2.1510033e+08 | E11: =SUM(E8:E10) -> 1.2581388e+09 | F11: =SUM(F8:F10) -> 1.410297e+09 | G11: =SUM(G8:G10) -> 8.1550096e+08 | H11: =SUM(H8:H10) -> 1.9183354e+10
A13: ACCUMULATED DEPRECIATION:
A14: BALANCE B/FORWARD | B14: 32083120 | C14: 86177888 | D14: 13839233 | E14: 1.4346694e+08 | F14: 19836651 | G14: 14053366 | H14: =SUM(B14:G14) -> 3.0945719e+08
A15: ADDITION DURING THE YEAR | B15: 1.7665493e+08 | C15: 5.9756092e+08 | D15: 21510033 | E15: 2.5162776e+08 | F15: 3.5257426e+08 | G15: 1.6310019e+08 | H15: =SUM(B15:G15) -> 1.5630281e+09
A16: DISPOSAL DURING THE YEAR | B16: 0 | C16: 0 | D16: 0 | E16: 0 | F16: 0 | G16: 0 | H16: =SUM(B16:G16) -> 0
A17: BALANCE C/FORWARD | B17: =SUM(B14:B16) -> 2.0873805e+08 | C17: =SUM(C14:C16) -> 6.8373881e+08 | D17: =SUM(D14:D16) -> 35349265 | E17: =SUM(E14:E16) -> 395094696 | F17: =SUM(F14:F16) -> 3.7241091e+08 | G17: =SUM(G14:G16) -> 1.7715356e+08 | H17: =SUM(B17:G17) -> 1.8724853e+09
A19: NET BOOK VALUE:
A20: AS AT 31/12/18 | B20: =B11-B17 -> 3.3243605e+09 | C20: =C11-C17 -> 1.126748e+10 | D20: =D11-D17 -> 1.7975106e+08 | E20: =E11-E17 -> 8.630441e+08 | F20: =F11-F17 -> 1.0378861e+09 | G20: =G11-G17 -> 6.383474e+08 | H20: =SUM(B20:G20) -> 1.7310869e+10

Sheet REVOLVING LOAN 
B1: EKITI STATE OF NIGERIA
B2: FINANCIAL STATEMENTS FOR THE YEAR ENDED 31ST DECEMBER, 2018
B3: NOTES TO THE FINANCIAL STATEMENTS
B4: NOTE 34: ADVANCES (REVOLVING ADVANCES)
B6: DETAILS | C6: ₦ | D6: ₦ | E6: ₦
B7: CIVIL SERVANTS
B8: Housing Loan | C8: 1.4082804e+09
B9: Vehicle Loan | C9: 1.2876267e+09
B10: TOTAL | D10: =C9+C8 -> 2.6959071e+09
B11: SECONDARY SCHOOLS TEACHERS
B12: Housing Loan | C12: =127916633.58+206504026.9 -> 3.3442066e+08
B13: Vehicle Loan | C13: =128629714.5+139659075.63 -> 2.6828879e+08
B14: TOTAL | D14: =C13+C12 -> 6.0270945e+08
B15: LOAN TO OTHER TIERS OF GOVERNMENT
B16: Local Government (Bail-Out) | D16: =873075148.15-86505337.82-94369459.44 -> 6.9220035e+08
B17: GRAND TOTAL | E17: =D16+D14+D10 -> 3.9908169e+09
B18: INVESTMENTS (WEMA SHARES)
B19: DETAILS | C19: ₦ | D19: ₦ | E19: ₦
B20: Shares divested to Civil Servants etc | C20: 4.9974368e+08
B21: Add: Unalloted Shares | C21: 16256317
B22: Amount released by State Government | D22: =C21+C20 -> 516000000
B23: Less:
B24: Refunds (2007-2018) | D24: =438169.57+467174946.51 -> 4.6761312e+08
B25: BALANCE | E25: =D22-D24 -> 48386884

Sheet FIXED ASSETS
B1: EKITI STATE OF NIGERIA
B2: FINANCIAL STATEMENTS FOR THE YEAR ENDED 31ST DECEMBER, 2018
B3: NOTES TO THE FINANCIAL STATEMENTS
B4: NOTE 41: SCHEDULE OF EXPENDITURE CAPTURED IN PPE
B6: S/NO | C6: MDAs | D6: CLASSIFICATION | E6: DETAILS | F6: AMOUNT | G6: TOTAL
F7: ₦ | G7: ₦
B8: 1 | C8: MIN. OF WORKS | D8: LAND AND BUILDING | E8: Renovation of presidetial lodge | F8: 64610954
E9: Construction of new Govts. Office | F9: =25000000+91024654.64+78716196.63+195225900.24+123771653.09+66647261.75+94204088.76-195.03 -> 6.7458956e+08
E10: Construction of government house car park | F10: 5745912.1
E11: Rehabilitation of VIP lodge | F11: 2601288.6
E12: Construction of fence with gate | F12: 8293091.8
E13: Construction of old garage car park | F13: 11932826
E14: Renovation of high court road | F14: =69897208.5+4343925.4+27298804.08 -> 1.0153994e+08
E15: Construction of speaker resident | F15: =50000000+40000000+49298188.99+38767809.6 -> 1.78066e+08
E16: Construction of car park Fajuyi | F16: 34890690
E17: Demolition of Ojumose-Okesa Okeyinmi | F17: 28410385
E18: Demolition of building at Ijoka | F18: 17048361
E19: Construction of open shop at Okesa | F19: 35519695
E20: Renovation of governor PA's lodge | F20: 4529595
E21: Rehabilitation of Adetiloye hall | F21: =33102678.85+40000000+88601106.77 -> 1.6170379e+08
E22: Construction of new high court | F22: =106666787.02+200000000+230000000-70613280 -> 4.6605351e+08
E23: Construction of new ministry of finance | F23: 3.2524096e+08
E24: Construction of Govt. office internal road | F24: =75000000+100000000 -> 175000000
E25: Renovation of Finance & Admin Dept | F25: 4876720.5
E26: Replacement of Oluyemi Kayode roof | F26: 1618800
E27: Construction of car park | F27: 12484358
E28: Rehabilitation of deputy Govts house linking GRA | F28: 3041120.2
E29: Additional work on construction of new Govts house | F29: 81145352
E30: Construction of car park at Govts house gate Ado | F30: 6663378.8
E31: Construction of fence at D.Gov residence Ado | F31: 1474377
E32: Balance on consultancy service on construction | F32: 16139880
E33: Renovation of old Ministrry of Finance | F33: 32412956
E34: Renovation of Divan Adesua bulding Ado | F34: 33418257
E35: Renovation of the office Hill top bulding Ado | F35: 31181544
E36: Renovation of scops lodge Ado | F36: 9156315
... E40: Renovation of speakers residence charlet Ado | F40: 6927595.5
G41: =SUM(F8:F40) -> 2.6050803e+09
D42: INFRASTRUCTURE | E42: Procurement of additional 400pieces of led lamp | F42: 59600000
E43: Construction of Hope Paper Mills and Federal Housing Road | F43: 50000000
E44: Rehabilitation of Ado township | F44: 50000000
E45: Dualization of Ilawe township | F45: 1.7468616e+08
E46: Construction of Adebayo -Ori- Apata- Nova Road | F46: 2.4989654e+08
E47: Construction of Overhead bridge | F47: 2.6136487e+08
E48: Dualization of Ijero Township | F48: 1.9892526e+08
E49: Extension of Ado-Ikere dual carriage way phase ll | F49: 6.2523773e+08
E50: Fee for Consuitancy on Road project | F50: 19712749
E51: Rehabilitation of Iropora-Epe-Araromi-Ijero | F51: 16267597
E52: Rehabilitation of Igbemo-Ilumoba road | F52: 27717747
E53: Rehabilitation of Okemesi Osun Osun State border | F53: 98303145
E54: Rehabilitation of Ifaki-Orin-Ido road | F54: 95096138
... E91: Extensionb of Ado/Ikere dual carriage road | F91: 150000000
B92: 2 | E92: Construction of Internal road | F92: 81137650
E93: Dualization of Emure township road | F93: 64797885
E94: Dualization of Ise township road | F94: 60209896
E95: Dualization of sportless road | F95: 10423718
E96: Grading road withing Ado | F96: 5758399.5
E97: Construction of borehole | F97: 1800000
E98: Destilation of culvet | F98: 50240500
E99: Construction of Gifted internal road | F99: 72269050
E100: Destilation of culvet | F100: 56852476
E101: Construction of overhead bridge | F101: 500000000
E102: Construction of Otun-Ora road | F102: 50000000
E103: Auticultural work along Ikere road | F103: 8050289.1
E104: Maintenance of flower area along Ikere road | F104: 69601140
... E148: Consultancy for Gifted School in Afao | F148: 25000000
G149: =SUM(F42:F148) -> 8.3346927e+09
B150: 3 | D150: FURNITURE AND FITTINGS | E150: Fixed chairs use at new pavillion | F150: 3180000
E151: Amount approved for the furnishing of new Govt offfice | F151: 140000000
E152: Amount approved for the new high court complex | F152: 130613280
E153: Purchase of chairs at pavillion | F153: 5000000
E154: Furnishing of new Govt office Ado Ekiti | F154: =70613280+155068859 -> 225682139
B155: 4 | G155: =F150+F151+F152+F153+F154 -> 504475419
D156: PLANT & MACHINERY | E156: Procurement of 350 piecess of LED lamp | F156: 50000000
G157: =F156 -> 50000000
D158: TOTAL | G158: =G41+G149+G155+G157 -> 1.1494248e+10
C159: WATER CORPORATION | D159: PLANT AND MACHINERY | E159: Leakage electrical fault | F159: 2000000
G160: =F159 -> 2000000
D161: TOTAL | G161: =SUM(G159:G160) -> 2000000
C162: MINISTRY OF BUDGET | D162: INFRASTRUCTURE | E162: Construction of drains of the bureau of public procurement | F162: 4382006
E163: Additional work on the drainage, painting and landscaping. | F163: 2402812.8
G164: =F162+F163 -> 6784818.8
D165: TOTAL | G165: =SUM(G162:G164) -> 6784818.8
C166: MIN. OF LANDS | D166: INFRASTRUCTURE | E166: Compensation to owner of properties demolition | F166: 79980899
G167: =F166 -> 79980899
D168: TOTAL | G168: =SUM(G166:G167) -> 79980899
C169: SEPA | D169: INFRASTRUCTURE | E169: Construction of drainage and culvet | F169: 24964886
E170: Rehabilitation of street of Are-Iworoko road | F170: 3277032.9
E171: earth dredging of emirin stream channel | F171: 4002757.5
E172: rain storm at okesa | F172: 15600000
E173: flood and erosion control works in Ado | F173: 6000000
E174: construction pf land drain and culvert | F174: 4325430.9
E175: estimates/engineering design of flood & erosion | F175: 1233800
G176: =SUM(F169:F175) -> 59403908
D177: TOTAL | G177: =SUM(G176) -> 59403908
C178: ELECTRICITY BOARD | D178: INFRASTRUCTURE | E178: extension of low voltage network | F178: 12666150
E179: extension of power supply fof govt house | F179: 2500000
E180: extension of low voltage network | F180: 11673837
E181: extension of electricity & installation | F181: 33375236
E182: extension of electricity & installation at gifted schl. | F182: 34554535
G183: =SUM(F178:F182) -> 94769758
...

Sheet WIP
B1: EKITI STATE OF NIGERIA
B2: FINANCIAL STATEMENTS FOR THE YEAR ENDED 31ST DECEMBER, 2018
B3: NOTES TO THE FINANCIAL STATEMENTS
B4: NOTE 23: SCHEDULE OF FIXED ASSETS (WORK IN PROGRESS)
B6: S/NO | C6: MDAs | D6: CLASSIFICATION | E6: DETAILS | F6: AMOUNT | G6: TOTAL
F7: N | G7: N
B8: 1 | C8: Min. of Works | D8: Land and Building | E8: construction of modern Oja Oba market | F8: =100000000+416898562.5+480000000+300000000+28440086.5+1735560+250000000 -> 1577074209
G9: =SUM(F8:F8) -> 1577074209
E10: TOTAL | G10: =G9 -> 1577074209

Sheet ACCRUALS
B1: EKITI STATE OF NIGERIA
B2: FINANCIAL STATEMENTS FOR THE YEAR ENDED 31ST DECEMBER, 2018
B3: NOTES TO THE FINANCIAL STATEMENTS
B4: NOTE 24: UNREMITTED DEDUCTIONS | G4: SALARY
B5: S/NO | C5: DETAILS | D5: 31/12/18 | E5: 31/12/2017 | G5: BAL B/F | H5: 5.8189253e+09
D6: ₦ | E6: ₦ | G6: PERF A/C | H6: ='SALARIES '!F102 -> 1.7238669e+10
B7: 1 | C7: Unremitted Deductions from Salary | D7: ='SALARIES (CASH)'!F104 -> 1.7676519e+09 | E7: 1.2657507e+09 | G7: BANK | H7: ='SALARIES (CASH)'!F101 -> 1.8952642e+10
B8: 2 | C8: Unremitted Taxes (FIRS) | D8: 1.4327882e+08 | E8: 0 | G8: BAL C/D | H8: =H5+H6-H7 -> 4.1049521e+09
C9: TOTAL | D9: =SUM(D7:D8) -> 1.9109307e+09 | E9: =SUM(E7:E8) -> 1.2657507e+09
B10: NOTE 25: PAYABLES | H10: =E7-D7 -> -5.0190116e+08
B11: S/NO | C11: DETAILS | D11: 31/12/18 | E11: 31/12/2017
D12: ₦ | E12: ₦ | G12: PENSION
B13: 1 | C13: Salaries and Wages | D13: =H8 -> 4.1049521e+09 | E13: 5.8189253e+09 | G13: BAL B/F | H13: =E14 -> 1.5191196e+09
B14: 2 | C14: Pension | D14: =H16 -> 1.2068431e+09 | E14: 1.5191196e+09 | G14: PERF A/C | H14: 4.7280735e+09
B15: 3 | C15: 10% Contribution to CPS | D15: =H22 -> 78901417 | E15: 64505487 | G15: BANK | H15: 5040350114
B16: 4 | C16: Gratuities | D16: =H28 -> 1.2967805e+10 | E16: 1.0434373e+10 | G16: BAL C/D | H16: =H13+H14-H15 -> 1.2068431e+09
C17: TOTAL | D17: =SUM(D13:D16) -> 1.8358501e+10 | E17: =SUM(E13:E16) -> 1.7836924e+10
B18: NOTE 26: ACCRUED EXPENSES | G18: 10% CONTR.
B19: S/NO | C19: DETAILS | D19: 31/12/18 | E19: 31/12/2017 | G19: BAL B/F | H19: =E15 -> 64505487
D20: ₦ | E20: ₦ | G20: PERF A/C | H20: 1.2239593e+08
B21: 1 | C21: Overhead | D21: =H34 -> 0 | E21: 94850519 | G21: BANK | H21: 108000000
B22: 2 | C22: Transfer to Other Fund | D22: =H46 -> 0 | E22: 113597650 | G22: BAL C/D | H22: =H19+H20-H21 -> 78901417
B23: 3 | C23: Grants/Subventions | D23: =H40 -> 4.0477988e+09 | E23: 4.3342482e+09
C24: TOTAL | D24: =SUM(D21:D23) -> 4.0477988e+09 | E24: =SUM(E21:E23) -> 4.5426964e+09 | G24: GRATUITY
G25: BAL B/F | H25: =E16 -> 1.0434373e+10
G26: PERF A/C | H26: 2.7650211e+09
G27: BANK | H27: 2.3158979e+08
G28: BAL C/D | H28: =H25+H26-H27 -> 1.2967805e+10
G30: OVERHEAD
G31: BAL B/F | H31: =E21 -> 94850519
G32: PERF A/C | H32: 2.5206058e+09
G33: BANK | H33: 2.6154563e+09
G34: BAL C/D | H34: =H31+H32-H33 -> 0
G36: SUBVENTION
G37: BAL B/F | H37: =E23 -> 4.3342482e+09
G38: PERF A/C | H38: 1.4308929e+10
G39: BANK | H39: 1.4595378e+10
G40: BAL C/D | H40: =H37+H38-H39 -> 4.0477988e+09
G42: TOF
G43: BAL B/F | H43: 113597650
G44: PERF A/C | H44: 1.2016075e+10
G45: BANK | H45: 1.2129673e+10
G46: BAL C/D | H46: =H43+H44-H45 -> 0

Sheet F LOANS REPYT 
B1: EKITI STATE OF NIGERIA
B2: FINANCIAL STATEMENTS FOR THE YEAR ENDED 31ST DECEMBER, 2018
B3: NOTES TO THE FINANCIAL STATEMENTS
B4: NOTE 27: FACILITY REPAYMENT (FOREIGN LOAN DRAWN DOWN)
B6: S/NO | C6: HEADS | D6: OPENING BALANCE (2017 RATE) | E6: OPENING BALANCE (2018 RATE) | F6: ADDITIONAL LOAN | G6: TOTAL LOAN | H6: PRICIPAL PAYMENT | I6: INTEREST PAYMENT | J6: TOTAL PAYMENT | K6: TOTAL PAYMENT IN NAIRA | L6: CLOSING BALANCE | M6: CLOSING BALANCE 31/12/18
B7: A | C7: B | D7: C | E7: D | F7: E | G7: F=D+E | H7: G | I7: H | J7: I=G+H | K7: J | L7: K=F-G | M7: L=K*306
D8: $ | E8: $ | F8: $ | G8: $ | H8: $ | I8: $ | J8: $ | K8: N | L8: $ | M8: N
B9: 1 | C9: SNPFS-ADF | D9: 9845451 | E9: 9538840.3 | G9: =E9+F9 -> 9538840.3 | H9: 96351.93 | I9: 0 | J9: =I9+H9 -> 96351.93 | K9: 15512805 | L9: =G9-H9 -> 9442488.3 | M9: =L9*306 -> 2.8894014e+09
B10: 2 | C10: MULTI STATE AGRIC DEV. PROJ. (46%) | D10: 3914028.2 | E10: 3831653.6 | F10: 0 | G10: =E10+F10 -> 3831653.6 | H10: 589485.19 | I10: 27632.12 | J10: =I10+H10 -> 617117.31 | K10: 1.9385492e+08 | L10: =G10-H10 -> 3242168.5 | M10: =L10*306 -> 9.9210355e+08
B11: 3 | C11: COMM BASED POVERTY REDUCTION | D11: 8823110.7 | E11: 8637419.8 | F11: 0 | G11: =E11+F11 -> 8637419.8 | H11: 265201.2 | I11: 64283.4 | J11: =I11+H11 -> 329484.6 | K11: 1.0151498e+08 | L11: =G11-H11 -> 8372218.6 | M11: =L11*306 -> 2.5618989e+09
B12: 4 | C12: UNIVERSAL BASIC EDUCATION | D12: 2774322.6 | E12: 2774322.6 | F12: 0 | G12: =E12+F12 -> 2774322.6 | H12: 125000 | I12: 20573.04 | J12: =I12+H12 -> 145573.04 | K12: 44548948 | L12: =G12-H12 -> 2649322.6 | M12: =L12*306 -> 8.1069273e+08
B13: 5 | C13: HEALTH SYSTEM DEV. PROJ. (II) | D13: 2208993.4 | E13: 2165503 | F13: 0 | G13: =E13+F13 -> 2165503 | H13: 142168.96 | I13: 15952.21 | J13: =I13+H13 -> 158121.17 | K13: 48662101 | L13: =G13-H13 -> 2023334.1 | M13: =L13*306 -> 6.1914022e+08
B14: 6 | C14: HIV/AIDS PROGRAMME | D14: 1611658 | E14: 1577739.1 | F14: 0 | G14: =E14+F14 -> 1577739.1 | H14: 53398.46 | I14: 11732.91 | J14: =I14+H14 -> 65131.37 | K14: 20067112 | L14: =G14-H14 -> 1524340.6 | M14: =L14*306 -> 4.6644822e+08
B15: 7 | C15: 3RD NATIONAL FADAMA DEV. PROJECT | D15: 4061160.5 | E15: 3975689.4 | F15: 0 | G15: =E15+F15 -> 3975689.4 | H15: 39756.89 | I15: 29817.66 | J15: =I15+H15 -> 69574.55 | K15: 21637643 | L15: =G15-H15 -> 3935932.5 | M15: =L15*306 -> 1.2043954e+09
B16: 8 | C16: HEALTH SYSTEM DEV. PROJ. (ADD. FINANCE) | D16: 3196467 | E16: 3129194.2 | F16: 0 | G16: =E16+F16 -> 3129194.2 | H16: 32178.91 | I16: 23468.95 | J16: =I16+H16 -> 55647.86 | K16: 17491961 | L16: =G16-H16 -> 3097015.3 | M16: =L16*306 -> 9.4768669e+08
B17: 9 | C17: 2ND HIV/AIDS PROGRAMME | D17: 4540210.6 | E17: 4444657.4 | F17: 0 | G17: =E17+F17 -> 4444657.4 | H17: 0 | I17: 33334.93 | J17: =I17+H17 -> 33334.93 | K17: 10485939 | L17: =G17-H17 -> 4444657.4 | M17: =L17*306 -> 1.3600652e+09
B18: 10 | C18: STATE EDUCATION PROGRAM INV. PROJ. | D18: 32933320 | E18: 32933320 | F18: 11366674 | G18: =E18+F18 -> 44299994 | H18: 0 | I18: 292588.39 | J18: =I18+H18 -> 292588.39 | K18: 87788893 | L18: =G18-H18 -> 44299994 | M18: =L18*306 -> 1.3555798e+10
B19: 11 | C19: 3RD NATIONAL URBAN WATER SECTOR REFORM | D19: 4144838.5 | E19: 4057606.3 | F19: 19122520 | G19: =E19+F19 -> 23180126 | H19: 0 | I19: 121591.45 | J19: =I19+H19 -> 121591.45 | K19: 31426406 | L19: =G19-H19 -> 23180126 | M19: =L19*306 -> 7.0931186e+09
C20: TOTAL | D20: =SUM(D9:D19) -> 78053561 | E20: =SUM(E9:E19) -> 77065946 | F20: =SUM(F9:F19) -> 30489194 | G20: =SUM(G9:G19) -> 1.0755514e+08 | H20: =SUM(H9:H19) -> 1343541.5 | I20: =SUM(I9:I19) -> 640975.06 | J20: =SUM(J9:J19) -> 1984516.6 | K20: =SUM(K9:K19) -> 5.9299171e+08 | ... M20: =SUM(M9:M19) -> 3.2500749e+10
B22: NOTE 27: FACILITY REPAYMENT (FOREIGN LOAN DRAWN DOWN)
D24: $ | F24: N
C25: INTEREST PAYMENT | D25: =I20 -> 640975.06 | F25: =D25*298.8 -> 1.9152335e+08
C26: CAPITAL PAYMENT | D26: =H20 -> 1343541.5 | F26: =D26*298.8 -> 4.0145021e+08
C30: JANUARY-DECEMBER 2018
D31: N | G31: N
C32: BALANCE B/F | D32: 2.0748175e+10
C33: ADDITION | D33: ='FOREIGN&LLOCAL LOAN'!E11 -> 9.7095511e+09
C34: TOTAL | G34: =D32+D33 -> 3.0457726e+10
C35: LESS:
C36: PRINCIPAL REPAYMENT | G36: ='FAAC DEDUC '!D20-191523347.93 -> 4.2319634e+08
C37: BALANCE C/D | G37: =G34-G36 -> 3.003453e+10
E38: =G37 -> 3.003453e+10 | F38: =G36 -> 4.2319634e+08
C39: =G37 -> 3.003453e+10

Sheet D LOANS REPYT 
B1: EKITI STATE OF NIGERIA
B2: FINANCIAL STATEMENTS FOR THE YEAR ENDED 31ST DECEMBER, 2018
B3: NOTES TO THE FINANCIAL STATEMENTS
B4: NOTE 28: FACILITY REPAYMENT (DOMESTIC LOAN)
B6: S/NO | C6: HEADS | D6: OPENING BALANCE | E6: ADDITIONAL LOAN | F6: TOTAL LOAN | G6: PRINCIPAL PAYMENT | H6: INTEREST PAYMENT | I6: TOTAL PAYMENT | J6: CLOSING BALANCE
B7: A | C7: B | D7: C | E7: D | F7: E=C+D | G7: F | H7: G | I7: H=F+G | J7: I=E-F
D8: ₦ | E8: ₦ | F8: ₦ | G8: ₦ | H8: ₦ | I8: ₦ | J8: ₦
B9: 1 | C9: FGN BONDS | D9: 1.8379374e+10 | E9: 0 | F9: =E9+D9 -> 1.8379374e+10 | G9: 2.7004987e+08 | H9: 2.7077939e+09 | I9: =H9+G9 -> 2.9778438e+09 | J9: =F9-G9 -> 1.8109324e+10
B10: 2 | C10: BAIL OUT | D10: 9.1916475e+09 | E10: 0 | F10: =E10+D10 -> 9.1916475e+09 | G10: 2.7201269e+08 | H10: 7.6474062e+08 | I10: =H10+G10 -> 1.0367533e+09 | J10: =F10-G10 -> 8.9196348e+09
B11: 3 | C11: BOND PROCEEDS | D11: 7.2632572e+09 | E11: 0 | F11: =E11+D11 -> 7.2632572e+09 | G11: =3574771272+1229496000.12 -> 4.8042673e+09 | H11: 0 | I11: =H11+G11 -> 4.8042673e+09 | J11: =F11-G11 -> 2.4589899e+09
B12: 4 | C12: SKYE (SCOA) | D12: 110000000 | E12: 0 | F12: =E12+D12 -> 110000000 | G12: 0 | H12: 0 | I12: =H12+G12 -> 0 | J12: =F12-G12 -> 110000000
B13: 5 | C13: ACCESS (ECA) | D13: 9.657278e+09 | E13: 0 | F13: =E13+D13 -> 9.657278e+09 | G13: =219681194.33+87165121.01 -> 3.0684632e+08 | H13: =10620.22+860182658.03+272741318.03-16056.68 -> 1.1329185e+09 | I13: =H13+G13 -> 1.4397649e+09 | J13: =F13-G13 -> 9.3504317e+09
B14: 6 | C14: BUDGET SUPPORT FUND | D14: 16869000000 | E14: 0 | F14: =E14+D14 -> 16869000000 | G14: 0 | I14: =H14+G14 -> 0 | J14: =F14-G14 -> 16869000000
B15: 7 | C15: UBEC 2012/2015 | D15: 2.6877881e+09 | E15: 0 | F15: =E15+D15 -> 2.6877881e+09 | G15: 700000000 | I15: =H15+G15 -> 700000000 | J15: =F15-G15 -> 1.9877881e+09
B16: 8 | C16: NUWSRP- 3 | D16: 246675000 | E16: 0 | F16: =E16+D16 -> 246675000 | G16: 164450000 | H16: 0 | I16: =H16+G16 -> 164450000 | J16: =F16-G16 -> 82225000
B17: 9 | C17: FOSTERFIELD | D17: 0 | E17: 287500000 | F17: =E17+D17 -> 287500000 | G17: 287500000 | H17: =12500000+21346462.2 -> 33846462 | I17: =H17+G17 -> 3.2134646e+08 | J17: =F17-G17 -> 0
B18: 10 | C18: JAAC | D18: 240000000 | E18: 0 | F18: =E18+D18 -> 240000000 | G18: 60000000 | I18: =H18+G18 -> 60000000 | J18: =F18-G18 -> 180000000
C19: TOTAL | D19: =SUM(D9:D18) -> 6.464502e+10 | E19: =SUM(E9:E18) -> 287500000 | F19: =D19+E19 -> 6.493252e+10 | G19: =SUM(G9:G18) -> 6.8651262e+09 | H19: =SUM(H9:H18) -> 4.6392996e+09 | I19: =SUM(I9:I18) -> 1.1504426e+10 | J19: =F19-G19 -> 5.8067393e+10
H22: =I19-10063099044.92 -> 1.4413267e+09

Sheet ANNEXURE 1 
B1: EKITI STATE OF NIGERIA
B2: FINANCIAL STATEMENTS FOR THE YEAR ENDED 31ST DECEMBER, 2018
B3: ANNEXURE I: FUNCTIONAL SEGMENT REPORTS (ACTUAL CASH BASIS)
B5: LEVEL 1 | D5: LEVEL 2 | F5: LEVEL 3 | H5: ESTIMATE | I5: ACTUAL EXPEND. | J5: VARIANCE
B6: CODE | C6: DESCRIPTION | D6: CODE | E6: DESCRIPTION | F6: CODE | G6: DESCRIPTION | H6: 2018 | I6: 2018 | J6: 2018
H7: ₦ | I7: ₦ | J7: ₦
B8: 701 | C8: General public services | D8: 7011 | E8: Executive and legislative organs, financial and fiscal affairs, external affairs. | F8: 70111 | G8: EXECUTIVE ORGANS | H8: ='[1]ANNEXURE 2'!R61 -> 6.9771128e+09 | I8: ='[1]ANNEXURE 2'!M61 -> 3.7181428e+09 | J8: =H8-I8 -> 3.25897e+09
F9: 70111 | G9: LEGISLATIVE ORGANS | H9: ='[1]ANNEXURE 2'!R66 -> 1.4212153e+09 | I9: ='[1]ANNEXURE 2'!M66 -> 9.9438484e+08 | J9: =H9-I9 -> 4.2683043e+08
F10: 70112 | G10: FINANCIAL AND FISCAL AFFAIRS | H10: ='[1]ANNEXURE 2'!R97 -> 8.5054708e+09 | I10: ='[1]ANNEXURE 2'!M97 -> 1.2946711e+10 | J10: =H10-I10 -> -4.4412402e+09
F11: 70113 | G11: EXTERNAL AFFAIRS | H11: 0 | I11: 0 | J11: =H11-I11 -> 0
D12: 7012 | E12: Foreign economic aid. | F12: 70121 | G12: Economic aid to developing countries and countries in transition | H12: 0 | I12: 0 | J12: =H12-I12 -> 0
F13: 70122 | G13: ECONOMIC AID ROUTED THROUGH INTERNATIONAL ORGANIZATIONS | H13: ='[1]ANNEXURE 2'!R107 -> 49965166 | I13: ='[1]ANNEXURE 2'!M107 -> 12458744 | J13: =H13-I13 -> 37506421
D14: 7013 | E14: General services. | F14: 70131 | G14: GENERAL PERSONNEL SERVICES | H14: ='[1]ANNEXURE 2'!R126 -> 7.7961257e+09 | I14: ='[1]ANNEXURE 2'!M126 -> 5.8212308e+09 | J14: =H14-I14 -> 1.9748949e+09
F15: 70132 | G15: OVERALL PLANNING AND STATISTICAL SERVICES | H15: ='[1]ANNEXURE 2'!R132 -> 1.3068632e+09 | I15: ='[1]ANNEXURE 2'!M132 -> 30869706 | J15: =H15-I15 -> 1.2759935e+09
F16: 70133 | G16: OTHER GENERAL SERVICES | H16: ='[1]ANNEXURE 2'!R138 -> 1.2291294e+08 | I16: ='[1]ANNEXURE 2'!M138 -> 50731092 | J16: =H16-I16 -> 72181845
D17: 7014 | E17: Basic research. | F17: 70140 | G17: Basic research. | H17: 0 | I17: 0 | J17: =H17-I17 -> 0
D18: 7015 | E18: R&D general public services. | F18: 70150 | G18: R&D general public services. | H18: 0 | I18: 0 | J18: =H18-I18 -> 0
D19: 7016 | E19: General public services n.e.c. | F19: 70160 | G19: GENERAL PUBLIC SERVICES N.E.C. | H19: ='[1]ANNEXURE 2'!R146 -> 1.2047804e+09 | I19: ='[1]ANNEXURE 2'!M146 -> 6.8154655e+08 | J19: =H19-I19 -> 5.2323384e+08
D20: 7017 | E20: Public debt transactions. | F20: 70170 | G20: Public debt transactions. | H20: 0 | J20: =H20-I20 -> 0
D21: 7018 | E21: Transfers of a general character between different levels of government. | F21: 70180 | G21: Transfers of a general character between different levels of government. | H21: 0 | J21: =H21-I21 -> 0
B22: SUB TOTAL 701 | H22: =SUM(H8:H21) -> 2.7384446e+10 | I22: =SUM(I8:I21) -> 2.4256076e+10 | J22: =SUM(J8:J21) -> 3.1283707e+09
B23: 703 | C23: Public order and safety | D23: 7031 | E23: Police services. | F23: 70310 | G23: Police services. | H23: 0 | I23: 0 | J23: =H23-I23 -> 0
D24: 7032 | E24: Fire-protection services. | F24: 70320 | G24: FIRE PROTECTION SERVICES | H24: ='[1]ANNEXURE 2'!R150 -> 4803380.3 | I24: ='[1]ANNEXURE 2'!M150 -> 2400000 | J24: =H24-I24 -> 2403380.3
D25: 7033 | E25: Law courts. | F25: 70330 | G25: LAW COURTS | H25: ='[1]ANNEXURE 2'!R153 -> 1.3872169e+09 | I25: ='[1]ANNEXURE 2'!M153 -> 1025319698 | J25: =H25-I25 -> 3.6189717e+08
D26: 7034 | E26: Prisons. | F26: 70340 | G26: Prisons. | H26: 0 | J26: =H26-I26 -> 0
D27: 7035 | E27: R&D public order and safety. | F27: 70350 | G27: R&D public order and safety. | H27: 0 | J27: =H27-I27 -> 0
D28: 7036 | E28: Public order and safety n.e.c. | F28: 70360 | G28: Public order and safety n.e.c. | H28: 0 | J28: =H28-I28 -> 0
B29: SUB TOTAL 703 | H29: =SUM(H23:H28) -> 1.3920203e+09 | I29: =SUM(I23:I28) -> 1027719698 | J29: =SUM(J23:J28) -> 3.6430055e+08
B30: 704 | C30: Economic affairs | D30: 7041 | E30: General economic, commercial and labour affairs. | F30: 70411 | G30: GENERAL ECONOMIC AND COMMERCIALAFFAIRS | H30: ='[1]ANNEXURE 2'!R179 -> 3.3858892e+09 | I30: ='[1]ANNEXURE 2'!M179 -> 5.2229324e+08 | J30: =H30-I30 -> 2.8635959e+09
F31: 70412 | G31: GENERAL LABOUR AFFAIRS | H31: ='[1]ANNEXURE 2'!R182 -> 8.7709364e+08 | I31: ='[1]ANNEXURE 2'!M182 -> 683635710 | J31: =H31-I31 -> 1.9345793e+08
D32: 7042 | E32: Agriculture, forestry, fishing and hunting. | F32: 70421 | G32: AGRICULTURE | H32: ='[1]ANNEXURE 2'!R188 -> 1.1159678e+09 | I32: ='[1]ANNEXURE 2'!M188 -> 4.7407722e+08 | J32: =H32-I32 -> 6.4189054e+08
F33: 70422 | G33: FORESTRY | H33: ='[1]ANNEXURE 2'!R198 -> 5.1759602e+08 | I33: ='[1]ANNEXURE 2'!M198 -> 1.9128729e+08 | J33: =H33-I33 -> 3.2630873e+08
F34: 70423 | G34: Fishing and hunting | H34: 0 | I34: 0 | J34: =H34-I34 -> 0
D35: 7043 | E35: Fuel and energy. | F35: 70431 | G35: Coal and other solid mineral fuels | H35: 0 | I35: 0 | J35: =H35-I35 -> 0
F36: 70432 | G36: Petroleum and natural gas | H36: 0 | I36: 0 | J36: =H36-I36 -> 0
F37: 70433 | G37: Nuclear fuel | H37: 0 | I37: 0 | J37: =H37-I37 -> 0
F38: 70434 | G38: Other fuels | H38: 0 | I38: 0 | J38: =H38-I38 -> 0
F39: 70435 | G39: Electricity | H39: ='[1]ANNEXURE 2'!R201 -> 3.2263034e+08 | I39: ='[1]ANNEXURE 2'!M201 -> 3.2513816e+08 | J39: =H39-I39 -> -2507818.6
F40: 70436 | G40: Non-electric energy | H40: 0 | I40: 0 | J40: =H40-I40 -> 0
D41: 7044 | E41: Mining, manufacturing and construction. | F41: 70441 | G41: Mining of mineral resources other than mineral fuels | H41: 0 | I41: 0 | J41: =H41-I41 -> 0
F42: 70442 | G42: Manufacturing | H42: 0 | I42: 0 | J42: =H42-I42 -> 0
F43: 70443 | G43: Construction | H43: ='[1]ANNEXURE 2'!R206 -> 1.3891166e+10 | I43: ='[1]ANNEXURE 2'!M206 -> 6.709636e+09 | J43: =H43-I43 -> 7.1815297e+09
D44: 7045 | E44: Transport. | F44: 70451 | G44: Road transport | H44: ='[1]ANNEXURE 2'!R209 -> 1466182.4 | I44: ='[1]ANNEXURE 2'!M209 -> 624000 | J44: =H44-I44 -> 842182.38
F45: 70452 | G45: Water transport | H45: ='[1]ANNEXURE 2'!R211 -> 48061521 | I45: ='[1]ANNEXURE 2'!M211 -> 21975000 | J45: =H45-I45 -> 26086521
F46: 70453 | G46: Railway transport | H46: 0 | I46: 0 | J46: =H46-I46 -> 0
F47: 70454 | G47: Air transport | H47: 0 | I47: 0 | J47: =H47-I47 -> 0
F48: 70455 | G48: Pipeline and other transport | H48: 0 | I48: 0 | J48: =H48-I48 -> 0
D49: 7046 | E49: Communication. | F49: 70460 | G49: Communication. | H49: ='[1]ANNEXURE 2'!R217 -> 9.0577898e+08 | I49: ='[1]ANNEXURE 2'!M217 -> 3.6234372e+08 | J49: =H49-I49 -> 5.4343527e+08
D50: 7047 | E50: Other industries. | F50: 70471 | G50: Distributive trades, storage, and warehousing | H50: 0 | I50: 0 | J50: =H50-I50 -> 0
F51: 70472 | G51: Hotels and restaurants | H51: 0 | I51: 0 | J51: =H51-I51 -> 0
F52: 70473 | G52: Tourism | H52: 0 | I52: 0 | J52: =H52-I52 -> 0
F53: 70474 | G53: Multipurpose development projects | H53: 0 | I53: 0 | J53: =H53-I53 -> 0
D54: 7048 | E54: R&D economic affairs. | F54: 70481 | G54: R&D General economic, commercial, and labor | H54: 0 | I54: 0 | J54: =H54-I54 -> 0
F55: =F54+1 -> 70482 | G55: R&D Agriculture, forestry, fishing and hunting | H55: 0 | I55: 0 | J55: =H55-I55 -> 0
F56: =F55+1 -> 70483 | G56: R&D Fuel and energy | H56: 0 | I56: 0 | J56: =H56-I56 -> 0
F57: =F56+1 -> 70484 | G57: R&D Mining, manufacturing, and | H57: 0 | I57: 0 | J57: =H57-I57 -> 0
F58: =F57+1 -> 70485 | G58: R&D Transport | H58: 0 | I58: 0 | J58: =H58-I58 -> 0
F59: =F58+1 -> 70486 | G59: R&D Communication | H59: 0 | I59: 0 | J59: =H59-I59 -> 0
F60: =F59+1 -> 70487 | G60: R&D Other industries | H60: 0 | I60: 0 | J60: =H60-I60 -> 0
D61: 7049 | E61: Economic affairs n.e.c. | F61: 70490 | G61: Economic affairs | H61: 0 | I61: 0 | J61: =H61-I61 -> 0
B62: SUB TOTAL 704 | H62: =SUM(H30:H61) -> 2.1065649e+10 | I62: =SUM(I30:I61) -> 9.2910104e+09 | J62: =SUM(J30:J61) -> 1.1774639e+10
B63: 705 | C63: Environmental protection | D63: 7051 | E63: Waste management. | F63: 70510 | G63: Waste management. | H63: ='[1]ANNEXURE 2'!R222 -> 2.1026496e+08 | I63: ='[1]ANNEXURE 2'!M222 -> 1.4554408e+08 | J63: =H63-I63 -> 64720876
D64: 7052 | E64: Waste water management. | F64: 70520 | G64: Waste water management. | H64: 0 | I64: 0 | J64: =H64-I64 -> 0
D65: 7053 | E65: Pollution abatement. | F65: 70530 | G65: Pollution abatement | H65: 0 | I65: 0 | J65: =H65-I65 -> 0
D66: 7054 | E66: Protection of biodiversity and landscape. | F66: 70540 | G66: Protection of biodiversity and landscape. | H66: 0 | I66: 0 | J66: =H66-I66 -> 0
D67: 7055 | E67: R&D environmental protection. | F67: 70550 | G67: R&D environmental protection. | H67: 0 | I67: 0 | J67: =H67-I67 -> 0
D68: 7056 | E68: Environmental protection n.e.c. | F68: 70560 | G68: Environmental protection n.e.c. | H68: ='[1]ANNEXURE 2'!R225 -> 7.3629441e+08 | I68: ='[1]ANNEXURE 2'!M225 -> 2.644057e+08 | J68: =H68-I68 -> 4.7188871e+08
B69: SUB TOTAL 705 | H69: =SUM(H63:H68) -> 9.4655937e+08 | I69: =SUM(I63:I68) -> 4.0994979e+08 | J69: =SUM(J63:J68) -> 5.3660958e+08
B70: 706 | C70: Housing and community amenities | D70: 7061 | E70: Housing development. | F70: 70610 | G70: Housing development. | H70: ='[1]ANNEXURE 2'!R234 -> 6.3661588e+08 | I70: ='[1]ANNEXURE 2'!M234 -> 2.9513525e+08 | J70: =H70-I70 -> 3.4148063e+08
D71: 7062 | E71: Community development. | F71: 70620 | G71: Community development. | H71: ='[1]ANNEXURE 2'!R244 -> 2.9336836e+08 | I71: ='[1]ANNEXURE 2'!M244 -> 85840338 | J71: =H71-I71 -> 2.0752802e+08
D72: 7063 | E72: Water supply. | F72: 70630 | G72: Water supply. | H72: ='[1]ANNEXURE 2'!R251 -> 1.0295911e+09 | I72: ='[1]ANNEXURE 2'!M251 -> 2.7498764e+09 | J72: =H72-I72 -> -1.7202853e+09
D73: 7064 | E73: Street lighting. | F73: 70640 | G73: Street lighting. | H73: 0 | I73: 0 | J73: =H73-I73 -> 0
D74: 7065 | E74: R&D housing and community amenities. | F74: 70650 | G74: R&D housing and community amenities. | H74: 0 | I74: 0 | J74: =H74-I74 -> 0
D75: 7066 | E75: Housing and community amenities n.e.c. | F75: 70660 | G75: Housing and community amenities n.e.c. | H75: 0 | I75: 0 | J75: =H75-I75 -> 0
B76: SUB TOTAL 706 | H76: =SUM(H70:H75) -> 1.9595753e+09 | I76: =SUM(I70:I75) -> 3.130852e+09 | J76: =SUM(J70:J75) -> -1.1712767e+09
B77: 707 | C77: Health | D77: 7071 | E77: Medical products, appliances and equipment. | F77: 70711 | G77: Pharmaceutical products | H77: 0 | I77: 0 | J77: =H77-I77 -> 0
F78: =F77+1 -> 70712 | G78: Other medical products | H78: 0 | I78: 0 | J78: =H78-I78 -> 0
F79: =F78+1 -> 70713 | G79: Therapeutic appliances and equipment | H79: 0 | I79: 0 | J79: =H79-I79 -> 0
D80: 7072 | E80: Outpatient services. | F80: 70721 | G80: General medical services | H80: ='[1]ANNEXURE 2'!R259 -> 9.5989329e+08 | I80: ='[1]ANNEXURE 2'!M259 -> 3.7575518e+08 | J80: =H80-I80 -> 5.8413812e+08
F81: =F80+1 -> 70722 | G81: Specialized medical services | H81: 0 | I81: 0 | J81: =H81-I81 -> 0
F82: =F81+1 -> 70723 | G82: Dental services | H82: 0 | I82: 0 | J82: =H82-I82 -> 0
F83: =F82+1 -> 70724 | G83: Paramedical services | H83: 0 | I83: 0 | J83: =H83-I83 -> 0
D84: 7073 | E84: Hospital services. | F84: 70731 | G84: General hospital services | H84: ='[1]ANNEXURE 2'!R265 -> 6.5852602e+09 | I84: ='[1]ANNEXURE 2'!M265 -> 5.583945e+09 | J84: =H84-I84 -> 1.0013152e+09
F85: =F84+1 -> 70732 | G85: Specialized hospital services | H85: 0 | I85: 0 | J85: =H85-I85 -> 0
F86: =F85+1 -> 70733 | G86: Medical and maternity center services | H86: 0 | I86: 0 | J86: =H86-I86 -> 0
F87: =F86+1 -> 70734 | G87: Nursing and convalescent home | H87: ='[1]ANNEXURE 2'!R269 -> 6.5505165e+08 | I87: ='[1]ANNEXURE 2'!M269 -> 4.7164739e+08 | J87: =H87-I87 -> 1.8340426e+08
D88: 7074 | E88: Public health services. | F88: 70740 | G88: Public health services. | H88: 0 | I88: 0 | J88: =H88-I88 -> 0
D89: 7075 | E89: R&D health. | F89: 70750 | G89: R&D health. | H89: 0 | I89: 0 | J89: =H89-I89 -> 0
D90: 7076 | E90: Health n.e.c. | F90: 70760 | G90: Health n.e.c. | H90: 0 | I90: 0 | J90: =H90-I90 -> 0
B91: SUB TOTAL 707 | H91: =SUM(H77:H90) -> 8.2002051e+09 | I91: =SUM(I77:I90) -> 6.4313476e+09 | J91: =SUM(J77:J90) -> 1.7688575e+09
B92: 708 | C92: Recreation, culture and religion | D92: 7081 | E92: Recreational and sporting services. | F92: 70810 | G92: Recreational and sporting services. | H92: ='[1]ANNEXURE 2'!R281 -> 1.9659397e+08 | I92: ='[1]ANNEXURE 2'!M281 -> 2.3607597e+08 | J92: =H92-I92 -> -39481996
D93: 7082 | E93: Cultural services. | F93: 70820 | G93: Cultural services. | H93: ='[1]ANNEXURE 2'!R292 -> 7.1871292e+08 | I93: ='[1]ANNEXURE 2'!M292 -> 1.6851705e+08 | J93: =H93-I93 -> 5.5019587e+08
D94: 7083 | E94: Broadcasting and publishing services. | F94: 70830 | G94: Broadcasting and publishing services. | H94: ='[1]ANNEXURE 2'!R294 -> 1500000 | I94: ='[1]ANNEXURE 2'!M294 -> 0 | J94: =H94-I94 -> 1500000
D95: 7084 | E95: Religious and other community services. | F95: 70840 | G95: Religious and other community services. | H95: ='[1]ANNEXURE 2'!R297 -> 88100219 | I95: ='[1]ANNEXURE 2'!M297 -> 24480497 | J95: =H95-I95 -> 63619722
D96: 7085 | E96: R&D recreation, culture and religion. | F96: 70850 | G96: R&D recreation, culture and religion. | H96: 0 | I96: 0 | J96: =H96-I96 -> 0
D97: 7086 | E97: Recreation, culture and religion n.e.c. | F97: 70860 | G97: Recreation, culture and religion n.e.c. | H97: 0 | I97: 0 | J97: =H97-I97 -> 0
B98: SUB TOTAL 708 | H98: =SUM(H92:H97) -> 1.0049071e+09 | I98: =SUM(I92:I97) -> 4.2907352e+08 | J98: =SUM(J92:J97) -> 5.7583359e+08
B99: 709 | C99: Education | D99: 7091 | E99: Pre-primary and primary education. | F99: 70911 | G99: Pre-primary education | H99: 0 | I99: 0 | J99: =H99-I99 -> 0
F100: 70912 | G100: Primary education | H100: ='[1]ANNEXURE 2'!R303 -> 2.5374966e+09 | I100: ='[1]ANNEXURE 2'!M303 -> 5.8449902e+08 | J100: =H100-I100 -> 1.9529976e+09
D101: 7092 | E101: Secondary education. | F101: 70921 | G101: Lower-secondary education | H101: 0 | I101: 0 | J101: =H101-I101 -> 0
...

Sheet ANNEXURE 2 
B1: EKITI STATE OF NIGERIA
B2: FINANCIAL STATEMENTS FOR THE YEAR ENDED 31ST DECEMBER, 2018
B3: ANNEXURE II: DETAILS OF GOVERNMENT EXPENDITURE BY FUNCTION (ACTUAL CASH BASIS)
B5: FUNCTIONAL SEGMENT CODE | C5: HEAD/ SUB-HEAD | D5: MINISTRIES, DEPARTMENTS AND AGENCIES (MDAs) | E5: ACTUAL RECURRENT EXPENDITURE | F5: PERSONEL | G5: OVERHEAD | H5: TOF | I5: SUBVENTION | J5: TOF | K5: SOCIAL COST | L5: ACTUAL CAPITAL EXPENDITURE | M5: ACTUAL TOTAL EXPENDITURE | N5: SALARY BUDGET | R5: FINAL APPROVED BUDGET | S5: VARIANCE | T5: 5
E6: ₦ | F6: ₦ | G6: ₦ | H6: ₦ | I6: ₦ | J6: ₦ | K6: ₦ | L6: ₦ | M6: ₦ | R6: ₦ | S6: ₦ | T6: 6
B7: 70111 | C7: 459-0400 | D7: GOVERNOR OFFICE ( GAD ) | E7: =F7+G7+H7+I7+J7+K7 -> 3.4552737e+08 | F7: 1.2316495e+08 | G7: 19599913 | H7: 202762500 | L7: 1.6617294e+08 | M7: =L7+E7 -> 5.1170031e+08 | N7: 0 | R7: 1.7601766e+09 | S7: =R7-M7 -> 1.2484763e+09 | T7: 7
B8: 70111 | C8: 459-1001 | D8: EKITI STATE GOVERNORS LODGE, ABUJA | E8: =F8+G8+H8+I8+J8+K8 -> 2860000 | G8: 2860000 | M8: =L8+E8 -> 2860000 | N8: 0 | R8: 7937277.1 | S8: =R8-M8 -> 5077277.1 | T8: 8
B9: 70111 | C9: 459-1500 | D9: OFFIC OF THE DEPUTY GOVERNOR | E9: =F9+G9+H9+I9+J9+K9 -> 1.8670418e+08 | F9: 43303686 | G9: 143400490 | M9: =L9+E9 -> 1.8670418e+08 | N9: 0 | R9: 2.3237542e+08 | S9: =R9-M9 -> 45671242 | T9: 9
B10: 70111 | C10: 459-1002 | D10: EKITI STATE DEPUTY GOVERNORS LODGE, ABUJA | E10: =F10+G10+H10+I10+J10+K10 -> 1300000 | G10: 1300000 | M10: =L10+E10 -> 1300000 | R10: 3401690.2 | S10: =R10-M10 -> 2101690.2 | T10: 10
B11: 70111 | C11: 459-1605 | D11: OFFICE OF THE SPECIAL ADVISER,SENIOR SPECIAL ASSISTANTS AND SPECIAL ASSISTANTS TO THE GOVERNOR | E11: =F11+G11+H11+I11+J11+K11 -> 0 | M11: =L11+E11 -> 0 | R11: 0 | S11: =R11-M11 -> 0 | T11: 11
B12: 70111 | C12: 459-1606 | D12: OFFICE OF THE SPECIAL ADVISER GOVERNORS OFFICE (GH&P) | E12: =F12+G12+H12+I12+J12+K12 -> 0 | M12: =L12+E12 -> 0 | R12: 2535586.9 | S12: =R12-M12 -> 2535586.9 | T12: 12
B13: 70111 | C13: 459-1611 | D13: OFFICE OF THE SPECIAL ADVISER GOVERNMENT HOSUE AND PROTOCOL | E13: =F13+G13+H13+I13+J13+K13 -> 0 | M13: =L13+E13 -> 0 | S13: =R13-M13 -> 0 | T13: 13
B14: 70111 | C14: 459-1004 | D14: OFFICE OF THE SPECIAL ADVISER NATIONAL ASSEMBLY MATTERS | E14: =F14+G14+H14+I14+J14+K14 -> 0 | M14: =L14+E14 -> 0 | S14: =R14-M14 -> 0 | T14: 14
B15: 70111 | C15: 459-0407 | D15: OFFICE OF THE SPECIAL ADVISER LEGAL MATTERS | E15: =F15+G15+H15+I15+J15+K15 -> 0 | M15: =L15+E15 -> 0 | S15: =R15-M15 -> 0 | T15: 15
B16: 70111 | C16: 459-1612 | D16: OFFICE OF THE SPECIAL ADVISER SECURITY (GH&P) | E16: =F16+G16+H16+I16+J16+K16 -> 0 | M16: =L16+E16 -> 0 | S16: =R16-M16 -> 0 | T16: 16
B17: 70111 | C17: 459-3700 | D17: OFFICE OF THE SPECIAL ADVISER (REVENUE AND TAXTION) | E17: =F17+G17+H17+I17+J17+K17 -> 0 | M17: =L17+E17 -> 0 | S17: =R17-M17 -> 0 | T17: 17
B18: 70111 | D18: OFFICE OF THE SPECIAL ADVISER (MEDIA/CHIEF PRESS SECRETARY) | E18: =F18+G18+H18+I18+J18+K18 -> 0 | M18: =L18+E18 -> 0 | S18: =R18-M18 -> 0 | T18: 18
B19: 70111 | C19: 459-0412 | D19: OFFICE OF THE SPECIAL ADVISER (SPECIAL DUTIES) | E19: =F19+G19+H19+I19+J19+K19 -> 0 | M19: =L19+E19 -> 0 | S19: =R19-M19 -> 0 | T19: 19
B20: 70111 | D20: OFFICE OF THE SENIOR SPECIAL ASSISTANT GOVERNOR OFFICE | E20: =F20+G20+H20+I20+J20+K20 -> 0 | M20: =L20+E20 -> 0 | S20: =R20-M20 -> 0 | T20: 20
B21: 70111 | C21: 459-1603 | D21: OFFICE OF THE SENIOR SPECIAL ASSISTANT POLICY AND STRATEGY (GH&P) | E21: =F21+G21+H21+I21+J21+K21 -> 0 | M21: =L21+E21 -> 0 | S21: =R21-M21 -> 0 | T21: 21
B22: 70111 | C22: 459-1602 | D22: OFFICE OF THE SENIOR SPECIAL ASSISTANT CORPORATE SERVICES AND HUMAN RESOURCES | E22: =F22+G22+H22+I22+J22+K22 -> 0 | M22: =L22+E22 -> 0 | S22: =R22-M22 -> 0 | T22: 22
B23: 70111 | C23: 459-1608 | D23: OFFICE OF THE SENIOR SPECIAL ASSISTANT (GH&P) | E23: =F23+G23+H23+I23+J23+K23 -> 0 | M23: =L23+E23 -> 0 | S23: =R23-M23 -> 0 | T23: 23
B24: 70111 | C24: 459-2301 | D24: OFFICE OF THE SENIOR SPECIAL ASSISTANT ON PROJECT MONITORING | E24: =F24+G24+H24+I24+J24+K24 -> 0 | M24: =L24+E24 -> 0 | S24: =R24-M24 -> 0 | T24: 24
B25: 70111 | C25: 459-0411 | D25: OFFICE OF THE SPECIAL ASSISTANT (COPORATE MEDIA) | E25: =F25+G25+H25+I25+J25+K25 -> 0 | M25: =L25+E25 -> 0 | S25: =R25-M25 -> 0 | T25: 25
B26: 70111 | C26: 459-0401 | D26: OFFICE OF THE SPECIAL ASSISTANT (SPECIAL PROJECTS) | E26: =F26+G26+H26+I26+J26+K26 -> 0 | M26: =L26+E26 -> 0 | S26: =R26-M26 -> 0 | T26: 26
B27: 70111 | C27: 459-0403 | D27: OFFICE OF THE SPECIAL ASSISTANT (SPEECH AND COMMUNICATION) | E27: =F27+G27+H27+I27+J27+K27 -> 0 | M27: =L27+E27 -> 0 | S27: =R27-M27 -> 0 | T27: 27
B28: 70111 | C28: 459-1613 | D28: OFFICE OF THE SPECIAL ASSISTANT (VOLUNTEER CORPS -GH&P) | E28: =F28+G28+H28+I28+J28+K28 -> 0 | M28: =L28+E28 -> 0 | S28: =R28-M28 -> 0 | T28: 28
B29: 70111 | C29: 459-0410 | D29: OFFICE OF PRIVATE SECRETARY TO GOVERNOR (GH&P) | E29: =F29+G29+H29+I29+J29+K29 -> 0 | M29: =L29+E29 -> 0 | R29: 1020507.1 | S29: =R29-M29 -> 1020507.1 | T29: 29
B30: 70111 | C30: 459-0404 | D30: LEGISLATIVE AFFAIRS GOVERNORS OFFICE | E30: =F30+G30+H30+I30+J30+K30 -> 0 | M30: =L30+E30 -> 0 | S30: =R30-M30 -> 0 | T30: 30
B31: 70111 | C31: 459-5400 | D31: EKITI STATE BOUNDARY COMMISSION | E31: =F31+G31+H31+I31+J31+K31 -> 10391241 | F31: 9191241.1 | G31: 1200000 | M31: =L31+E31 -> 10391241 | R31: 22827775 | S31: =R31-M31 -> 12436534 | T31: 31
B32: 70111 | C32: 459-0413 | D32: GOVERNMENT ASSETS UNIT | E32: =F32+G32+H32+I32+J32+K32 -> 650000 | G32: 650000 | M32: =L32+E32 -> 650000 | R32: 2500000 | S32: =R32-M32 -> 1850000 | T32: 32
B33: 70111 | C33: 459-5901 | D33: BOUNDARY TECHNICAL COMMITTEE (D-GOV) | E33: =F33+G33+H33+I33+J33+K33 -> 0 | M33: =L33+E33 -> 0 | R33: 5669483.6 | S33: =R33-M33 -> 5669483.6 | T33: 33
B34: 70111 | C34: 458-1200 | D34: STATE EMERGENCY MANAGEMENT AGENCY (SEMA) | E34: =F34+G34+H34+I34+J34+K34 -> 27389127 | F34: 15229127 | G34: 660000 | H34: 11500000 | M34: =L34+E34 -> 27389127 | R34: 52717888 | S34: =R34-M34 -> 25328761 | T34: 34
B35: 70111 | C35: 459-0500 | D35: SECRETARY TO THE STATE GOVERNMENT (SSG) | E35: =F35+G35+H35+I35+J35+K35 -> 16543600 | G35: 16543600 | M35: =L35+E35 -> 16543600 | R35: 25000000 | S35: =R35-M35 -> 8456400 | T35: 35
B36: 70111 | C36: 459-5100 | D36: POLITICAL AND ECONOMIC AFFAIRS DEPARTMENT. | E36: =F36+G36+H36+I36+J36+K36 -> 4.9831757e+08 | F36: 57803946 | G36: 4160000 | H36: 4.3635362e+08 | L36: 1.6896552e+08 | M36: =L36+E36 -> 6.6728309e+08 | R36: 1.4602418e+09 | S36: =R36-M36 -> 7.9295875e+08 | T36: 36
B37: 70111 | C37: 459-5102 | D37: POLITICAL APPOINTEES | E37: =F37+G37+H37+I37+J37+K37 -> 6.8477862e+08 | F37: 6.8477862e+08 | M37: =L37+E37 -> 6.8477862e+08 | R37: 8.516412e+08 | S37: =R37-M37 -> 1.6686258e+08 | T37: 37
B38: 70111 | C38: 459-2002 | D38: SOUTH WEST GOVERNORS FORUM SECRETARIAT | E38: =F38+G38+H38+I38+J38+K38 -> 0 | M38: =L38+E38 -> 0 | S38: =R38-M38 -> 0 | T38: 38
B39: 70111 | C39: 452-0101 | D39: SPECIAL ECONOMIC FUND COMMITTEE | E39: =F39+G39+H39+I39+J39+K39 -> 0 | M39: =L39+E39 -> 0 | S39: =R39-M39 -> 0 | T39: 39
B40: 70111 | C40: 458-1101 | D40: SPECIAL DUTIES INTERVENT FUND | E40: =F40+G40+H40+I40+J40+K40 -> 0 | M40: =L40+E40 -> 0 | S40: =R40-M40 -> 0 | T40: 40
B41: 70111 | C41: 459-5500 | D41: BUREAU OF PUBLIC SERVICE REFORMS | E41: =F41+G41+H41+I41+J41+K41 -> 0 | M41: =L41+E41 -> 0 | S41: =R41-M41 -> 0 | T41: 41
B42: 70111 | C42: 459-4500 | D42: BUREAU OF TRANSFORMATION AND STRATEGY | E42: =F42+G42+H42+I42+J42+K42 -> 6000000 | G42: 6000000 | M42: =L42+E42 -> 6000000 | R42: 11633296 | S42: =R42-M42 -> 5633295.8 | T42: 42
B43: 70111 | C43: 455-0101 | D43: QUALITY ASSURANCE AGENCY | E43: =F43+G43+H43+I43+J43+K43 -> 0 | M43: =L43+E43 -> 0 | S43: =R43-M43 -> 0 | T43: 43
B44: 70111 | C44: 459-0101 | D44: EKITI STATE CITIZENS RIGHTS | E44: =F44+G44+H44+I44+J44+K44 -> 440000 | G44: 440000 | M44: =L44+E44 -> 440000 | R44: 1000000 | S44: =R44-M44 -> 560000 | T44: 44
B45: 70111 | C45: 459-4700 | D45: BUREAU OF SPECIAL PROJECTS | E45: =F45+G45+H45+I45+J45+K45 -> 0 | M45: =L45+E45 -> 0 | S45: =R45-M45 -> 0 | T45: 45
B46: 70111 | C46: 459-1700 | D46: OFFICE OF THE CHIEF OF STAFF | E46: =F46+G46+H46+I46+J46+K46 -> 2838723.3 | G46: 2838723.3 | M46: =L46+E46 -> 2838723.3 | R46: 3500000 | S46: =R46-M46 -> 661276.71 | T46: 46
B47: 70111 | C47: 459-3902 | D47: APPOINTMENT DEPARTMENT (CSC) | E47: =F47+G47+H47+I47+J47+K47 -> 1320000 | G47: 1320000 | M47: =L47+E47 -> 1320000 | R47: 1800000 | S47: =R47-M47 -> 480000 | T47: 47
B48: 70111 | C48: 459-1610 | D48: OFFICE OF THE DEPUTY CHIEF OF STAFF (GH AND PROTOCOL) | E48: =F48+G48+H48+I48+J48+K48 -> 0 | M48: =L48+E48 -> 0 | S48: =R48-M48 -> 0 | T48: 48
B49: 70111 | C49: 459-1501 | D49: OFFICE OF THE DEPUTY CHIEF OF STAFF (DEPUTY GOV OFFICE) | E49: =F49+G49+H49+I49+J49+K49 -> 0 | M49: =L49+E49 -> 0 | S49: =R49-M49 -> 0 | T49: 49
B50: 70111 | D50: OFFICE OF THE SPECIAL ADVISER,SENIOR SPECIAL ASSISTANTS AND SPECIAL ASSISTANTS TO THE DEPUTY GOVERNOR | E50: =F50+G50+H50+I50+J50+K50 -> 0 | M50: =L50+E50 -> 0 | S50: =R50-M50 -> 0 | T50: 50
B51: 70111 | C51: 459-1502 | D51: SENIOR EXECUTIVE ASSISTANT ON MEDIA (DEPUTY GOV OFFICE) | E51: =F51+G51+H51+I51+J51+K51 -> 0 | M51: =L51+E51 -> 0 | S51: =R51-M51 -> 0 | T51: 51
B52: 70111 | C52: 459-1600 | D52: GOVERNMENT HOUSE PROTOCOL | E52: =F52+G52+H52+I52+J52+K52 -> 1.2210659e+09 | F52: 1.4461592e+08 | G52: 1076450000 | L52: 3.193939e+08 | M52: =L52+E52 -> 1.5404598e+09 | R52: 2.1369565e+09 | S52: =R52-M52 -> 5.9649668e+08 | T52: 52
B53: 70111 | C53: 459-1604 | D53: DEPARTMENT OF INTERNAL SECURITY (GH&P) | E53: =F53+G53+H53+I53+J53+K53 -> 0 | M53: =L53+E53 -> 0 | S53: =R53-M53 -> 0 | T53: 53
B54: 70111 | C54: 459-1607 | D54: INFRASTRUCTURE UNIT (GH&P) | E54: =F54+G54+H54+I54+J54+K54 -> 0 | M54: =L54+E54 -> 0 | S54: =R54-M54 -> 0 | T54: 54
B55: 70111 | C55: 459-1614 | D55: MAINTENANCE OF GOVERNORS LODGE | E55: =F55+G55+H55+I55+J55+K55 -> 0 | M55: =L55+E55 -> 0 | R55: 3061521.1 | S55: =R55-M55 -> 3061521.1 | T55: 55
B56: 70111 | C56: 459-3001 | D56: MAINTENANCE OF EXCO CHAMBERS | E56: =F56+G56+H56+I56+J56+K56 -> 2975200 | G56: 2975200 | M56: =L56+E56 -> 2975200 | R56: 3061521.1 | S56: =R56-M56 -> 86321.15 | T56: 56
B57: 70111 | C57: 459-3000 | D57: CABINET DEPARTMENT GOV. OFFICE | E57: =F57+G57+H57+I57+J57+K57 -> 52532892 | F57: 36675892 | G57: 15857000 | M57: =L57+E57 -> 52532892 | R57: 3.8105474e+08 | S57: =R57-M57 -> 3.2852184e+08 | T57: 57
B58: 70111 | D58: FOREIGN LOAN DRAW DOWN | E58: =F58+G58+H58+I58+J58+K58 -> 0 | M58: =L58+E58 -> 0 | R58: 0 | S58: =R58-M58 -> 0 | T58: 58
B59: 70111 | D59: LEAVE & XMAS BONUS ( INCLUDING OUTSTANDING DEDUCTIONS) | E59: =F59+G59+H59+I59+J59+K59 -> 0 | M59: =L59+E59 -> 0 | S59: =R59-M59 -> 0 | T59: 59
B60: 70111 | C60: 459-1609 | D60: CHIEF PRESS SECRETARY/ SA MEDIA | E60: =F60+G60+H60+I60+J60+K60 -> 1976000 | G60: 1976000 | M60: =L60+E60 -> 1976000 | R60: 7000000 | S60: =R60-M60 -> 5024000 | T60: 60
D61: SUB TOTAL 70111 | E61: =SUM(E7:E60) -> 3.0636104e+09 | F61: =SUM(F7:F60) -> 1.1147634e+09 | G61: =SUM(G7:G60) -> 1.2982309e+09 | H61: =SUM(H7:H60) -> 6.5061612e+08 | I61: =SUM(I7:I60) -> 0 | J61: =SUM(J7:J60) -> 0 | K61: =SUM(K7:K60) -> 0 | L61: =SUM(L7:L60) -> 6.5453236e+08 | M61: =SUM(M7:M60) -> 3.7181428e+09 | R61: =SUM(R7:R60) -> 6.9771128e+09 | S61: =SUM(S7:S60) -> 3.25897e+09 | T61: 61
B62: 70111 | D62: STATE ASSEMBLY | E62: =F62+G62+H62+I62+J62+K62 -> 0 | M62: =L62+E62 -> 0 | S62: =R62-M62 -> 0 | T62: 62
B63: 70111 | C63: 459-2100 | D63: HOUSE OF ASSEMBLY | E63: =F63+G63+H63+I63+J63+K63 -> 9.8788484e+08 | F63: 4.2561476e+08 | G63: 537120000 | H63: 25150078 | M63: =L63+E63 -> 9.8788484e+08 | N63: 0 | R63: 1.3285458e+09 | S63: =R63-M63 -> 3.4066094e+08 | T63: 63
B64: 70111 | C64: 459-2200 | D64: HOUSE OF ASSEMBLY SERVIE COMMISSION | E64: =F64+G64+H64+I64+J64+K64 -> 6500000 | G64: 6500000 | M64: =L64+E64 -> 6500000 | R64: 92669484 | S64: =R64-M64 -> 86169484 | T64: 64
B65: 70111 | C65: 459-2102 | D65: REGIONAL LEGISLATIVE FORUM | E65: =F65+G65+H65+I65+J65+K65 -> 0 | M65: =L65+E65 -> 0 | S65: =R65-M65 -> 0 | T65: 65
D66: SUB TOTAL 70111 | E66: =SUM(E63:E65) -> 9.9438484e+08 | F66: =SUM(F63:F65) -> 4.2561476e+08 | G66: =SUM(G63:G65) -> 543620000 | H66: =SUM(H63:H65) -> 25150078 | I66: =SUM(I63:I65) -> 0 | J66: =SUM(J63:J65) -> 0 | K66: =SUM(K63:K65) -> 0 | L66: =SUM(L63:L65) -> 0 | M66: =SUM(M63:M65) -> 9.9438484e+08 | R66: =SUM(R63:R65) -> 1.4212153e+09 | S66: =SUM(S63:S65) -> 4.2683043e+08 | T66: 66
B67: 70112 | C67: 459-0700 | D67: BUREAU OF PUBLIC PROCUREMENT (BPP) | E67: =F67+G67+H67+I67+J67+K67 -> 2270000 | G67: 2270000 | L67: 2000000 | M67: =L67+E67 -> 4270000 | R67: 16303380 | S67: =R67-M67 -> 12033380 | T67: 67
B68: 70112 | C68: 459-3108 | D68: STATE PROJECTS MONITORING AND EVALUATION OFFICE | E68: =F68+G68+H68+I68+J68+K68 -> 1200000 | G68: 1200000 | M68: =L68+E68 -> 1200000 | R68: 4000000 | S68: =R68-M68 -> 2800000 | T68: 68
B69: 70112 | C69: 459-070 | D69: SUPERVISION AND MONITORING OF PROJECT (BPP) | E69: =F69+G69+H69+I69+J69+K69 -> 3300000 | G69: 3300000 | M69: =L69+E69 -> 3300000 | R69: 5500000 | S69: =R69-M69 -> 2200000 | T69: 69
B70: 70112 | C70: 459-5902 | D70: PROJECT EVALUATION COMMITTEE | E70: =F70+G70+H70+I70+J70+K70 -> 900000 | G70: 900000 | M70: =L70+E70 -> 900000 | R70: 1700845.1 | S70: =R70-M70 -> 800845.09 | T70: 70
B71: 70112 | C71: 459-3300 | D71: PROJECT MONITORING COMMITTEE | E71: =F71+G71+H71+I71+J71+K71 -> 2400000 | G71: 2400000 | M71: =L71+E71 -> 2400000 | R71: 3500000 | S71: =R71-M71 -> 1100000 | T71: 71
B72: 70112 | C72: 459-2800 | D72: STATE AUDITOR GENERAL OFFICE | E72: =F72+G72+H72+I72+J72+K72 -> 1.0094923e+08 | F72: 86361734 | G72: 12125000 | H72: 2462500 | M72: =L72+E72 -> 1.0094923e+08 | N72: 0 | R72: 1.492137e+08 | S72: =R72-M72 -> 48264463 | T72: 72
B73: 70112 | C73: 459-2803 | D73: MONITORING AND SPECIAL AUDIT DEPARTMENT | E73: =F73+G73+H73+I73+J73+K73 -> 1300000 | G73: 1300000 | M73: =L73+E73 -> 1300000 | R73: 2000000 | S73: =R73-M73 -> 700000 | T73: 73
B74: 70112 | C74: 459-2805 | D74: AUDITING OF ALL SECONDARY SCHOOL | E74: =F74+G74+H74+I74+J74+K74 -> 3600000 | G74: 3600000 | M74: =L74+E74 -> 3600000 | R74: 6000000 | S74: =R74-M74 -> 2400000 | T74: 74
B75: 70112 | C75: 459-2900 | D75: OFFICE OF THE AUDITOR GENERAL FOR LOCAL GOVERNMENT | E75: =F75+G75+H75+I75+J75+K75 -> 51753187 | F75: 43913187 | G75: 7500000 | H75: 340000 | M75: =L75+E75 -> 51753187 | N75: 0 | R75: 90184121 | S75: =R75-M75 -> 38430934 | T75: 75
B76: 70112 | C76: 453-0400 | D76: MINISTRY OF FINANCE AND ECONOMIC DEVELOPMENT | E76: =F76+G76+H76+I76+J76+K76 -> 1.2214033e+10 | F76: 2.2304163e+08 | G76: 58933500 | H76: 6.6717463e+09 | K76: =193278818.27+236210068.33+191523347.93+4639299568.23 -> 5.2603118e+09 | M76: =L76+E76 -> 1.2214033e+10 | N76: 0 | R76: 7.1345491e+09 | S76: =R76-M76 -> -5.0794841e+09 | T76: 76
B77: 70112 | C77: 453-0403 | D77: DEBT MANAGEMENT OFFICE | E77: =F77+G77+H77+I77+J77+K77 -> 2990000 | G77: 2990000 | M77: =L77+E77 -> 2990000 | R77: 3401690.2 | S77: =R77-M77 -> 411690.17 | T77: 77
B78: 70112 | C78: 459-3104 | D78: BUDGETDEPARTMENT | E78: =F78+G78+H78+I78+J78+K78 -> 3240000 | G78: 3240000 | M78: =L78+E78 -> 3240000 | R78: 1.0000026e+08 | S78: =R78-M78 -> 96760259 | T78: 78
B79: 70112 | C79: 453-0405 | D79: EXPENDITURE DEPARTMENT | E79: =F79+G79+H79+I79+J79+K79 -> 4550000 | G79: 4550000 | M79: =L79+E79 -> 4550000 | R79: 5669483.6 | S79: =R79-M79 -> 1119483.6 | T79: 79
